Workbook

Sheet Instructions
A2: LOYOLA UNIVERSITY CHICAGO
A3: ACADEMIC AFFAIRS - PROGRAM DEVELOPMENT
A4: BUDGET TEMPLATE INSTRUCTIONS
A9: The "Budget Development Template" is meant to serve as a platform guide for users to prepare a "Five Year Business Plan". The goal of providing users with this standard
A10: template is to help them prepare the financial projections and understand the total budget impact in terms of revenues & expenses related to each new program proposal.
A11: The "Five Year Business Plan" should also include a summarized narrative underlying assumptions used in the budget preparation.
A13: Budget Development Completion Process
A14: Step 1
A15: Revenue Detail Tab - requires information on enrollment by semester/class/year, and pricing (number of credits per class, dollar amount per credit hour, fees per student and
A16: funded scholarship requests).
A17: * For existing programs that require modification, start under "Current Fiscal Year"
A18: > Enter current enrollment, credit hours per class, dollar amount per credit hour, total fees per student and funded scholarships request
... A52: Summary II Tab - provides a five year projection of total enrollment, revenue, and expense related to the program development proposal.

Sheet Summary I - Incremental Rev&Exp
A2: LOYOLA UNIVERSITY CHICAGO
A3: ACADEMIC AFFAIRS - PROGRAM DEVELOPMENT
A4: FIVE YEAR BUSINESS PLAN - TOTAL INCREMENTAL REVENUE & EXPENSE
A5: SUMMARY I
A7: Program Name | P7: Notes / Assumptions
D8: FY 1 | F8: FY 2 | H8: FY 3 | J8: FY 4 | L8: FY 5 | N8: 5 Year Total
A9: Incremental Enrollment Projection
B10: Additional Full Time Students | D10: ='Revenue Detail'!Y25 -> 0 | F10: ='Revenue Detail'!$AS$25 -> 0 | H10: ='Revenue Detail'!$BM$25 -> 0 | J10: ='Revenue Detail'!$CG$25 -> 0 | L10: ='Revenue Detail'!$DA$25 -> 0 | N10: =SUM(D10:L10) -> 0
B11: Additional Part Time Students | D11: ='Revenue Detail'!Y42 -> 0 | F11: ='Revenue Detail'!$AS$42 -> 0 | H11: ='Revenue Detail'!$BM$42 -> 0 | J11: ='Revenue Detail'!$CG$42 -> 0 | L11: ='Revenue Detail'!$DA$42 -> 0 | N11: =SUM(D11:L11) -> 0
B12: Additional Graduate Students | D12: ='Revenue Detail'!Y55 -> 0 | F12: ='Revenue Detail'!$AS$55 -> 0 | H12: ='Revenue Detail'!$BM$55 -> 0 | J12: ='Revenue Detail'!$CG$55 -> 0 | L12: ='Revenue Detail'!$DA$55 -> 0 | N12: =SUM(D12:L12) -> 0
B13: Certificate Students | D13: ='Revenue Detail'!Y69 -> 0 | F13: ='Revenue Detail'!AS69 -> 0 | H13: ='Revenue Detail'!BM69 -> 0 | J13: ='Revenue Detail'!CG69 -> 0 | L13: ='Revenue Detail'!DA69 -> 0 | N13: =SUM(D13:L13) -> 0
B14: J-Term Students | D14: ='Revenue Detail'!Y73 -> 0 | F14: ='Revenue Detail'!$AS$73 -> 0 | H14: ='Revenue Detail'!$BM$73 -> 0 | J14: ='Revenue Detail'!$CG$73 -> 0 | L14: ='Revenue Detail'!$DA$73 -> 0 | N14: =SUM(D14:L14) -> 0
B15: Summer Students | D15: ='Revenue Detail'!Y78 -> 0 | F15: ='Revenue Detail'!$AS$78 -> 0 | H15: ='Revenue Detail'!$BM$78 -> 0 | J15: ='Revenue Detail'!$CG$78 -> 0 | L15: ='Revenue Detail'!$DA$78 -> 0 | N15: =SUM(D15:L15) -> 0
A16: Total Incremental Students | D16: =SUM(D10:D15) -> 0 | F16: =SUM(F10:F15) -> 0 | H16: =SUM(H10:H15) -> 0 | J16: =SUM(J10:J15) -> 0 | L16: =SUM(L10:L15) -> 0 | N16: =SUM(N10:N15) -> 0
A18: Incremental Revenues
A19: Tuition and Fees
B20: Undergraduate Tuition - FT | D20: ='Revenue Detail'!$AB$25 -> 0 | F20: ='Revenue Detail'!$AV$25 -> 0 | H20: ='Revenue Detail'!$BP$25 -> 0 | J20: ='Revenue Detail'!$CJ$25 -> 0 | L20: ='Revenue Detail'!$DD$25 -> 0 | N20: =SUM(D20:L20) -> 0
B21: Undergraduate Tuition - PT | D21: ='Revenue Detail'!$AB$42 -> 0 | F21: ='Revenue Detail'!$AV$42 -> 0 | H21: ='Revenue Detail'!$BP$42 -> 0 | J21: ='Revenue Detail'!$CJ$42 -> 0 | L21: ='Revenue Detail'!$DD$42 -> 0 | N21: =SUM(D21:L21) -> 0
B22: Graduate Tuition | D22: ='Revenue Detail'!$AB$55 -> 0 | F22: ='Revenue Detail'!$AV$55 -> 0 | H22: ='Revenue Detail'!$BP$55 -> 0 | J22: ='Revenue Detail'!$CJ$55 -> 0 | L22: ='Revenue Detail'!$DD$55 -> 0 | N22: =SUM(D22:L22) -> 0
B23: Certificate Tuition | D23: ='Revenue Detail'!$AB$69 -> 0 | F23: ='Revenue Detail'!$AV$69 -> 0 | H23: ='Revenue Detail'!$BP$69 -> 0 | J23: ='Revenue Detail'!$CJ$69 -> 0 | L23: ='Revenue Detail'!$DD$69 -> 0 | N23: =SUM(D23:L23) -> 0
B24: J-Term | D24: ='Revenue Detail'!$AB$73 -> 0 | F24: ='Revenue Detail'!$AV$73 -> 0 | H24: ='Revenue Detail'!$BP$73 -> 0 | J24: ='Revenue Detail'!$CJ$73 -> 0 | L24: ='Revenue Detail'!$DD$73 -> 0 | N24: =SUM(D24:L24) -> 0
B25: Summer Tuition | D25: ='Revenue Detail'!$AB$78 -> 0 | F25: ='Revenue Detail'!$AV$78 -> 0 | H25: ='Revenue Detail'!$BP$78 -> 0 | J25: ='Revenue Detail'!$CJ$78 -> 0 | L25: ='Revenue Detail'!$DD$78 -> 0 | N25: =SUM(D25:L25) -> 0
B26: Fees | D26: ='Revenue Detail'!$AC$88 -> 0 | F26: ='Revenue Detail'!$AW$88 -> 0 | H26: ='Revenue Detail'!$BQ$88 -> 0 | J26: ='Revenue Detail'!$CK$88 -> 0 | L26: ='Revenue Detail'!$DE$88 -> 0 | N26: =SUM(D26:L26) -> 0
B27: Adj. for Attrition (if applicable) | D27: ='Revenue Detail'!AF88 -> 0 | F27: ='Revenue Detail'!AZ88 -> 0 | H27: ='Revenue Detail'!BT88 -> 0 | J27: ='Revenue Detail'!CN88 -> 0 | L27: ='Revenue Detail'!DH88 -> 0 | N27: =SUM(D27:L27) -> 0
B28: Other Income | N28: =SUM(D28:L28) -> 0
A29: Total Incremental Tuition and Fees | D29: =SUM(D20:D28) -> 0 | F29: =SUM(F20:F28) -> 0 | H29: =SUM(H20:H28) -> 0 | J29: =SUM(J20:J28) -> 0 | L29: =SUM(L20:L28) -> 0 | N29: =SUM(N20:N28) -> 0
A31: Incremental Funded Scholarship Requests
B32: Undergraduate | D32: ='Revenue Detail'!AD25+'Revenue Detail'!AD42+'Revenue Detail'!AD69+'Revenue Detail'!AD73+'Revenue Detail'!AD78 -> 0 | F32: ='Revenue Detail'!AX25+'Revenue Detail'!AX42+'Revenue Detail'!AX69+'Revenue Detail'!AX73+'Revenue Detail'!AX78 -> 0 | H32: ='Revenue Detail'!BR25+'Revenue Detail'!BR42+'Revenue Detail'!BR69+'Revenue Detail'!BR73+'Revenue Detail'!BR78 -> 0 | J32: ='Revenue Detail'!CL25+'Revenue Detail'!CL42+'Revenue Detail'!CL42+'Revenue Detail'!CL73+'Revenue Detail'!CL78 -> 0 | L32: ='Revenue Detail'!DF25+'Revenue Detail'!DF42+'Revenue Detail'!DF69+'Revenue Detail'!DF73+'Revenue Detail'!DF78 -> 0 | N32: =D32+F32+H32+J32+L32 -> 0
B33: Graduate | D33: ='Revenue Detail'!$AD$55 -> 0 | F33: ='Revenue Detail'!$AX$55 -> 0 | H33: ='Revenue Detail'!$BR$55 -> 0 | J33: ='Revenue Detail'!$CL$55 -> 0 | L33: ='Revenue Detail'!$DF$55 -> 0 | N33: =D33+F33+H33+J33+L33 -> 0
B34: Other Scholarships | N34: =D34+F34+H34+J34+L34 -> 0
B35: Total Scholarships* | D35: =SUM(D32:D34) -> 0 | F35: =SUM(F32:F34) -> 0 | H35: =SUM(H32:H34) -> 0 | J35: =SUM(J32:J34) -> 0 | L35: =SUM(L32:L34) -> 0 | N35: =SUM(N32:N34) -> 0
A37: Total Net Revenues | D37: =D29-D35 -> 0 | F37: =F29-F35 -> 0 | H37: =H29-H35 -> 0 | J37: =J29-J35 -> 0 | L37: =L29-L35 -> 0 | N37: =N29-N35 -> 0
A39: Incremental Expenses
A40: Salary and Benefit Expense
B41: Full Time Faculty | D41: ='Salary Detail'!$N$26 -> 0 | F41: ='Salary Detail'!$X$26 -> 0 | H41: ='Salary Detail'!$AH$26 -> 0 | J41: ='Salary Detail'!$AR$26 -> 0 | L41: ='Salary Detail'!$BB$26 -> 0 | N41: =SUM(D41:L41) -> 0
B42: Part Time Faculty | D42: ='Salary Detail'!$N$43 -> 0 | F42: ='Salary Detail'!$X$43 -> 0 | H42: ='Salary Detail'!$AH$43 -> 0 | J42: ='Salary Detail'!$AR$43 -> 0 | L42: ='Salary Detail'!$BB$43 -> 0 | N42: =SUM(D42:L42) -> 0
B43: Full Time Staff | D43: ='Salary Detail'!$N$60 -> 0 | F43: ='Salary Detail'!$X$60 -> 0 | H43: ='Salary Detail'!$AH$60 -> 0 | J43: ='Salary Detail'!$AR$60 -> 0 | L43: ='Salary Detail'!$BB$60 -> 0 | N43: =SUM(D43:L43) -> 0
B44: Part Time Staff | D44: ='Salary Detail'!$N$78 -> 0 | F44: ='Salary Detail'!$X$78 -> 0 | H44: ='Salary Detail'!$AH$78 -> 0 | J44: ='Salary Detail'!$AR$78 -> 0 | L44: ='Salary Detail'!$BB$78 -> 0 | N44: =SUM(D44:L44) -> 0
B45: Supplemental Salary | D45: ='Salary Detail'!$N$96 -> 0 | F45: ='Salary Detail'!$X$96 -> 0 | H45: ='Salary Detail'!$AH$96 -> 0 | J45: ='Salary Detail'!$AR$96 -> 0 | L45: ='Salary Detail'!$BB$96 -> 0 | N45: =SUM(D45:L45) -> 0
B46: Grad Student Stipend | D46: ='Salary Detail'!$N$114 -> 0 | F46: ='Salary Detail'!$X$114 -> 0 | H46: ='Salary Detail'!$AH$114 -> 0 | J46: ='Salary Detail'!$AR$114 -> 0 | L46: ='Salary Detail'!$BB$114 -> 0 | N46: =SUM(D46:L46) -> 0
B47: Student Workers | D47: ='Salary Detail'!$N$132 -> 0 | F47: ='Salary Detail'!$X$132 -> 0 | H47: ='Salary Detail'!$AH$132 -> 0 | J47: ='Salary Detail'!$AR$132 -> 0 | L47: ='Salary Detail'!$BB$132 -> 0 | N47: =SUM(D47:L47) -> 0
B48: Benefits - FT Faculty | D48: ='Salary Detail'!$O$26 -> 0 | F48: ='Salary Detail'!$Y$26 -> 0 | H48: ='Salary Detail'!$AI$26 -> 0 | J48: ='Salary Detail'!$AS$26 -> 0 | L48: ='Salary Detail'!$BC$26 -> 0 | N48: =SUM(D48:L48) -> 0
B49: Benefits - PT Faculty | D49: ='Salary Detail'!$O$43 -> 0 | F49: ='Salary Detail'!$Y$43 -> 0 | H49: ='Salary Detail'!$AI$43 -> 0 | J49: ='Salary Detail'!$AS$43 -> 0 | L49: ='Salary Detail'!$BC$43 -> 0 | N49: =SUM(D49:L49) -> 0
B50: Benefits - FT Staff | D50: ='Salary Detail'!$O$60+'Salary Detail'!O96 -> 0 | F50: ='Salary Detail'!$Y$60+'Salary Detail'!Y96 -> 0 | H50: ='Salary Detail'!AI60+'Salary Detail'!AI96 -> 0 | J50: ='Salary Detail'!$AS$60+'Salary Detail'!AS96 -> 0 | L50: ='Salary Detail'!$BC$60+'Salary Detail'!BC96 -> 0 | N50: =SUM(D50:L50) -> 0
B51: Benefits - PT Staff | D51: ='Salary Detail'!$O$78 -> 0 | F51: ='Salary Detail'!$Y$78 -> 0 | H51: ='Salary Detail'!AI78 -> 0 | J51: ='Salary Detail'!$AS$78 -> 0 | L51: ='Salary Detail'!$BC$78 -> 0 | N51: =SUM(D51:L51) -> 0
A52: Total Incremental Salary and Benefit Expense | D52: =SUM(D41:D51) -> 0 | F52: =SUM(F41:F51) -> 0 | H52: =SUM(H41:H51) -> 0 | J52: =SUM(J41:J51) -> 0 | L52: =SUM(L41:L51) -> 0 | N52: =SUM(N41:N51) -> 0
A54: Incremental Non-Salary Expense
B55: Professional & Consulting | D55: ='Non-Salary Detail'!$F$11 -> 0 | F55: ='Non-Salary Detail'!$I$11 -> 0 | H55: ='Non-Salary Detail'!$L$11 -> 0 | J55: ='Non-Salary Detail'!$O$11 -> 0 | L55: ='Non-Salary Detail'!$R$11 -> 0 | N55: =SUM(D55:L55) -> 0
B56: Entertainment | D56: ='Non-Salary Detail'!$F$12 -> 0 | F56: ='Non-Salary Detail'!$I$12 -> 0 | H56: ='Non-Salary Detail'!$L$12 -> 0 | J56: ='Non-Salary Detail'!$O$12 -> 0 | L56: ='Non-Salary Detail'!$R$12 -> 0 | N56: =SUM(D56:L56) -> 0
B57: Food Service/Catering | D57: ='Non-Salary Detail'!$F$13 -> 0 | F57: ='Non-Salary Detail'!$I$13 -> 0 | H57: ='Non-Salary Detail'!$L$13 -> 0 | J57: ='Non-Salary Detail'!$O$13 -> 0 | L57: ='Non-Salary Detail'!$R$13 -> 0 | N57: =SUM(D57:L57) -> 0
B58: Marketing | D58: ='Non-Salary Detail'!$F$14 -> 0 | F58: ='Non-Salary Detail'!$I$14 -> 0 | H58: ='Non-Salary Detail'!$L$14 -> 0 | J58: ='Non-Salary Detail'!$O$14 -> 0 | L58: ='Non-Salary Detail'!$R$14 -> 0 | N58: =SUM(D58:L58) -> 0
B59: Postage and Shipping | D59: ='Non-Salary Detail'!$F$15 -> 0 | F59: ='Non-Salary Detail'!$I$15 -> 0 | H59: ='Non-Salary Detail'!$L$15 -> 0 | J59: ='Non-Salary Detail'!$O$15 -> 0 | L59: ='Non-Salary Detail'!$R$15 -> 0 | N59: =SUM(D59:L59) -> 0
B60: Printing | D60: ='Non-Salary Detail'!$F$16 -> 0 | F60: ='Non-Salary Detail'!$I$16 -> 0 | H60: ='Non-Salary Detail'!$L$16 -> 0 | J60: ='Non-Salary Detail'!$O$16 -> 0 | L60: ='Non-Salary Detail'!$R$16 -> 0 | N60: =SUM(D60:L60) -> 0
B61: Recruiting Expenses | D61: ='Non-Salary Detail'!$F$17 -> 0 | F61: ='Non-Salary Detail'!$I$17 -> 0 | H61: ='Non-Salary Detail'!$L$17 -> 0 | J61: ='Non-Salary Detail'!$O$17 -> 0 | L61: ='Non-Salary Detail'!$R$17 -> 0 | N61: =SUM(D61:L61) -> 0
B62: Supplies - Instr Program | D62: ='Non-Salary Detail'!$F$18 -> 0 | F62: ='Non-Salary Detail'!$I$18 -> 0 | H62: ='Non-Salary Detail'!$L$18 -> 0 | J62: ='Non-Salary Detail'!$O$18 -> 0 | L62: ='Non-Salary Detail'!$R$18 -> 0 | N62: =SUM(D62:L62) -> 0
B63: Travel | D63: ='Non-Salary Detail'!$F$19 -> 0 | F63: ='Non-Salary Detail'!$I$19 -> 0 | H63: ='Non-Salary Detail'!$L$19 -> 0 | J63: ='Non-Salary Detail'!$O$19 -> 0 | L63: ='Non-Salary Detail'!$R$19 -> 0 | N63: =SUM(D63:L63) -> 0
B64: Professional Development | D64: ='Non-Salary Detail'!$F$20 -> 0 | F64: ='Non-Salary Detail'!$I$20 -> 0 | H64: ='Non-Salary Detail'!$L$20 -> 0 | J64: ='Non-Salary Detail'!$O$20 -> 0 | L64: ='Non-Salary Detail'!$R$20 -> 0 | N64: =SUM(D64:L64) -> 0
B65: Equipment | D65: ='Non-Salary Detail'!$F$21 -> 0 | F65: ='Non-Salary Detail'!$I$21 -> 0 | H65: ='Non-Salary Detail'!$L$21 -> 0 | J65: ='Non-Salary Detail'!$O$21 -> 0 | L65: ='Non-Salary Detail'!$R$21 -> 0 | N65: =SUM(D65:L65) -> 0
B66: Other | D66: ='Non-Salary Detail'!$F$22 -> 0 | F66: ='Non-Salary Detail'!$I$22 -> 0 | H66: ='Non-Salary Detail'!$L$22 -> 0 | J66: ='Non-Salary Detail'!$O$22 -> 0 | L66: ='Non-Salary Detail'!$R$22 -> 0 | N66: =SUM(D66:L66) -> 0
A67: Total Incremental Non-Salary Expense | D67: =SUM(D55:D66) -> 0 | F67: =SUM(F55:F66) -> 0 | H67: =SUM(H55:H66) -> 0 | J67: =SUM(J55:J66) -> 0 | L67: =SUM(L55:L66) -> 0 | N67: =SUM(N55:N66) -> 0
A69: Total Incremental Expenses | D69: =D67+D52 -> 0 | F69: =F67+F52 -> 0 | H69: =H67+H52 -> 0 | J69: =J67+J52 -> 0 | L69: =L67+L52 -> 0 | N69: =N67+N52 -> 0
A70: Total Incremental Contribution Margin | D70: =D37-D69 -> 0 | F70: =F37-F69 -> 0 | H70: =H37-H69 -> 0 | J70: =J37-J69 -> 0 | L70: =L37-L69 -> 0 | N70: =N37-N69 -> 0
A72: Incremental Capital/Start up Costs | D72: ='Capital Requests '!F23 -> 0 | F72: ='Capital Requests '!I23 -> 0 | H72: ='Capital Requests '!L23 -> 0 | J72: ='Capital Requests '!O23 -> 0 | L72: ='Capital Requests '!R23 -> 0 | N72: =SUM(D72:L72) -> 0
A74: Net Incremental Profit (Loss) | D74: =D70-D72 -> 0 | F74: =F70-F72 -> 0 | H74: =H70-H72 -> 0 | J74: =J70-J72 -> 0 | L74: =L70-L72 -> 0 | N74: =N70-N72 -> 0
A75: % Contribution Margin to Revenue | D75: =D70/D37 -> #DIV/0! | F75: =F70/F37 -> #DIV/0! | H75: =H70/H37 -> #DIV/0! | J75: =J70/J37 -> #DIV/0! | L75: =L70/L37 -> #DIV/0! | N75: =N70/N37 -> #DIV/0! | P75: Revenue minus variable costs. Measures how much revenue is available to cover fixed costs and provide profit to the school/department.
A77: Operating revenue to operating expenses | D77: =D37/D69 -> #DIV/0! | F77: =F37/F69 -> #DIV/0! | H77: =H37/H69 -> #DIV/0! | J77: =J37/J69 -> #DIV/0! | L77: =L37/L69 -> #DIV/0! | N77: =N37/N69 -> #DIV/0! | P77: Revenue/Expense
A79: * Projections do not include university allocated financial aid.

Sheet Summary II Total Rev & Exp 
A2: LOYOLA UNIVERSITY CHICAGO
A3: ACADEMIC AFFAIRS - PROGRAM DEVELOPMENT
A4: FIVE YEAR BUSINESS PLAN - TOTAL REVENUE & EXPENSE
A5: SUMMARY II
A7: Program Name | P7: Notes / Assumptions
D8: FY 1 | F8: FY 2 | H8: FY 3 | J8: FY 4 | L8: FY 5 | N8: 5 Year Total
A9: Total Enrollment Projection
B10: Full Time Students | D10: ='Revenue Detail'!N25 -> 0 | F10: ='Revenue Detail'!$AH$25 -> 0 | H10: ='Revenue Detail'!$BB$25 -> 0 | J10: ='Revenue Detail'!$BV$25 -> 0 | L10: ='Revenue Detail'!$CP$25 -> 0 | N10: =SUM(D10:L10) -> 0
B11: Part Time Students | D11: ='Revenue Detail'!N42 -> 0 | F11: ='Revenue Detail'!$AH$42 -> 0 | H11: ='Revenue Detail'!$BB$42 -> 0 | J11: ='Revenue Detail'!$BV$42 -> 0 | L11: ='Revenue Detail'!$CP$42 -> 0 | N11: =SUM(D11:L11) -> 0
B12: Graduate Students | D12: ='Revenue Detail'!N55 -> 0 | F12: ='Revenue Detail'!$AH$55 -> 0 | H12: ='Revenue Detail'!$BB$55 -> 0 | J12: ='Revenue Detail'!$BV$55 -> 0 | L12: ='Revenue Detail'!$CP$55 -> 0 | N12: =SUM(D12:L12) -> 0
B13: Certificate Students | D13: ='Revenue Detail'!N69 -> 0 | F13: ='Revenue Detail'!$AH$69 -> 0 | H13: ='Revenue Detail'!$BB$69 -> 0 | J13: ='Revenue Detail'!$BV$69 -> 0 | L13: ='Revenue Detail'!$CP$69 -> 0 | N13: =SUM(D13:L13) -> 0
B14: J-Term Students | D14: ='Revenue Detail'!N73 -> 0 | F14: ='Revenue Detail'!$AH$73 -> 0 | H14: ='Revenue Detail'!$BB$73 -> 0 | J14: ='Revenue Detail'!$BV$73 -> 0 | L14: ='Revenue Detail'!$CP$73 -> 0 | N14: =SUM(D14:L14) -> 0
B15: Summer Students | D15: ='Revenue Detail'!N78 -> 0 | F15: ='Revenue Detail'!$AH$78 -> 0 | H15: ='Revenue Detail'!$BB$78 -> 0 | J15: ='Revenue Detail'!$BV$78 -> 0 | L15: ='Revenue Detail'!$CP$78 -> 0 | N15: =SUM(D15:L15) -> 0
A16: Total Total Students | D16: =SUM(D10:D15) -> 0 | F16: =SUM(F10:F15) -> 0 | H16: =SUM(H10:H15) -> 0 | J16: =SUM(J10:J15) -> 0 | L16: =SUM(L10:L15) -> 0 | N16: =SUM(N10:N15) -> 0
A18: Total Revenues
A19: Tuition and Fees
B20: Undergraduate Tuition - FT | D20: ='Revenue Detail'!$Q$25 -> 0 | F20: ='Revenue Detail'!$AK$25 -> 0 | H20: ='Revenue Detail'!$BE$25 -> 0 | J20: ='Revenue Detail'!$BY$25 -> 0 | L20: ='Revenue Detail'!$CS$25 -> 0 | N20: =SUM(D20:L20) -> 0
B21: Undergraduate Tuition - PT | D21: ='Revenue Detail'!$Q$42 -> 0 | F21: ='Revenue Detail'!$AK$42 -> 0 | H21: ='Revenue Detail'!$BE$42 -> 0 | J21: ='Revenue Detail'!$BY$42 -> 0 | L21: ='Revenue Detail'!$CS$42 -> 0 | N21: =SUM(D21:L21) -> 0
B22: Graduate Tuition | D22: ='Revenue Detail'!$Q$55 -> 0 | F22: ='Revenue Detail'!$AK$55 -> 0 | H22: ='Revenue Detail'!$BE$55 -> 0 | J22: ='Revenue Detail'!$BY$55 -> 0 | L22: ='Revenue Detail'!$CS$55 -> 0 | N22: =SUM(D22:L22) -> 0
B23: Certificate Tuition | D23: ='Revenue Detail'!Q69 -> 0 | F23: ='Revenue Detail'!AK69 -> 0 | H23: ='Revenue Detail'!BE69 -> 0 | J23: ='Revenue Detail'!BY69 -> 0 | L23: ='Revenue Detail'!CS69 -> 0 | N23: =SUM(D23:L23) -> 0
B24: J-Term | D24: ='Revenue Detail'!$Q$73 -> 0 | F24: ='Revenue Detail'!$AK$73 -> 0 | H24: ='Revenue Detail'!$BE$73 -> 0 | J24: ='Revenue Detail'!$BY$73 -> 0 | L24: ='Revenue Detail'!$CS$73 -> 0 | N24: =SUM(D24:L24) -> 0
B25: Summer Tuition | D25: ='Revenue Detail'!$Q$78 -> 0 | F25: ='Revenue Detail'!$AK$78 -> 0 | H25: ='Revenue Detail'!$BE$78 -> 0 | J25: ='Revenue Detail'!$BY$78 -> 0 | L25: ='Revenue Detail'!$CS$78 -> 0 | N25: =SUM(D25:L25) -> 0
B26: Fees | D26: ='Revenue Detail'!S88 -> 0 | F26: ='Revenue Detail'!$AM$88 -> 0 | H26: ='Revenue Detail'!$BG$88 -> 0 | J26: ='Revenue Detail'!$CA$88 -> 0 | L26: ='Revenue Detail'!$CU$88 -> 0 | N26: =SUM(D26:L26) -> 0
B27: Adj. for Attrition (if applicable) | D27: ='Revenue Detail'!$W$88 -> 0 | F27: ='Revenue Detail'!AQ88 -> 0 | H27: ='Revenue Detail'!BK88 -> 0 | J27: ='Revenue Detail'!CE88 -> 0 | L27: ='Revenue Detail'!CY88 -> 0 | N27: =SUM(D27:L27) -> 0
B28: Other Income | N28: =SUM(D28:L28) -> 0
A29: Total Total Tuition and Fees | D29: =SUM(D20:D28) -> 0 | F29: =SUM(F20:F28) -> 0 | H29: =SUM(H20:H28) -> 0 | J29: =SUM(J20:J28) -> 0 | L29: =SUM(L20:L28) -> 0 | N29: =SUM(N20:N28) -> 0
A31: Total Funded Scholarship Requests
B32: Undergraduate | D32: ='Revenue Detail'!T25+'Revenue Detail'!T42+'Revenue Detail'!T69+'Revenue Detail'!T73+'Revenue Detail'!T78 -> 0 | F32: ='Revenue Detail'!AN25+'Revenue Detail'!AN42+'Revenue Detail'!AN69+'Revenue Detail'!AN73+'Revenue Detail'!AN78 -> 0 | H32: ='Revenue Detail'!BH25+'Revenue Detail'!BH42+'Revenue Detail'!BH69+'Revenue Detail'!BH73+'Revenue Detail'!BH78 -> 0 | J32: ='Revenue Detail'!CB25+'Revenue Detail'!CB42+'Revenue Detail'!CB69+'Revenue Detail'!CB73+'Revenue Detail'!CB78 -> 0 | L32: ='Revenue Detail'!CV25+'Revenue Detail'!CV42+'Revenue Detail'!CV69+'Revenue Detail'!CV73+'Revenue Detail'!CV78 -> 0 | N32: =D32+F32+H32+J32+L32 -> 0
B33: Graduate | D33: ='Revenue Detail'!$T$55 -> 0 | F33: ='Revenue Detail'!$AN$55 -> 0 | H33: ='Revenue Detail'!$BH$55 -> 0 | J33: ='Revenue Detail'!$CB$55 -> 0 | L33: ='Revenue Detail'!$CV$55 -> 0 | N33: =D33+F33+H33+J33+L33 -> 0
B34: Other Scholarships | N34: =D34+F34+H34+J34+L34 -> 0
B35: Total Scholarships* | D35: =SUM(D32:D34) -> 0 | F35: =SUM(F32:F34) -> 0 | H35: =SUM(H32:H34) -> 0 | J35: =SUM(J32:J34) -> 0 | L35: =SUM(L32:L34) -> 0 | N35: =SUM(N32:N34) -> 0
A37: Total Net Revenues | D37: =D29-D35 -> 0 | F37: =F29-F35 -> 0 | H37: =H29-H35 -> 0 | J37: =J29-J35 -> 0 | L37: =L29-L35 -> 0 | N37: =N29-N35 -> 0
A39: Total Expenses
A40: Salary and Benefit Expense
B41: Full Time Faculty | D41: ='Salary Detail'!$I$26 -> 0 | F41: ='Salary Detail'!$S$26 -> 0 | H41: ='Salary Detail'!$AC$26 -> 0 | J41: ='Salary Detail'!$AM$26 -> 0 | L41: ='Salary Detail'!$AW$26 -> 0 | N41: =SUM(D41:L41) -> 0
B42: Part Time Faculty | D42: ='Salary Detail'!$I$43 -> 0 | F42: ='Salary Detail'!$S$43 -> 0 | H42: ='Salary Detail'!$AC$43 -> 0 | J42: ='Salary Detail'!$AM$43 -> 0 | L42: ='Salary Detail'!$AW$43 -> 0 | N42: =SUM(D42:L42) -> 0
B43: Full Time Staff | D43: ='Salary Detail'!$I$60 -> 0 | F43: ='Salary Detail'!$S$60 -> 0 | H43: ='Salary Detail'!$AC$60 -> 0 | J43: ='Salary Detail'!$AM$60 -> 0 | L43: ='Salary Detail'!$AW$60 -> 0 | N43: =SUM(D43:L43) -> 0
B44: Part Time Staff | D44: ='Salary Detail'!$I$78 -> 0 | F44: ='Salary Detail'!$S$78 -> 0 | H44: ='Salary Detail'!$AC$78 -> 0 | J44: ='Salary Detail'!$AM$78 -> 0 | L44: ='Salary Detail'!$AW$78 -> 0 | N44: =SUM(D44:L44) -> 0
B45: Supplemental Salary | D45: ='Salary Detail'!$I$96 -> 0 | F45: ='Salary Detail'!$S$96 -> 0 | H45: ='Salary Detail'!$AC$96 -> 0 | J45: ='Salary Detail'!$AM$96 -> 0 | L45: ='Salary Detail'!$AW$96 -> 0 | N45: =SUM(D45:L45) -> 0
B46: Grad Student Stipend | D46: ='Salary Detail'!$I$114 -> 0 | F46: ='Salary Detail'!$S$114 -> 0 | H46: ='Salary Detail'!$AC$114 -> 0 | J46: ='Salary Detail'!$AM$114 -> 0 | L46: ='Salary Detail'!$AW$114 -> 0 | N46: =SUM(D46:L46) -> 0
B47: Student Workers | D47: ='Salary Detail'!$I$132 -> 0 | F47: ='Salary Detail'!$S$132 -> 0 | H47: ='Salary Detail'!$AC$132 -> 0 | J47: ='Salary Detail'!$AM$132 -> 0 | L47: ='Salary Detail'!$AW$132 -> 0 | N47: =SUM(D47:L47) -> 0
B48: Benefits - FT Faculty | D48: ='Salary Detail'!$J$26 -> 0 | F48: ='Salary Detail'!$T$26 -> 0 | H48: ='Salary Detail'!$AD$26 -> 0 | J48: ='Salary Detail'!$AN$26 -> 0 | L48: ='Salary Detail'!$AX$26 -> 0 | N48: =SUM(D48:L48) -> 0
B49: Benefits - PT Faculty | D49: ='Salary Detail'!$J$43 -> 0 | F49: ='Salary Detail'!$T$43 -> 0 | H49: ='Salary Detail'!$AD$43 -> 0 | J49: ='Salary Detail'!$AN$43 -> 0 | L49: ='Salary Detail'!$AX$43 -> 0 | N49: =SUM(D49:L49) -> 0
B50: Benefits - FT Staff | D50: ='Salary Detail'!$J$60+'Salary Detail'!J96 -> 0 | F50: ='Salary Detail'!$T$60+'Salary Detail'!T96 -> 0 | H50: ='Salary Detail'!AD60+'Salary Detail'!AD96 -> 0 | J50: ='Salary Detail'!$AN$60+'Salary Detail'!AN96 -> 0 | L50: ='Salary Detail'!$AX$60+'Salary Detail'!AX96 -> 0 | N50: =SUM(D50:L50) -> 0
B51: Benefits - PT Staff | D51: ='Salary Detail'!$J$78 -> 0 | F51: ='Salary Detail'!$T$78 -> 0 | H51: ='Salary Detail'!AD78 -> 0 | J51: ='Salary Detail'!$AN$78 -> 0 | L51: ='Salary Detail'!$AX$78 -> 0 | N51: =SUM(D51:L51) -> 0
A52: Total Total Salary and Benefit Expense | D52: =SUM(D41:D51) -> 0 | F52: =SUM(F41:F51) -> 0 | H52: =SUM(H41:H51) -> 0 | J52: =SUM(J41:J51) -> 0 | L52: =SUM(L41:L51) -> 0 | N52: =SUM(N41:N51) -> 0
A54: Total Non-Salary Expense
B55: Professional & Consulting | D55: ='Non-Salary Detail'!$E$11 -> 0 | F55: ='Non-Salary Detail'!$H$11 -> 0 | H55: ='Non-Salary Detail'!$K$11 -> 0 | J55: ='Non-Salary Detail'!$N$11 -> 0 | L55: ='Non-Salary Detail'!$Q$11 -> 0 | N55: =SUM(D55:L55) -> 0
B56: Entertainment | D56: ='Non-Salary Detail'!$E$12 -> 0 | F56: ='Non-Salary Detail'!$H$12 -> 0 | H56: ='Non-Salary Detail'!$K$12 -> 0 | J56: ='Non-Salary Detail'!$N$12 -> 0 | L56: ='Non-Salary Detail'!$Q$12 -> 0 | N56: =SUM(D56:L56) -> 0
B57: Food Service/Catering | D57: ='Non-Salary Detail'!$E$13 -> 0 | F57: ='Non-Salary Detail'!$H$13 -> 0 | H57: ='Non-Salary Detail'!$K$13 -> 0 | J57: ='Non-Salary Detail'!$N$13 -> 0 | L57: ='Non-Salary Detail'!$Q$13 -> 0 | N57: =SUM(D57:L57) -> 0
B58: Marketing | D58: ='Non-Salary Detail'!$E$14 -> 0 | F58: ='Non-Salary Detail'!$H$14 -> 0 | H58: ='Non-Salary Detail'!$K$14 -> 0 | J58: ='Non-Salary Detail'!$N$14 -> 0 | L58: ='Non-Salary Detail'!$Q$14 -> 0 | N58: =SUM(D58:L58) -> 0
B59: Postage and Shipping | D59: ='Non-Salary Detail'!$E$15 -> 0 | F59: ='Non-Salary Detail'!$H$15 -> 0 | H59: ='Non-Salary Detail'!$K$15 -> 0 | J59: ='Non-Salary Detail'!$N$15 -> 0 | L59: ='Non-Salary Detail'!$Q$15 -> 0 | N59: =SUM(D59:L59) -> 0
B60: Printing | D60: ='Non-Salary Detail'!$E$16 -> 0 | F60: ='Non-Salary Detail'!$H$16 -> 0 | H60: ='Non-Salary Detail'!$K$16 -> 0 | J60: ='Non-Salary Detail'!$N$16 -> 0 | L60: ='Non-Salary Detail'!$Q$16 -> 0 | N60: =SUM(D60:L60) -> 0
B61: Recruiting Expenses | D61: ='Non-Salary Detail'!$E$17 -> 0 | F61: ='Non-Salary Detail'!$H$17 -> 0 | H61: ='Non-Salary Detail'!$K$17 -> 0 | J61: ='Non-Salary Detail'!$N$17 -> 0 | L61: ='Non-Salary Detail'!$Q$17 -> 0 | N61: =SUM(D61:L61) -> 0
B62: Supplies - Instr Program | D62: ='Non-Salary Detail'!$E$18 -> 0 | F62: ='Non-Salary Detail'!$H$18 -> 0 | H62: ='Non-Salary Detail'!$K$18 -> 0 | J62: ='Non-Salary Detail'!$N$18 -> 0 | L62: ='Non-Salary Detail'!$Q$18 -> 0 | N62: =SUM(D62:L62) -> 0
B63: Travel | D63: ='Non-Salary Detail'!$E$19 -> 0 | F63: ='Non-Salary Detail'!$H$19 -> 0 | H63: ='Non-Salary Detail'!$K$19 -> 0 | J63: ='Non-Salary Detail'!$N$19 -> 0 | L63: ='Non-Salary Detail'!$Q$19 -> 0 | N63: =SUM(D63:L63) -> 0
B64: Professional Development | D64: ='Non-Salary Detail'!$E$20 -> 0 | F64: ='Non-Salary Detail'!$H$20 -> 0 | H64: ='Non-Salary Detail'!$K$20 -> 0 | J64: ='Non-Salary Detail'!$N$20 -> 0 | L64: ='Non-Salary Detail'!$Q$20 -> 0 | N64: =SUM(D64:L64) -> 0
B65: Equipment | D65: ='Non-Salary Detail'!$E$21 -> 0 | F65: ='Non-Salary Detail'!$H$21 -> 0 | H65: ='Non-Salary Detail'!$K$21 -> 0 | J65: ='Non-Salary Detail'!$N$21 -> 0 | L65: ='Non-Salary Detail'!$Q$21 -> 0 | N65: =SUM(D65:L65) -> 0
B66: Other | D66: ='Non-Salary Detail'!$E$22 -> 0 | F66: ='Non-Salary Detail'!$H$22 -> 0 | H66: ='Non-Salary Detail'!$K$22 -> 0 | J66: ='Non-Salary Detail'!$N$22 -> 0 | L66: ='Non-Salary Detail'!$Q$22 -> 0 | N66: =SUM(D66:L66) -> 0
A67: Total Total Non-Salary Expense | D67: =SUM(D55:D66) -> 0 | F67: =SUM(F55:F66) -> 0 | H67: =SUM(H55:H66) -> 0 | J67: =SUM(J55:J66) -> 0 | L67: =SUM(L55:L66) -> 0 | N67: =SUM(N55:N66) -> 0
A69: Total Total Expenses | D69: =D67+D52 -> 0 | F69: =F67+F52 -> 0 | H69: =H67+H52 -> 0 | J69: =J67+J52 -> 0 | L69: =L67+L52 -> 0 | N69: =N67+N52 -> 0
A70: Total Total Contribution Margin | D70: =D37-D69 -> 0 | F70: =F37-F69 -> 0 | H70: =H37-H69 -> 0 | J70: =J37-J69 -> 0 | L70: =L37-L69 -> 0 | N70: =N37-N69 -> 0
A72: Total Capital/Start up Costs | D72: ='Capital Requests '!E23 -> 0 | F72: ='Capital Requests '!H23 -> 0 | H72: ='Capital Requests '!K23 -> 0 | J72: ='Capital Requests '!N23 -> 0 | L72: ='Capital Requests '!Q23 -> 0 | N72: =SUM(D72:L72) -> 0
A74: Net Total Profit (Loss) | D74: =D70-D72 -> 0 | F74: =F70-F72 -> 0 | H74: =H70-H72 -> 0 | J74: =J70-J72 -> 0 | L74: =L70-L72 -> 0 | N74: =N70-N72 -> 0
A75: % Contribution Margin to Revenue | D75: =D70/D37 -> #DIV/0! | F75: =F70/F37 -> #DIV/0! | H75: =H70/H37 -> #DIV/0! | J75: =J70/J37 -> #DIV/0! | L75: =L70/L37 -> #DIV/0! | N75: =N70/N37 -> #DIV/0! | P75: Revenue minus variable costs. Measures how much revenue is available to cover fixed costs and provide profit to the school/department.
A77: Operating revenue to operating expenses | D77: =D37/D69 -> #DIV/0! | F77: =F37/F69 -> #DIV/0! | H77: =H37/H69 -> #DIV/0! | J77: =J37/J69 -> #DIV/0! | L77: =L37/L69 -> #DIV/0! | N77: =N37/N69 -> #DIV/0! | P77: Revenue/Expense
A79: * Projections do not include university allocated financial aid.

Sheet Revenue Detail
B1: LOYOLA UNIVERSITY CHICAGO
B2: ACADEMIC AFFAIRS - PROGRAM BUDGET DEVELOPMENT
B3: <Enter Program Name>
B4: Five Year Pro Forma Budget Development Revenue Detail - Template
B5: Please enter values in orange fields
C6: Current Fiscal Year | N6: Fiscal Year 1 | AH6: Fiscal Year 2 | BB6: Fiscal Year 3 | BV6: Fiscal Year 4 | CP6: Fiscal Year 5
C7: For Program Modifications - Start Here | For New Programs - Start on FY 1 Section Columns M-U | N7: FY 1 | Y7: FY 1 vs. FY Base Year Increase (Decrease) | AH7: FY 2 | AS7: FY 2 vs. FY 1 Increase (Decrease) | BB7: FY 3 | BM7: FY 3 vs. FY 2 Increase (Decrease) | BV7: FY 4 | CG7: FY 4 vs. FY 3 Increase (Decrease) | CP7: FY 5 | DA7: FY 5 vs. FY 4 Increase (Decrease) | DJ7: Total Five Year Increase (Decrease)
C8: Enrollment | D8: #Credit | E8: $Credit/Hr. | F8: Tuition | G8: Fee/Student | H8: Fees | I8: Funded Scholarship Requests | J8: Net Tuition & Fee Revenue | K8: Attrition | L8: Total Attrition | N8: Enrollment | O8: #Credit | P8: $Credit/Hr. | Q8: Tuition | R8: Fee/Student | S8: Fees | T8: Funded Scholarship Requests | U8: Net Tuition & Fee Revenue | V8: Attrition | W8: Total Attrition | Y8: Enrollment | Z8: #Credit | AA8: $Credit/Hr. | AB8: Tuition | AC8: Fees | AD8: Funded Scholarship Requests | AE8: Net Tuition & Fee Revenue | AF8: Total Attrition | AH8: Enrollment | AI8: #Credit | AJ8: $Credit/Hr. | AK8: Tuition | AL8: Fee/Student | AM8: Fees | AN8: Funded Scholarship Requests | AO8: Net Tuition & Fee Revenue | AP8: Attrition | AQ8: Total Attrition | AS8: Enrollment | AT8: #Credit | AU8: $Credit/Hr. | AV8: Tuition | AW8: Fees | AX8: Funded Scholarship Requests | AY8: Net Tuition & Fee Revenue | AZ8: Total Attrition | BB8: Enrollment | BC8: #Credit | BD8: $Credit/Hr. | BE8: Tuition | BF8: Fee/Student | BG8: Fees | BH8: Funded Scholarship Requests | BI8: Net Tuition & Fee Revenue | BJ8: Attrition | BK8: Total Attrition | BM8: Enrollment | BN8: #Credit | BO8: $Credit/Hr. | BP8: Tuition | BQ8: Fees | BR8: Funded Scholarship Requests | BS8: Net Tuition & Fee Revenue | BT8: Total Attrition | BV8: Enrollment | BW8: #Credit | BX8: $Credit/Hr. | BY8: Tuition | BZ8: Fee/Student | CA8: Fees | CB8: Funded Scholarship Requests | CC8: Net Tuition & Fee Revenue | CD8: Attrition | CE8: Total Attrition | CG8: Enrollment | CH8: #Credit | CI8: $Credit/Hr. | CJ8: Tuition | CK8: Fees | CL8: Funded Scholarship Requests | CM8: Net Tuition & Fee Revenue | CN8: Total Attrition | CP8: Enrollment | CQ8: #Credit | CR8: $Credit/Hr. | CS8: Tuition | CT8: Fee/Student | CU8: Fees | CV8: Funded Scholarship Requests | CW8: Net Tuition & Fee Revenue | CX8: Attrition | CY8: Total Attrition | DA8: Enrollment | DB8: #Credit | DC8: $Credit/Hr. | DD8: Tuition | DE8: Fees (Course/Lab) | DF8: Funded Scholarship Requests | DG8: Net Tuition & Fee Revenue | DH8: Total Attrition | DJ8: Enrollment | DK8: #Credit | DL8: $Credit/Hr. | DM8: Tuition | DN8: Fees | DO8: Funded Scholarship Requests | DP8: Net Tuition & Fee Revenue | DQ8: Total Attrition | DS8: Notes/Assumptions
C9: (# of students) | D9: (# of credits per class) | E9: (Dollar amount per credit hour) | F9: (Enrollment x #credits x $credit per hour) | G9: (Total course/lab fees per student) | H9: (Enrollment x total fees per student) | I9: (Tuition x rate) | J9: (Tuition + fees - scholarship) | K9: Enter rate in percent) | L9: (Tuition + fees - scholarship) * Attrition Rate | N9: (# of students) | O9: (# of credits per class) | P9: (Dollar amount per credit hour) | Q9: (Enrollment x #credits x $credit per hour) | R9: (Total course/lab fees per student) | S9: (Enrollment x total fees per student) | T9: (Tuition x rate) | U9: (Tuition + fees - scholarship) | V9: Enter rate in percent) | W9: (Tuition + fees - scholarship) * Attrition Rate | Y9: (# of students) | Z9: (# of credits per class) | AA9: (Dollar amount per credit hour) | AB9: (Enrollment x #credits x $credit per hour) | AC9: (Enrollment x total fees per student) | AD9: (Tuition x rate %) | AE9: (Tuition + fees - scholarship) | AF9: (Tuition + fees - scholarship) * Attrition Rate | AH9: (# of students) | AI9: (# of credits per class) | AJ9: (Dollar amount per credit hour) | AK9: (Enrollment x #credits x $credit per hour) | AL9: (Total course/lab fees per student) | AM9: (Enrollment x total fees per student) | AN9: (Tuition x rate %) | AO9: (Tuition + fees - scholarship) | AP9: Enter rate in percent) | AQ9: (Tuition + fees - scholarship) * Attrition Rate | AS9: (# of students) | AT9: (# of credits per class) | AU9: (Dollar amount per credit hour) | AV9: (Enrollment x #credits x $credit per hour) | AW9: (Enrollment x total fees per student) | AX9: (Tuition x rate %) | AY9: (Tuition + fees - scholarship) | AZ9: (Tuition + fees - scholarship) * Attrition Rate | BB9: (# of students) | BC9: (# of credits per class) | BD9: (Dollar amount per credit hour) | BE9: (Enrollment x #credits x $credit per hour) | BF9: (Total course/lab fees per student) | BG9: (Enrollment x total fees per student) | BH9: (Tuition x rate %) | BI9: (Tuition + fees - scholarship) | BJ9: Enter rate in percent) | BK9: (Tuition + fees - scholarship) * Attrition Rate | BM9: (# of students) | BN9: (# of credits per class) | BO9: (Dollar amount per credit hour) | BP9: (Enrollment x #credits x $credit per hour) | BQ9: (Enrollment x total fees per student) | BR9: (Tuition x rate %) | BS9: (Tuition + fees - scholarship) | BT9: (Tuition + fees - scholarship) * Attrition Rate | BV9: (# of students) | BW9: (# of credits per class) | BX9: (Dollar amount per credit hour) | BY9: (Enrollment x #credits x $credit per hour) | BZ9: (Total course/lab fees per student) | CA9: (Enrollment x total fees per student) | CB9: (Tuition x rate %) | CC9: (Tuition + fees - scholarship) | CD9: Enter rate in percent) | CE9: (Tuition + fees - scholarship) * Attrition Rate | CG9: (# of students) | CH9: (# of credits per class) | CI9: (Dollar amount per credit hour) | CJ9: (Enrollment x #credits x $credit per hour) | CK9: (Enrollment x total fees per student) | CL9: (Tuition x rate %) | CM9: (Tuition + fees - scholarship) | CN9: (Tuition + fees - scholarship) * Attrition Rate | CP9: (# of students) | CQ9: (# of credits per class) | CR9: (Dollar amount per credit hour) | CS9: (Enrollment x #credits x $credit per hour) | CT9: (Total course/lab fees per student) | CU9: (Enrollment x total fees per student) | CV9: (Tuition x rate %) | CW9: (Tuition + fees - scholarship) | CX9: Enter rate in percent) | CY9: (Tuition + fees - scholarship) * Attrition Rate | DA9: (# of students) | DB9: (# of credits per class) | DC9: (Dollar amount per credit hour) | DD9: (Enrollment x #credits x $credit per hour) | DE9: (Enrollment x total fees per student) | DF9: (Tuition x rate %) | DG9: (Tuition + fees - scholarship) | DH9: (Tuition + fees - scholarship) * Attrition Rate | DJ9: (# of students) | DK9: (# of credits per class) | DL9: (Dollar amount per credit hour) | DM9: (Enrollment x #credits x $credit per hour) | DN9: (Enrollment x total fees per student) | DO9: (Tuition x rate %) | DP9: (Tuition + fees - scholarship) | DQ9: (Tuition + fees - scholarship) * Attrition Rate
B10: Undergraduate Full-Time | Revenue Detail
B11: Fall
B12: Freshmen | F12: =C12*(D12*E12) -> 0 | H12: =G12*C12 -> 0 | J12: =F12+H12-I12 -> 0 | L12: =-J12*K12 -> 0 | Q12: =N12*(O12*P12) -> 0 | S12: =R12*N12 -> 0 | U12: =Q12+S12-T12 -> 0 | W12: =U12*-V12 -> 0 | Y12: =N12-C12 -> 0 | Z12: =O12-D12 -> 0 | AA12: =P12-E12 -> 0 | AB12: =Q12-F12 -> 0 | AC12: =S12-H12 -> 0 | AD12: =T12-I12 -> 0 | AE12: =U12-J12 -> 0 | AF12: =W12-L12 -> 0 | AK12: =AH12*(AI12*AJ12) -> 0 | AM12: =AL12*AH12 -> 0 | AO12: =AK12+AM12-AN12 -> 0 | AQ12: =-AO12*AP12 -> 0 | AS12: =AH12-N12 -> 0 | AT12: =AI12-O12 -> 0 | AU12: =AJ12-P12 -> 0 | AV12: =AK12-Q12 -> 0 | AW12: =AM12-S12 -> 0 | AX12: =AN12-T12 -> 0 | AY12: =AO12-U12 -> 0 | AZ12: =AQ12-W12 -> 0 | BE12: =BB12*(BC12*BD12) -> 0 | BG12: =BF12*BB12 -> 0 | BI12: =BE12+BG12-BH12 -> 0 | BK12: =-BI12*BJ12 -> 0 | BM12: =BB12-AH12 -> 0 | BN12: =BC12-AI12 -> 0 | BO12: =BD12-AJ12 -> 0 | BP12: =BE12-AK12 -> 0 | BQ12: =BG12-AM12 -> 0 | BR12: =BH12-AN12 -> 0 | BS12: =BI12-AO12 -> 0 | BT12: =BK12-AQ12 -> 0 | BY12: =BV12*(BW12*BX12) -> 0 | CA12: =BZ12*BV12 -> 0 | CC12: =BY12+CA12-CB12 -> 0 | CE12: =-CC12*CD12 -> 0 | CG12: =BV12-BB12 -> 0 | CH12: =BW12-BC12 -> 0 | CI12: =BX12-BD12 -> 0 | CJ12: =BY12-BE12 -> 0 | CK12: =CA12-BG12 -> 0 | CL12: =CB12-BH12 -> 0 | CM12: =CC12-BI12 -> 0 | CN12: =CE12-BK12 -> 0 | CS12: =CP12*(CQ12*CR12) -> 0 | CU12: =CT12*CP12 -> 0 | CW12: =CS12+CU12-CV12 -> 0 | CY12: =-CW12*CX12 -> 0 | DA12: =CP12-BV12 -> 0 | DB12: =CQ12-BW12 -> 0 | DC12: =CR12-BX12 -> 0 | DD12: =CS12-BY12 -> 0 | DE12: =CU12-CA12 -> 0 | DF12: =CV12-CB12 -> 0 | DG12: =CW12-CC12 -> 0 | DH12: =CY12-CE12 -> 0 | DJ12: =Y12+AS12+BM12+CG12+DA12 -> 0 | DK12: =Z12+AT12+BN12+CH12+DB12 -> 0 | DL12: =AA12+AU12+BO12+CI12+DC12 -> 0 | DM12: =AB12+AV12+BP12+CJ12+DD12 -> 0 | DN12: =AC12+AW12+BQ12+CK12+DE12 -> 0 | DO12: =AD12+AX12+BR12+CL12+DF12 -> 0 | DP12: =AE12+AY12+BS12+CM12+DG12 -> 0 | DQ12: =AF12+AZ12+BT12+CN12+DH12 -> 0
B13: Sophomore | F13: =C13*(D13*E13) -> 0 | H13: =G13*C13 -> 0 | J13: =F13+H13-I13 -> 0 | L13: =-J13*K13 -> 0 | Q13: =N13*(O13*P13) -> 0 | S13: =R13*N13 -> 0 | U13: =Q13+S13-T13 -> 0 | W13: =U13*-V13 -> 0 | Y13: =N13-C13 -> 0 | Z13: =O13-D13 -> 0 | AA13: =P13-E13 -> 0 | AB13: =Q13-F13 -> 0 | AC13: =S13-H13 -> 0 | AD13: =T13-I13 -> 0 | AE13: =U13-J13 -> 0 | AF13: =W13-L13 -> 0 | AK13: =AH13*(AI13*AJ13) -> 0 | AM13: =AL13*AH13 -> 0 | AO13: =AK13+AM13-AN13 -> 0 | AQ13: =-AO13*AP13 -> 0 | AS13: =AH13-N13 -> 0 | AT13: =AI13-O13 -> 0 | AU13: =AJ13-P13 -> 0 | AV13: =AK13-Q13 -> 0 | AW13: =AM13-S13 -> 0 | AX13: =AN13-T13 -> 0 | AY13: =AO13-U13 -> 0 | AZ13: =AQ13-W13 -> 0 | BE13: =BB13*(BC13*BD13) -> 0 | BG13: =BF13*BB13 -> 0 | BI13: =BE13+BG13-BH13 -> 0 | BK13: =-BI13*BJ13 -> 0 | BM13: =BB13-AH13 -> 0 | BN13: =BC13-AI13 -> 0 | BO13: =BD13-AJ13 -> 0 | BP13: =BE13-AK13 -> 0 | BQ13: =BG13-AM13 -> 0 | BR13: =BH13-AN13 -> 0 | BS13: =BI13-AO13 -> 0 | BT13: =BK13-AQ13 -> 0 | BY13: =BV13*(BW13*BX13) -> 0 | CA13: =BZ13*BV13 -> 0 | CC13: =BY13+CA13-CB13 -> 0 | CE13: =-CC13*CD13 -> 0 | CG13: =BV13-BB13 -> 0 | CH13: =BW13-BC13 -> 0 | CI13: =BX13-BD13 -> 0 | CJ13: =BY13-BE13 -> 0 | CK13: =CA13-BG13 -> 0 | CL13: =CB13-BH13 -> 0 | CM13: =CC13-BI13 -> 0 | CN13: =CE13-BK13 -> 0 | CS13: =CP13*(CQ13*CR13) -> 0 | CU13: =CT13*CP13 -> 0 | CW13: =CS13+CU13-CV13 -> 0 | CY13: =-CW13*CX13 -> 0 | DA13: =CP13-BV13 -> 0 | DB13: =CQ13-BW13 -> 0 | DC13: =CR13-BX13 -> 0 | DD13: =CS13-BY13 -> 0 | DE13: =CU13-CA13 -> 0 | DF13: =CV13-CB13 -> 0 | DG13: =CW13-CC13 -> 0 | DH13: =CY13-CE13 -> 0 | DJ13: =Y13+AS13+BM13+CG13+DA13 -> 0 | DK13: =Z13+AT13+BN13+CH13+DB13 -> 0 | DL13: =AA13+AU13+BO13+CI13+DC13 -> 0 | DM13: =AB13+AV13+BP13+CJ13+DD13 -> 0 | DN13: =AC13+AW13+BQ13+CK13+DE13 -> 0 | DO13: =AD13+AX13+BR13+CL13+DF13 -> 0 | DP13: =AE13+AY13+BS13+CM13+DG13 -> 0 | DQ13: =AF13+AZ13+BT13+CN13+DH13 -> 0
B14: Junior | F14: =C14*(D14*E14) -> 0 | H14: =G14*C14 -> 0 | J14: =F14+H14-I14 -> 0 | L14: =-J14*K14 -> 0 | Q14: =N14*(O14*P14) -> 0 | S14: =R14*N14 -> 0 | U14: =Q14+S14-T14 -> 0 | W14: =U14*-V14 -> 0 | Y14: =N14-C14 -> 0 | Z14: =O14-D14 -> 0 | AA14: =P14-E14 -> 0 | AB14: =Q14-F14 -> 0 | AC14: =S14-H14 -> 0 | AD14: =T14-I14 -> 0 | AE14: =U14-J14 -> 0 | AF14: =W14-L14 -> 0 | AK14: =AH14*(AI14*AJ14) -> 0 | AM14: =AL14*AH14 -> 0 | AO14: =AK14+AM14-AN14 -> 0 | AQ14: =-AO14*AP14 -> 0 | AS14: =AH14-N14 -> 0 | AT14: =AI14-O14 -> 0 | AU14: =AJ14-P14 -> 0 | AV14: =AK14-Q14 -> 0 | AW14: =AM14-S14 -> 0 | AX14: =AN14-T14 -> 0 | AY14: =AO14-U14 -> 0 | AZ14: =AQ14-W14 -> 0 | BE14: =BB14*(BC14*BD14) -> 0 | BG14: =BF14*BB14 -> 0 | BI14: =BE14+BG14-BH14 -> 0 | BK14: =-BI14*BJ14 -> 0 | BM14: =BB14-AH14 -> 0 | BN14: =BC14-AI14 -> 0 | BO14: =BD14-AJ14 -> 0 | BP14: =BE14-AK14 -> 0 | BQ14: =BG14-AM14 -> 0 | BR14: =BH14-AN14 -> 0 | BS14: =BI14-AO14 -> 0 | BT14: =BK14-AQ14 -> 0 | BY14: =BV14*(BW14*BX14) -> 0 | CA14: =BZ14*BV14 -> 0 | CC14: =BY14+CA14-CB14 -> 0 | CE14: =-CC14*CD14 -> 0 | CG14: =BV14-BB14 -> 0 | CH14: =BW14-BC14 -> 0 | CI14: =BX14-BD14 -> 0 | CJ14: =BY14-BE14 -> 0 | CK14: =CA14-BG14 -> 0 | CL14: =CB14-BH14 -> 0 | CM14: =CC14-BI14 -> 0 | CN14: =CE14-BK14 -> 0 | CS14: =CP14*(CQ14*CR14) -> 0 | CU14: =CT14*CP14 -> 0 | CW14: =CS14+CU14-CV14 -> 0 | CY14: =-CW14*CX14 -> 0 | DA14: =CP14-BV14 -> 0 | DB14: =CQ14-BW14 -> 0 | DC14: =CR14-BX14 -> 0 | DD14: =CS14-BY14 -> 0 | DE14: =CU14-CA14 -> 0 | DF14: =CV14-CB14 -> 0 | DG14: =CW14-CC14 -> 0 | DH14: =CY14-CE14 -> 0 | DJ14: =Y14+AS14+BM14+CG14+DA14 -> 0 | DK14: =Z14+AT14+BN14+CH14+DB14 -> 0 | DL14: =AA14+AU14+BO14+CI14+DC14 -> 0 | DM14: =AB14+AV14+BP14+CJ14+DD14 -> 0 | DN14: =AC14+AW14+BQ14+CK14+DE14 -> 0 | DO14: =AD14+AX14+BR14+CL14+DF14 -> 0 | DP14: =AE14+AY14+BS14+CM14+DG14 -> 0 | DQ14: =AF14+AZ14+BT14+CN14+DH14 -> 0
B15: Senior | F15: =C15*(D15*E15) -> 0 | H15: =G15*C15 -> 0 | J15: =F15+H15-I15 -> 0 | L15: =-J15*K15 -> 0 | Q15: =N15*(O15*P15) -> 0 | S15: =R15*N15 -> 0 | U15: =Q15+S15-T15 -> 0 | W15: =U15*-V15 -> 0 | Y15: =N15-C15 -> 0 | Z15: =O15-D15 -> 0 | AA15: =P15-E15 -> 0 | AB15: =Q15-F15 -> 0 | AC15: =S15-H15 -> 0 | AD15: =T15-I15 -> 0 | AE15: =U15-J15 -> 0 | AF15: =W15-L15 -> 0 | AK15: =AH15*(AI15*AJ15) -> 0 | AM15: =AL15*AH15 -> 0 | AO15: =AK15+AM15-AN15 -> 0 | AQ15: =-AO15*AP15 -> 0 | AS15: =AH15-N15 -> 0 | AT15: =AI15-O15 -> 0 | AU15: =AJ15-P15 -> 0 | AV15: =AK15-Q15 -> 0 | AW15: =AM15-S15 -> 0 | AX15: =AN15-T15 -> 0 | AY15: =AO15-U15 -> 0 | AZ15: =AQ15-W15 -> 0 | BE15: =BB15*(BC15*BD15) -> 0 | BG15: =BF15*BB15 -> 0 | BI15: =BE15+BG15-BH15 -> 0 | BK15: =-BI15*BJ15 -> 0 | BM15: =BB15-AH15 -> 0 | BN15: =BC15-AI15 -> 0 | BO15: =BD15-AJ15 -> 0 | BP15: =BE15-AK15 -> 0 | BQ15: =BG15-AM15 -> 0 | BR15: =BH15-AN15 -> 0 | BS15: =BI15-AO15 -> 0 | BT15: =BK15-AQ15 -> 0 | BY15: =BV15*(BW15*BX15) -> 0 | CA15: =BZ15*BV15 -> 0 | CC15: =BY15+CA15-CB15 -> 0 | CE15: =-CC15*CD15 -> 0 | CG15: =BV15-BB15 -> 0 | CH15: =BW15-BC15 -> 0 | CI15: =BX15-BD15 -> 0 | CJ15: =BY15-BE15 -> 0 | CK15: =CA15-BG15 -> 0 | CL15: =CB15-BH15 -> 0 | CM15: =CC15-BI15 -> 0 | CN15: =CE15-BK15 -> 0 | CS15: =CP15*(CQ15*CR15) -> 0 | CU15: =CT15*CP15 -> 0 | CW15: =CS15+CU15-CV15 -> 0 | CY15: =-CW15*CX15 -> 0 | DA15: =CP15-BV15 -> 0 | DB15: =CQ15-BW15 -> 0 | DC15: =CR15-BX15 -> 0 | DD15: =CS15-BY15 -> 0 | DE15: =CU15-CA15 -> 0 | DF15: =CV15-CB15 -> 0 | DG15: =CW15-CC15 -> 0 | DH15: =CY15-CE15 -> 0 | DJ15: =Y15+AS15+BM15+CG15+DA15 -> 0 | DK15: =Z15+AT15+BN15+CH15+DB15 -> 0 | DL15: =AA15+AU15+BO15+CI15+DC15 -> 0 | DM15: =AB15+AV15+BP15+CJ15+DD15 -> 0 | DN15: =AC15+AW15+BQ15+CK15+DE15 -> 0 | DO15: =AD15+AX15+BR15+CL15+DF15 -> 0 | DP15: =AE15+AY15+BS15+CM15+DG15 -> 0 | DQ15: =AF15+AZ15+BT15+CN15+DH15 -> 0
B16: Total Fall | C16: =SUM(C12:C15) -> 0 | F16: =SUM(F12:F15) -> 0 | H16: =SUM(H12:H15) -> 0 | I16: =SUM(I12:I15) -> 0 | J16: =SUM(J12:J15) -> 0 | L16: =SUM(L12:L15) -> 0 | N16: =SUM(N12:N15) -> 0 | Q16: =SUM(Q12:Q15) -> 0 | S16: =SUM(S12:S15) -> 0 | T16: =SUM(T12:T15) -> 0 | U16: =SUM(U12:U15) -> 0 | W16: =SUM(W12:W15) -> 0 | Y16: =SUM(Y12:Y15) -> 0 | AB16: =SUM(AB12:AB15) -> 0 | AC16: =SUM(AC12:AC15) -> 0 | AD16: =SUM(AD12:AD15) -> 0 | AE16: =SUM(AE12:AE15) -> 0 | AF16: =SUM(AF12:AF15) -> 0 | AH16: =SUM(AH12:AH15) -> 0 | AK16: =SUM(AK12:AK15) -> 0 | AM16: =SUM(AM12:AM15) -> 0 | AN16: =SUM(AN12:AN15) -> 0 | AO16: =SUM(AO12:AO15) -> 0 | AQ16: =SUM(AQ12:AQ15) -> 0 | AS16: =SUM(AS12:AS15) -> 0 | AV16: =SUM(AV12:AV15) -> 0 | AW16: =SUM(AW12:AW15) -> 0 | AX16: =SUM(AX12:AX15) -> 0 | AY16: =SUM(AY12:AY15) -> 0 | AZ16: =SUM(AZ12:AZ15) -> 0 | BB16: =SUM(BB12:BB15) -> 0 | BE16: =SUM(BE12:BE15) -> 0 | BG16: =SUM(BG12:BG15) -> 0 | BH16: =SUM(BH12:BH15) -> 0 | BI16: =SUM(BI12:BI15) -> 0 | BK16: =SUM(BK12:BK15) -> 0 | BM16: =SUM(BM12:BM15) -> 0 | BP16: =SUM(BP12:BP15) -> 0 | BQ16: =SUM(BQ12:BQ15) -> 0 | BR16: =SUM(BR12:BR15) -> 0 | BS16: =SUM(BS12:BS15) -> 0 | BT16: =SUM(BT12:BT15) -> 0 | BV16: =SUM(BV12:BV15) -> 0 | BY16: =SUM(BY12:BY15) -> 0 | CA16: =SUM(CA12:CA15) -> 0 | CB16: =SUM(CB12:CB15) -> 0 | CC16: =SUM(CC12:CC15) -> 0 | CE16: =SUM(CE12:CE15) -> 0 | CG16: =SUM(CG12:CG15) -> 0 | CJ16: =SUM(CJ12:CJ15) -> 0 | CK16: =SUM(CK12:CK15) -> 0 | CL16: =SUM(CL12:CL15) -> 0 | CM16: =SUM(CM12:CM15) -> 0 | CN16: =SUM(CN12:CN15) -> 0 | CP16: =SUM(CP12:CP15) -> 0 | CS16: =SUM(CS12:CS15) -> 0 | CU16: =SUM(CU12:CU15) -> 0 | CV16: =SUM(CV12:CV15) -> 0 | CW16: =SUM(CW12:CW15) -> 0 | CY16: =SUM(CY12:CY15) -> 0 | DA16: =SUM(DA12:DA15) -> 0 | DD16: =SUM(DD12:DD15) -> 0 | DE16: =SUM(DE12:DE15) -> 0 | DF16: =SUM(DF12:DF15) -> 0 | DG16: =SUM(DG12:DG15) -> 0 | DH16: =SUM(DH12:DH15) -> 0 | DJ16: =SUM(DJ12:DJ15) -> 0 | DM16: =SUM(DM12:DM15) -> 0 | DN16: =SUM(DN12:DN15) -> 0 | DO16: =SUM(DO12:DO15) -> 0 | DP16: =SUM(DP12:DP15) -> 0 | DQ16: =SUM(DQ12:DQ15) -> 0
B18: Spring
B19: Freshmen | F19: =C19*(D19*E19) -> 0 | H19: =G19*C19 -> 0 | J19: =F19+H19-I19 -> 0 | L19: =-J19*K19 -> 0 | Q19: =N19*(O19*P19) -> 0 | S19: =R19*N19 -> 0 | U19: =Q19+S19-T19 -> 0 | W19: =U19*-V19 -> 0 | Y19: =N19-C19 -> 0 | Z19: =O19-D19 -> 0 | AA19: =P19-E19 -> 0 | AB19: =Q19-F19 -> 0 | AC19: =S19-H19 -> 0 | AD19: =T19-I19 -> 0 | AE19: =U19-J19 -> 0 | AF19: =W19-L19 -> 0 | AK19: =AH19*(AI19*AJ19) -> 0 | AM19: =AL19*AH19 -> 0 | AO19: =AK19+AM19-AN19 -> 0 | AQ19: =-AO19*AP19 -> 0 | AS19: =AH19-N19 -> 0 | AT19: =AI19-O19 -> 0 | AU19: =AJ19-P19 -> 0 | AV19: =AK19-Q19 -> 0 | AW19: =AM19-S19 -> 0 | AX19: =AN19-T19 -> 0 | AY19: =AO19-U19 -> 0 | AZ19: =AQ19-W19 -> 0 | BE19: =BB19*(BC19*BD19) -> 0 | BG19: =BF19*BB19 -> 0 | BI19: =BE19+BG19-BH19 -> 0 | BK19: =-BI19*BJ19 -> 0 | BM19: =BB19-AH19 -> 0 | BN19: =BC19-AI19 -> 0 | BO19: =BD19-AJ19 -> 0 | BP19: =BE19-AK19 -> 0 | BQ19: =BG19-AM19 -> 0 | BR19: =BH19-AN19 -> 0 | BS19: =BI19-AO19 -> 0 | BT19: =BK19-AQ19 -> 0 | BY19: =BV19*(BW19*BX19) -> 0 | CA19: =BZ19*BV19 -> 0 | CC19: =BY19+CA19-CB19 -> 0 | CE19: =-CC19*CD19 -> 0 | CG19: =BV19-BB19 -> 0 | CH19: =BW19-BC19 -> 0 | CI19: =BX19-BD19 -> 0 | CJ19: =BY19-BE19 -> 0 | CK19: =CA19-BG19 -> 0 | CL19: =CB19-BH19 -> 0 | CM19: =CC19-BI19 -> 0 | CN19: =CE19-BK19 -> 0 | CS19: =CP19*(CQ19*CR19) -> 0 | CU19: =CT19*CP19 -> 0 | CW19: =CS19+CU19-CV19 -> 0 | CY19: =-CW19*CX19 -> 0 | DA19: =CP19-BV19 -> 0 | DB19: =CQ19-BW19 -> 0 | DC19: =CR19-BX19 -> 0 | DD19: =CS19-BY19 -> 0 | DE19: =CU19-CA19 -> 0 | DF19: =CV19-CB19 -> 0 | DG19: =CW19-CC19 -> 0 | DH19: =CY19-CE19 -> 0 | DJ19: =Y19+AS19+BM19+CG19+DA19 -> 0 | DK19: =Z19+AT19+BN19+CH19+DB19 -> 0 | DL19: =AA19+AU19+BO19+CI19+DC19 -> 0 | DM19: =AB19+AV19+BP19+CJ19+DD19 -> 0 | DN19: =AC19+AW19+BQ19+CK19+DE19 -> 0 | DO19: =AD19+AX19+BR19+CL19+DF19 -> 0 | DP19: =AE19+AY19+BS19+CM19+DG19 -> 0 | DQ19: =AF19+AZ19+BT19+CN19+DH19 -> 0
B20: Sophomore | F20: =C20*(D20*E20) -> 0 | H20: =G20*C20 -> 0 | J20: =F20+H20-I20 -> 0 | L20: =-J20*K20 -> 0 | Q20: =N20*(O20*P20) -> 0 | S20: =R20*N20 -> 0 | U20: =Q20+S20-T20 -> 0 | W20: =U20*-V20 -> 0 | Y20: =N20-C20 -> 0 | Z20: =O20-D20 -> 0 | AA20: =P20-E20 -> 0 | AB20: =Q20-F20 -> 0 | AC20: =S20-H20 -> 0 | AD20: =T20-I20 -> 0 | AE20: =U20-J20 -> 0 | AF20: =W20-L20 -> 0 | AK20: =AH20*(AI20*AJ20) -> 0 | AM20: =AL20*AH20 -> 0 | AO20: =AK20+AM20-AN20 -> 0 | AQ20: =-AO20*AP20 -> 0 | AS20: =AH20-N20 -> 0 | AT20: =AI20-O20 -> 0 | AU20: =AJ20-P20 -> 0 | AV20: =AK20-Q20 -> 0 | AW20: =AM20-S20 -> 0 | AX20: =AN20-T20 -> 0 | AY20: =AO20-U20 -> 0 | AZ20: =AQ20-W20 -> 0 | BE20: =BB20*(BC20*BD20) -> 0 | BG20: =BF20*BB20 -> 0 | BI20: =BE20+BG20-BH20 -> 0 | BK20: =-BI20*BJ20 -> 0 | BM20: =BB20-AH20 -> 0 | BN20: =BC20-AI20 -> 0 | BO20: =BD20-AJ20 -> 0 | BP20: =BE20-AK20 -> 0 | BQ20: =BG20-AM20 -> 0 | BR20: =BH20-AN20 -> 0 | BS20: =BI20-AO20 -> 0 | BT20: =BK20-AQ20 -> 0 | BY20: =BV20*(BW20*BX20) -> 0 | CA20: =BZ20*BV20 -> 0 | CC20: =BY20+CA20-CB20 -> 0 | CE20: =-CC20*CD20 -> 0 | CG20: =BV20-BB20 -> 0 | CH20: =BW20-BC20 -> 0 | CI20: =BX20-BD20 -> 0 | CJ20: =BY20-BE20 -> 0 | CK20: =CA20-BG20 -> 0 | CL20: =CB20-BH20 -> 0 | CM20: =CC20-BI20 -> 0 | CN20: =CE20-BK20 -> 0 | CS20: =CP20*(CQ20*CR20) -> 0 | CU20: =CT20*CP20 -> 0 | CW20: =CS20+CU20-CV20 -> 0 | CY20: =-CW20*CX20 -> 0 | DA20: =CP20-BV20 -> 0 | DB20: =CQ20-BW20 -> 0 | DC20: =CR20-BX20 -> 0 | DD20: =CS20-BY20 -> 0 | DE20: =CU20-CA20 -> 0 | DF20: =CV20-CB20 -> 0 | DG20: =CW20-CC20 -> 0 | DH20: =CY20-CE20 -> 0 | DJ20: =Y20+AS20+BM20+CG20+DA20 -> 0 | DK20: =Z20+AT20+BN20+CH20+DB20 -> 0 | DL20: =AA20+AU20+BO20+CI20+DC20 -> 0 | DM20: =AB20+AV20+BP20+CJ20+DD20 -> 0 | DN20: =AC20+AW20+BQ20+CK20+DE20 -> 0 | DO20: =AD20+AX20+BR20+CL20+DF20 -> 0 | DP20: =AE20+AY20+BS20+CM20+DG20 -> 0 | DQ20: =AF20+AZ20+BT20+CN20+DH20 -> 0
B21: Junior | F21: =C21*(D21*E21) -> 0 | H21: =G21*C21 -> 0 | J21: =F21+H21-I21 -> 0 | L21: =-J21*K21 -> 0 | Q21: =N21*(O21*P21) -> 0 | S21: =R21*N21 -> 0 | U21: =Q21+S21-T21 -> 0 | W21: =U21*-V21 -> 0 | Y21: =N21-C21 -> 0 | Z21: =O21-D21 -> 0 | AA21: =P21-E21 -> 0 | AB21: =Q21-F21 -> 0 | AC21: =S21-H21 -> 0 | AD21: =T21-I21 -> 0 | AE21: =U21-J21 -> 0 | AF21: =W21-L21 -> 0 | AK21: =AH21*(AI21*AJ21) -> 0 | AM21: =AL21*AH21 -> 0 | AO21: =AK21+AM21-AN21 -> 0 | AQ21: =-AO21*AP21 -> 0 | AS21: =AH21-N21 -> 0 | AT21: =AI21-O21 -> 0 | AU21: =AJ21-P21 -> 0 | AV21: =AK21-Q21 -> 0 | AW21: =AM21-S21 -> 0 | AX21: =AN21-T21 -> 0 | AY21: =AO21-U21 -> 0 | AZ21: =AQ21-W21 -> 0 | BE21: =BB21*(BC21*BD21) -> 0 | BG21: =BF21*BB21 -> 0 | BI21: =BE21+BG21-BH21 -> 0 | BK21: =-BI21*BJ21 -> 0 | BM21: =BB21-AH21 -> 0 | BN21: =BC21-AI21 -> 0 | BO21: =BD21-AJ21 -> 0 | BP21: =BE21-AK21 -> 0 | BQ21: =BG21-AM21 -> 0 | BR21: =BH21-AN21 -> 0 | BS21: =BI21-AO21 -> 0 | BT21: =BK21-AQ21 -> 0 | BY21: =BV21*(BW21*BX21) -> 0 | CA21: =BZ21*BV21 -> 0 | CC21: =BY21+CA21-CB21 -> 0 | CE21: =-CC21*CD21 -> 0 | CG21: =BV21-BB21 -> 0 | CH21: =BW21-BC21 -> 0 | CI21: =BX21-BD21 -> 0 | CJ21: =BY21-BE21 -> 0 | CK21: =CA21-BG21 -> 0 | CL21: =CB21-BH21 -> 0 | CM21: =CC21-BI21 -> 0 | CN21: =CE21-BK21 -> 0 | CS21: =CP21*(CQ21*CR21) -> 0 | CU21: =CT21*CP21 -> 0 | CW21: =CS21+CU21-CV21 -> 0 | CY21: =-CW21*CX21 -> 0 | DA21: =CP21-BV21 -> 0 | DB21: =CQ21-BW21 -> 0 | DC21: =CR21-BX21 -> 0 | DD21: =CS21-BY21 -> 0 | DE21: =CU21-CA21 -> 0 | DF21: =CV21-CB21 -> 0 | DG21: =CW21-CC21 -> 0 | DH21: =CY21-CE21 -> 0 | DJ21: =Y21+AS21+BM21+CG21+DA21 -> 0 | DK21: =Z21+AT21+BN21+CH21+DB21 -> 0 | DL21: =AA21+AU21+BO21+CI21+DC21 -> 0 | DM21: =AB21+AV21+BP21+CJ21+DD21 -> 0 | DN21: =AC21+AW21+BQ21+CK21+DE21 -> 0 | DO21: =AD21+AX21+BR21+CL21+DF21 -> 0 | DP21: =AE21+AY21+BS21+CM21+DG21 -> 0 | DQ21: =AF21+AZ21+BT21+CN21+DH21 -> 0
B22: Senior | F22: =C22*(D22*E22) -> 0 | H22: =G22*C22 -> 0 | J22: =F22+H22-I22 -> 0 | L22: =-J22*K22 -> 0 | Q22: =N22*(O22*P22) -> 0 | S22: =R22*N22 -> 0 | U22: =Q22+S22-T22 -> 0 | W22: =U22*-V22 -> 0 | Y22: =N22-C22 -> 0 | Z22: =O22-D22 -> 0 | AA22: =P22-E22 -> 0 | AB22: =Q22-F22 -> 0 | AC22: =S22-H22 -> 0 | AD22: =T22-I22 -> 0 | AE22: =U22-J22 -> 0 | AF22: =W22-L22 -> 0 | AK22: =AH22*(AI22*AJ22) -> 0 | AM22: =AL22*AH22 -> 0 | AO22: =AK22+AM22-AN22 -> 0 | AQ22: =-AO22*AP22 -> 0 | AS22: =AH22-N22 -> 0 | AT22: =AI22-O22 -> 0 | AU22: =AJ22-P22 -> 0 | AV22: =AK22-Q22 -> 0 | AW22: =AM22-S22 -> 0 | AX22: =AN22-T22 -> 0 | AY22: =AO22-U22 -> 0 | AZ22: =AQ22-W22 -> 0 | BE22: =BB22*(BC22*BD22) -> 0 | BG22: =BF22*BB22 -> 0 | BI22: =BE22+BG22-BH22 -> 0 | BK22: =-BI22*BJ22 -> 0 | BM22: =BB22-AH22 -> 0 | BN22: =BC22-AI22 -> 0 | BO22: =BD22-AJ22 -> 0 | BP22: =BE22-AK22 -> 0 | BQ22: =BG22-AM22 -> 0 | BR22: =BH22-AN22 -> 0 | BS22: =BI22-AO22 -> 0 | BT22: =BK22-AQ22 -> 0 | BY22: =BV22*(BW22*BX22) -> 0 | CA22: =BZ22*BV22 -> 0 | CC22: =BY22+CA22-CB22 -> 0 | CE22: =-CC22*CD22 -> 0 | CG22: =BV22-BB22 -> 0 | CH22: =BW22-BC22 -> 0 | CI22: =BX22-BD22 -> 0 | CJ22: =BY22-BE22 -> 0 | CK22: =CA22-BG22 -> 0 | CL22: =CB22-BH22 -> 0 | CM22: =CC22-BI22 -> 0 | CN22: =CE22-BK22 -> 0 | CS22: =CP22*(CQ22*CR22) -> 0 | CU22: =CT22*CP22 -> 0 | CW22: =CS22+CU22-CV22 -> 0 | CY22: =-CW22*CX22 -> 0 | DA22: =CP22-BV22 -> 0 | DB22: =CQ22-BW22 -> 0 | DC22: =CR22-BX22 -> 0 | DD22: =CS22-BY22 -> 0 | DE22: =CU22-CA22 -> 0 | DF22: =CV22-CB22 -> 0 | DG22: =CW22-CC22 -> 0 | DH22: =CY22-CE22 -> 0 | DJ22: =Y22+AS22+BM22+CG22+DA22 -> 0 | DK22: =Z22+AT22+BN22+CH22+DB22 -> 0 | DL22: =AA22+AU22+BO22+CI22+DC22 -> 0 | DM22: =AB22+AV22+BP22+CJ22+DD22 -> 0 | DN22: =AC22+AW22+BQ22+CK22+DE22 -> 0 | DO22: =AD22+AX22+BR22+CL22+DF22 -> 0 | DP22: =AE22+AY22+BS22+CM22+DG22 -> 0 | DQ22: =AF22+AZ22+BT22+CN22+DH22 -> 0
B23: Total Spring | C23: =SUM(C19:C22) -> 0 | F23: =SUM(F19:F22) -> 0 | H23: =SUM(H19:H22) -> 0 | I23: =SUM(I19:I22) -> 0 | J23: =SUM(J19:J22) -> 0 | L23: =SUM(L19:L22) -> 0 | N23: =SUM(N19:N22) -> 0 | Q23: =SUM(Q19:Q22) -> 0 | S23: =SUM(S19:S22) -> 0 | T23: =SUM(T19:T22) -> 0 | U23: =SUM(U19:U22) -> 0 | W23: =SUM(W19:W22) -> 0 | Y23: =SUM(Y19:Y22) -> 0 | AB23: =SUM(AB19:AB22) -> 0 | AC23: =SUM(AC19:AC22) -> 0 | AD23: =SUM(AD19:AD22) -> 0 | AE23: =SUM(AE19:AE22) -> 0 | AF23: =SUM(AF19:AF22) -> 0 | AH23: =SUM(AH19:AH22) -> 0 | AK23: =SUM(AK19:AK22) -> 0 | AM23: =SUM(AM19:AM22) -> 0 | AN23: =SUM(AN19:AN22) -> 0 | AO23: =SUM(AO19:AO22) -> 0 | AQ23: =SUM(AQ19:AQ22) -> 0 | AS23: =SUM(AS19:AS22) -> 0 | AV23: =SUM(AV19:AV22) -> 0 | AW23: =SUM(AW19:AW22) -> 0 | AX23: =SUM(AX19:AX22) -> 0 | AY23: =SUM(AY19:AY22) -> 0 | AZ23: =SUM(AZ19:AZ22) -> 0 | BB23: =SUM(BB19:BB22) -> 0 | BE23: =SUM(BE19:BE22) -> 0 | BG23: =SUM(BG19:BG22) -> 0 | BH23: =SUM(BH19:BH22) -> 0 | BI23: =SUM(BI19:BI22) -> 0 | BK23: =SUM(BK19:BK22) -> 0 | BM23: =SUM(BM19:BM22) -> 0 | BP23: =SUM(BP19:BP22) -> 0 | BQ23: =SUM(BQ19:BQ22) -> 0 | BR23: =SUM(BR19:BR22) -> 0 | BS23: =SUM(BS19:BS22) -> 0 | BT23: =SUM(BT19:BT22) -> 0 | BV23: =SUM(BV19:BV22) -> 0 | BY23: =SUM(BY19:BY22) -> 0 | CA23: =SUM(CA19:CA22) -> 0 | CB23: =SUM(CB19:CB22) -> 0 | CC23: =SUM(CC19:CC22) -> 0 | CE23: =SUM(CE19:CE22) -> 0 | CG23: =SUM(CG19:CG22) -> 0 | CJ23: =SUM(CJ19:CJ22) -> 0 | CK23: =SUM(CK19:CK22) -> 0 | CL23: =SUM(CL19:CL22) -> 0 | CM23: =SUM(CM19:CM22) -> 0 | CN23: =SUM(CN19:CN22) -> 0 | CP23: =SUM(CP19:CP22) -> 0 | CS23: =SUM(CS19:CS22) -> 0 | CU23: =SUM(CU19:CU22) -> 0 | CV23: =SUM(CV19:CV22) -> 0 | CW23: =SUM(CW19:CW22) -> 0 | CY23: =SUM(CY19:CY22) -> 0 | DA23: =SUM(DA19:DA22) -> 0 | DD23: =SUM(DD19:DD22) -> 0 | DE23: =SUM(DE19:DE22) -> 0 | DF23: =SUM(DF19:DF22) -> 0 | DG23: =SUM(DG19:DG22) -> 0 | DH23: =SUM(DH19:DH22) -> 0 | DJ23: =SUM(DJ19:DJ22) -> 0 | DM23: =SUM(DM19:DM22) -> 0 | DN23: =SUM(DN19:DN22) -> 0 | DO23: =SUM(DO19:DO22) -> 0 | DP23: =SUM(DP19:DP22) -> 0 | DQ23: =SUM(DQ19:DQ22) -> 0
B25: Total Undergraduate Full-Time | C25: =(C16+C23)/2 -> 0 | F25: =F16+F23/2 -> 0 | H25: =H16+H23 -> 0 | I25: =I16+I23 -> 0 | J25: =J16+J23 -> 0 | L25: =L16+L23 -> 0 | N25: =(N16+N23)/2 -> 0 | Q25: =Q16+Q23 -> 0 | S25: =S16+S23 -> 0 | T25: =T16+T23 -> 0 | U25: =U16+U23 -> 0 | W25: =W16+W23 -> 0 | Y25: =(Y16+Y23)/2 -> 0 | AB25: =AB16+AB23 -> 0 | AC25: =AC16+AC23 -> 0 | AD25: =AD16+AD23 -> 0 | AE25: =AE16+AE23 -> 0 | AF25: =AF16+AF23 -> 0 | AH25: =(AH16+AH23)/2 -> 0 | AK25: =AK16+AK23 -> 0 | AM25: =AM16+AM23 -> 0 | AN25: =AN16+AN23 -> 0 | AO25: =AO16+AO23 -> 0 | AQ25: =AQ16+AQ23 -> 0 | AS25: =(AS16+AS23)/2 -> 0 | AV25: =AV16+AV23 -> 0 | AW25: =AW16+AW23 -> 0 | AX25: =AX16+AX23 -> 0 | AY25: =AY16+AY23 -> 0 | AZ25: =AZ16+AZ23 -> 0 | BB25: =(BB16+BB23)/2 -> 0 | BE25: =BE16+BE23 -> 0 | BG25: =BG16+BG23 -> 0 | BH25: =BH16+BH23 -> 0 | BI25: =BI16+BI23 -> 0 | BK25: =BK16+BK23 -> 0 | BM25: =(BM16+BM23)/2 -> 0 | BP25: =BP16+BP23 -> 0 | BQ25: =BQ16+BQ23 -> 0 | BR25: =BR16+BR23 -> 0 | BS25: =BS16+BS23 -> 0 | BT25: =BT16+BT23 -> 0 | BV25: =(BV16+BV23)/2 -> 0 | BY25: =BY16+BY23 -> 0 | CA25: =CA16+CA23 -> 0 | CB25: =CB16+CB23 -> 0 | CC25: =CC16+CC23 -> 0 | CE25: =CE16+CE23 -> 0 | CG25: =(CG16+CG23)/2 -> 0 | CJ25: =CJ16+CJ23 -> 0 | CK25: =CK16+CK23 -> 0 | CL25: =CL16+CL23 -> 0 | CM25: =CM16+CM23 -> 0 | CN25: =CN16+CN23 -> 0 | CP25: =(CP16+CP23)/2 -> 0 | CS25: =CS16+CS23 -> 0 | CU25: =CU16+CU23 -> 0 | CV25: =CV16+CV23 -> 0 | CW25: =CW16+CW23 -> 0 | CY25: =CY16+CY23 -> 0 | DA25: =(DA16+DA23)/2 -> 0 | DD25: =DD16+DD23 -> 0 | DE25: =DE16+DE23 -> 0 | DF25: =DF16+DF23 -> 0 | DG25: =DG16+DG23 -> 0 | DH25: =DH16+DH23 -> 0 | DJ25: =(DJ16+DJ23)/2 -> 0 | DM25: =DM16+DM23 -> 0 | DN25: =DN16+DN23 -> 0 | DO25: =DO16+DO23 -> 0 | DP25: =DP16+DP23 -> 0 | DQ25: =DQ16+DQ23 -> 0
B27: Undergraduate Part-Time | Revenue Detail
B28: Fall
B29: Freshmen | F29: =C29*(D29*E29) -> 0 | H29: =G29*C29 -> 0 | J29: =F29+H29-I29 -> 0 | L29: =-J29*K29 -> 0 | Q29: =N29*(O29*P29) -> 0 | S29: =R29*N29 -> 0 | U29: =Q29+S29-T29 -> 0 | W29: =U29*-V29 -> 0 | Y29: =N29-C29 -> 0 | Z29: =O29-D29 -> 0 | AA29: =P29-E29 -> 0 | AB29: =Q29-F29 -> 0 | AC29: =S29-H29 -> 0 | AD29: =T29-I29 -> 0 | AE29: =U29-J29 -> 0 | AF29: =W29-L29 -> 0 | AK29: =AH29*(AI29*AJ29) -> 0 | AM29: =AL29*AH29 -> 0 | AO29: =AK29+AM29-AN29 -> 0 | AQ29: =-AO29*AP29 -> 0 | AS29: =AH29-N29 -> 0 | AT29: =AI29-O29 -> 0 | AU29: =AJ29-P29 -> 0 | AV29: =AK29-Q29 -> 0 | AW29: =AM29-S29 -> 0 | AX29: =AN29-T29 -> 0 | AY29: =AO29-U29 -> 0 | AZ29: =AQ29-W29 -> 0 | BE29: =BB29*(BC29*BD29) -> 0 | BG29: =BF29*BB29 -> 0 | BI29: =BE29+BG29-BH29 -> 0 | BK29: =-BI29*BJ29 -> 0 | BM29: =BB29-AH29 -> 0 | BN29: =BC29-AI29 -> 0 | BO29: =BD29-AJ29 -> 0 | BP29: =BE29-AK29 -> 0 | BQ29: =BG29-AM29 -> 0 | BR29: =BH29-AN29 -> 0 | BS29: =BI29-AO29 -> 0 | BT29: =BK29-AQ29 -> 0 | BY29: =BV29*(BW29*BX29) -> 0 | CA29: =BZ29*BV29 -> 0 | CC29: =BY29+CA29-CB29 -> 0 | CE29: =-CC29*CD29 -> 0 | CG29: =BV29-BB29 -> 0 | CH29: =BW29-BC29 -> 0 | CI29: =BX29-BD29 -> 0 | CJ29: =BY29-BE29 -> 0 | CK29: =CA29-BG29 -> 0 | CL29: =CB29-BH29 -> 0 | CM29: =CC29-BI29 -> 0 | CN29: =CE29-BK29 -> 0 | CS29: =CP29*(CQ29*CR29) -> 0 | CU29: =CT29*CP29 -> 0 | CW29: =CS29+CU29-CV29 -> 0 | CY29: =-CW29*CX29 -> 0 | DA29: =CP29-BV29 -> 0 | DB29: =CQ29-BW29 -> 0 | DC29: =CR29-BX29 -> 0 | DD29: =CS29-BY29 -> 0 | DE29: =CU29-CA29 -> 0 | DF29: =CV29-CB29 -> 0 | DG29: =CW29-CC29 -> 0 | DH29: =CY29-CE29 -> 0 | DJ29: =Y29+AS29+BM29+CG29+DA29 -> 0 | DK29: =Z29+AT29+BN29+CH29+DB29 -> 0 | DL29: =AA29+AU29+BO29+CI29+DC29 -> 0 | DM29: =AB29+AV29+BP29+CJ29+DD29 -> 0 | DN29: =AC29+AW29+BQ29+CK29+DE29 -> 0 | DO29: =AD29+AX29+BR29+CL29+DF29 -> 0 | DP29: =AE29+AY29+BS29+CM29+DG29 -> 0 | DQ29: =AF29+AZ29+BT29+CN29+DH29 -> 0
B30: Sophomore | F30: =C30*(D30*E30) -> 0 | H30: =G30*C30 -> 0 | J30: =F30+H30-I30 -> 0 | L30: =-J30*K30 -> 0 | Q30: =N30*(O30*P30) -> 0 | S30: =R30*N30 -> 0 | U30: =Q30+S30-T30 -> 0 | W30: =U30*-V30 -> 0 | Y30: =N30-C30 -> 0 | Z30: =O30-D30 -> 0 | AA30: =P30-E30 -> 0 | AB30: =Q30-F30 -> 0 | AC30: =S30-H30 -> 0 | AD30: =T30-I30 -> 0 | AE30: =U30-J30 -> 0 | AF30: =W30-L30 -> 0 | AK30: =AH30*(AI30*AJ30) -> 0 | AM30: =AL30*AH30 -> 0 | AO30: =AK30+AM30-AN30 -> 0 | AQ30: =-AO30*AP30 -> 0 | AS30: =AH30-N30 -> 0 | AT30: =AI30-O30 -> 0 | AU30: =AJ30-P30 -> 0 | AV30: =AK30-Q30 -> 0 | AW30: =AM30-S30 -> 0 | AX30: =AN30-T30 -> 0 | AY30: =AO30-U30 -> 0 | AZ30: =AQ30-W30 -> 0 | BE30: =BB30*(BC30*BD30) -> 0 | BG30: =BF30*BB30 -> 0 | BI30: =BE30+BG30-BH30 -> 0 | BK30: =-BI30*BJ30 -> 0 | BM30: =BB30-AH30 -> 0 | BN30: =BC30-AI30 -> 0 | BO30: =BD30-AJ30 -> 0 | BP30: =BE30-AK30 -> 0 | BQ30: =BG30-AM30 -> 0 | BR30: =BH30-AN30 -> 0 | BS30: =BI30-AO30 -> 0 | BT30: =BK30-AQ30 -> 0 | BY30: =BV30*(BW30*BX30) -> 0 | CA30: =BZ30*BV30 -> 0 | CC30: =BY30+CA30-CB30 -> 0 | CE30: =-CC30*CD30 -> 0 | CG30: =BV30-BB30 -> 0 | CH30: =BW30-BC30 -> 0 | CI30: =BX30-BD30 -> 0 | CJ30: =BY30-BE30 -> 0 | CK30: =CA30-BG30 -> 0 | CL30: =CB30-BH30 -> 0 | CM30: =CC30-BI30 -> 0 | CN30: =CE30-BK30 -> 0 | CS30: =CP30*(CQ30*CR30) -> 0 | CU30: =CT30*CP30 -> 0 | CW30: =CS30+CU30-CV30 -> 0 | CY30: =-CW30*CX30 -> 0 | DA30: =CP30-BV30 -> 0 | DB30: =CQ30-BW30 -> 0 | DC30: =CR30-BX30 -> 0 | DD30: =CS30-BY30 -> 0 | DE30: =CU30-CA30 -> 0 | DF30: =CV30-CB30 -> 0 | DG30: =CW30-CC30 -> 0 | DH30: =CY30-CE30 -> 0 | DJ30: =Y30+AS30+BM30+CG30+DA30 -> 0 | DK30: =Z30+AT30+BN30+CH30+DB30 -> 0 | DL30: =AA30+AU30+BO30+CI30+DC30 -> 0 | DM30: =AB30+AV30+BP30+CJ30+DD30 -> 0 | DN30: =AC30+AW30+BQ30+CK30+DE30 -> 0 | DO30: =AD30+AX30+BR30+CL30+DF30 -> 0 | DP30: =AE30+AY30+BS30+CM30+DG30 -> 0 | DQ30: =AF30+AZ30+BT30+CN30+DH30 -> 0
B31: Junior | F31: =C31*(D31*E31) -> 0 | H31: =G31*C31 -> 0 | J31: =F31+H31-I31 -> 0 | L31: =-J31*K31 -> 0 | Q31: =N31*(O31*P31) -> 0 | S31: =R31*N31 -> 0 | U31: =Q31+S31-T31 -> 0 | W31: =U31*-V31 -> 0 | Y31: =N31-C31 -> 0 | Z31: =O31-D31 -> 0 | AA31: =P31-E31 -> 0 | AB31: =Q31-F31 -> 0 | AC31: =S31-H31 -> 0 | AD31: =T31-I31 -> 0 | AE31: =U31-J31 -> 0 | AF31: =W31-L31 -> 0 | AK31: =AH31*(AI31*AJ31) -> 0 | AM31: =AL31*AH31 -> 0 | AO31: =AK31+AM31-AN31 -> 0 | AQ31: =-AO31*AP31 -> 0 | AS31: =AH31-N31 -> 0 | AT31: =AI31-O31 -> 0 | AU31: =AJ31-P31 -> 0 | AV31: =AK31-Q31 -> 0 | AW31: =AM31-S31 -> 0 | AX31: =AN31-T31 -> 0 | AY31: =AO31-U31 -> 0 | AZ31: =AQ31-W31 -> 0 | BE31: =BB31*(BC31*BD31) -> 0 | BG31: =BF31*BB31 -> 0 | BI31: =BE31+BG31-BH31 -> 0 | BK31: =-BI31*BJ31 -> 0 | BM31: =BB31-AH31 -> 0 | BN31: =BC31-AI31 -> 0 | BO31: =BD31-AJ31 -> 0 | BP31: =BE31-AK31 -> 0 | BQ31: =BG31-AM31 -> 0 | BR31: =BH31-AN31 -> 0 | BS31: =BI31-AO31 -> 0 | BT31: =BK31-AQ31 -> 0 | BY31: =BV31*(BW31*BX31) -> 0 | CA31: =BZ31*BV31 -> 0 | CC31: =BY31+CA31-CB31 -> 0 | CE31: =-CC31*CD31 -> 0 | CG31: =BV31-BB31 -> 0 | CH31: =BW31-BC31 -> 0 | CI31: =BX31-BD31 -> 0 | CJ31: =BY31-BE31 -> 0 | CK31: =CA31-BG31 -> 0 | CL31: =CB31-BH31 -> 0 | CM31: =CC31-BI31 -> 0 | CN31: =CE31-BK31 -> 0 | CS31: =CP31*(CQ31*CR31) -> 0 | CU31: =CT31*CP31 -> 0 | CW31: =CS31+CU31-CV31 -> 0 | CY31: =-CW31*CX31 -> 0 | DA31: =CP31-BV31 -> 0 | DB31: =CQ31-BW31 -> 0 | DC31: =CR31-BX31 -> 0 | DD31: =CS31-BY31 -> 0 | DE31: =CU31-CA31 -> 0 | DF31: =CV31-CB31 -> 0 | DG31: =CW31-CC31 -> 0 | DH31: =CY31-CE31 -> 0 | DJ31: =Y31+AS31+BM31+CG31+DA31 -> 0 | DK31: =Z31+AT31+BN31+CH31+DB31 -> 0 | DL31: =AA31+AU31+BO31+CI31+DC31 -> 0 | DM31: =AB31+AV31+BP31+CJ31+DD31 -> 0 | DN31: =AC31+AW31+BQ31+CK31+DE31 -> 0 | DO31: =AD31+AX31+BR31+CL31+DF31 -> 0 | DP31: =AE31+AY31+BS31+CM31+DG31 -> 0 | DQ31: =AF31+AZ31+BT31+CN31+DH31 -> 0
B32: Senior | F32: =C32*(D32*E32) -> 0 | H32: =G32*C32 -> 0 | J32: =F32+H32-I32 -> 0 | L32: =-J32*K32 -> 0 | Q32: =N32*(O32*P32) -> 0 | S32: =R32*N32 -> 0 | U32: =Q32+S32-T32 -> 0 | W32: =U32*-V32 -> 0 | Y32: =N32-C32 -> 0 | Z32: =O32-D32 -> 0 | AA32: =P32-E32 -> 0 | AB32: =Q32-F32 -> 0 | AC32: =S32-H32 -> 0 | AD32: =T32-I32 -> 0 | AE32: =U32-J32 -> 0 | AF32: =W32-L32 -> 0 | AK32: =AH32*(AI32*AJ32) -> 0 | AM32: =AL32*AH32 -> 0 | AO32: =AK32+AM32-AN32 -> 0 | AQ32: =-AO32*AP32 -> 0 | AS32: =AH32-N32 -> 0 | AT32: =AI32-O32 -> 0 | AU32: =AJ32-P32 -> 0 | AV32: =AK32-Q32 -> 0 | AW32: =AM32-S32 -> 0 | AX32: =AN32-T32 -> 0 | AY32: =AO32-U32 -> 0 | AZ32: =AQ32-W32 -> 0 | BE32: =BB32*(BC32*BD32) -> 0 | BG32: =BF32*BB32 -> 0 | BI32: =BE32+BG32-BH32 -> 0 | BK32: =-BI32*BJ32 -> 0 | BM32: =BB32-AH32 -> 0 | BN32: =BC32-AI32 -> 0 | BO32: =BD32-AJ32 -> 0 | BP32: =BE32-AK32 -> 0 | BQ32: =BG32-AM32 -> 0 | BR32: =BH32-AN32 -> 0 | BS32: =BI32-AO32 -> 0 | BT32: =BK32-AQ32 -> 0 | BY32: =BV32*(BW32*BX32) -> 0 | CA32: =BZ32*BV32 -> 0 | CC32: =BY32+CA32-CB32 -> 0 | CE32: =-CC32*CD32 -> 0 | CG32: =BV32-BB32 -> 0 | CH32: =BW32-BC32 -> 0 | CI32: =BX32-BD32 -> 0 | CJ32: =BY32-BE32 -> 0 | CK32: =CA32-BG32 -> 0 | CL32: =CB32-BH32 -> 0 | CM32: =CC32-BI32 -> 0 | CN32: =CE32-BK32 -> 0 | CS32: =CP32*(CQ32*CR32) -> 0 | CU32: =CT32*CP32 -> 0 | CW32: =CS32+CU32-CV32 -> 0 | CY32: =-CW32*CX32 -> 0 | DA32: =CP32-BV32 -> 0 | DB32: =CQ32-BW32 -> 0 | DC32: =CR32-BX32 -> 0 | DD32: =CS32-BY32 -> 0 | DE32: =CU32-CA32 -> 0 | DF32: =CV32-CB32 -> 0 | DG32: =CW32-CC32 -> 0 | DH32: =CY32-CE32 -> 0 | DJ32: =Y32+AS32+BM32+CG32+DA32 -> 0 | DK32: =Z32+AT32+BN32+CH32+DB32 -> 0 | DL32: =AA32+AU32+BO32+CI32+DC32 -> 0 | DM32: =AB32+AV32+BP32+CJ32+DD32 -> 0 | DN32: =AC32+AW32+BQ32+CK32+DE32 -> 0 | DO32: =AD32+AX32+BR32+CL32+DF32 -> 0 | DP32: =AE32+AY32+BS32+CM32+DG32 -> 0 | DQ32: =AF32+AZ32+BT32+CN32+DH32 -> 0
B33: Total Fall | C33: =SUM(C29:C32) -> 0 | F33: =SUM(F29:F32) -> 0 | H33: =SUM(H29:H32) -> 0 | I33: =SUM(I29:I32) -> 0 | J33: =SUM(J29:J32) -> 0 | L33: =SUM(L29:L32) -> 0 | N33: =SUM(N29:N32) -> 0 | Q33: =SUM(Q29:Q32) -> 0 | S33: =SUM(S29:S32) -> 0 | T33: =SUM(T29:T32) -> 0 | U33: =SUM(U29:U32) -> 0 | W33: =SUM(W29:W32) -> 0 | Y33: =SUM(Y29:Y32) -> 0 | AB33: =SUM(AB29:AB32) -> 0 | AC33: =SUM(AC29:AC32) -> 0 | AD33: =SUM(AD29:AD32) -> 0 | AE33: =SUM(AE29:AE32) -> 0 | AF33: =SUM(AF29:AF32) -> 0 | AH33: =SUM(AH29:AH32) -> 0 | AK33: =SUM(AK29:AK32) -> 0 | AM33: =SUM(AM29:AM32) -> 0 | AN33: =SUM(AN29:AN32) -> 0 | AO33: =SUM(AO29:AO32) -> 0 | AQ33: =SUM(AQ29:AQ32) -> 0 | AS33: =SUM(AS29:AS32) -> 0 | AV33: =SUM(AV29:AV32) -> 0 | AW33: =SUM(AW29:AW32) -> 0 | AX33: =SUM(AX29:AX32) -> 0 | AY33: =SUM(AY29:AY32) -> 0 | AZ33: =SUM(AZ29:AZ32) -> 0 | BB33: =SUM(BB29:BB32) -> 0 | BE33: =SUM(BE29:BE32) -> 0 | BG33: =SUM(BG29:BG32) -> 0 | BH33: =SUM(BH29:BH32) -> 0 | BI33: =SUM(BI29:BI32) -> 0 | BK33: =SUM(BK29:BK32) -> 0 | BM33: =SUM(BM29:BM32) -> 0 | BP33: =SUM(BP29:BP32) -> 0 | BQ33: =SUM(BQ29:BQ32) -> 0 | BR33: =SUM(BR29:BR32) -> 0 | BS33: =SUM(BS29:BS32) -> 0 | BT33: =SUM(BT29:BT32) -> 0 | BV33: =SUM(BV29:BV32) -> 0 | BY33: =SUM(BY29:BY32) -> 0 | CA33: =SUM(CA29:CA32) -> 0 | CB33: =SUM(CB29:CB32) -> 0 | CC33: =SUM(CC29:CC32) -> 0 | CE33: =SUM(CE29:CE32) -> 0 | CG33: =SUM(CG29:CG32) -> 0 | CJ33: =SUM(CJ29:CJ32) -> 0 | CK33: =SUM(CK29:CK32) -> 0 | CL33: =SUM(CL29:CL32) -> 0 | CM33: =SUM(CM29:CM32) -> 0 | CN33: =SUM(CN29:CN32) -> 0 | CP33: =SUM(CP29:CP32) -> 0 | CS33: =SUM(CS29:CS32) -> 0 | CU33: =SUM(CU29:CU32) -> 0 | CV33: =SUM(CV29:CV32) -> 0 | CW33: =SUM(CW29:CW32) -> 0 | CY33: =SUM(CY29:CY32) -> 0 | DA33: =SUM(DA29:DA32) -> 0 | DD33: =SUM(DD29:DD32) -> 0 | DE33: =SUM(DE29:DE32) -> 0 | DF33: =SUM(DF29:DF32) -> 0 | DG33: =SUM(DG29:DG32) -> 0 | DH33: =SUM(DH29:DH32) -> 0 | DJ33: =SUM(DJ29:DJ32) -> 0 | DM33: =SUM(DM29:DM32) -> 0 | DN33: =SUM(DN29:DN32) -> 0 | DO33: =SUM(DO29:DO32) -> 0 | DP33: =SUM(DP29:DP32) -> 0 | DQ33: =SUM(DQ29:DQ32) -> 0
B35: Spring
B36: Freshmen | F36: =C36*(D36*E36) -> 0 | H36: =G36*C36 -> 0 | J36: =F36+H36-I36 -> 0 | L36: =-J36*K36 -> 0 | Q36: =N36*(O36*P36) -> 0 | S36: =R36*N36 -> 0 | U36: =Q36+S36-T36 -> 0 | W36: =U36*-V36 -> 0 | Y36: =N36-C36 -> 0 | Z36: =O36-D36 -> 0 | AA36: =P36-E36 -> 0 | AB36: =Q36-F36 -> 0 | AC36: =S36-H36 -> 0 | AD36: =T36-I36 -> 0 | AE36: =U36-J36 -> 0 | AF36: =W36-L36 -> 0 | AK36: =AH36*(AI36*AJ36) -> 0 | AM36: =AL36*AH36 -> 0 | AO36: =AK36+AM36-AN36 -> 0 | AQ36: =-AO36*AP36 -> 0 | AS36: =AH36-N36 -> 0 | AT36: =AI36-O36 -> 0 | AU36: =AJ36-P36 -> 0 | AV36: =AK36-Q36 -> 0 | AW36: =AM36-S36 -> 0 | AX36: =AN36-T36 -> 0 | AY36: =AO36-U36 -> 0 | AZ36: =AQ36-W36 -> 0 | BE36: =BB36*(BC36*BD36) -> 0 | BG36: =BF36*BB36 -> 0 | BI36: =BE36+BG36-BH36 -> 0 | BK36: =-BI36*BJ36 -> 0 | BM36: =BB36-AH36 -> 0 | BN36: =BC36-AI36 -> 0 | BO36: =BD36-AJ36 -> 0 | BP36: =BE36-AK36 -> 0 | BQ36: =BG36-AM36 -> 0 | BR36: =BH36-AN36 -> 0 | BS36: =BI36-AO36 -> 0 | BT36: =BK36-AQ36 -> 0 | BY36: =BV36*(BW36*BX36) -> 0 | CA36: =BZ36*BV36 -> 0 | CC36: =BY36+CA36-CB36 -> 0 | CE36: =-CC36*CD36 -> 0 | CG36: =BV36-BB36 -> 0 | CH36: =BW36-BC36 -> 0 | CI36: =BX36-BD36 -> 0 | CJ36: =BY36-BE36 -> 0 | CK36: =CA36-BG36 -> 0 | CL36: =CB36-BH36 -> 0 | CM36: =CC36-BI36 -> 0 | CN36: =CE36-BK36 -> 0 | CS36: =CP36*(CQ36*CR36) -> 0 | CU36: =CT36*CP36 -> 0 | CW36: =CS36+CU36-CV36 -> 0 | CY36: =-CW36*CX36 -> 0 | DA36: =CP36-BV36 -> 0 | DB36: =CQ36-BW36 -> 0 | DC36: =CR36-BX36 -> 0 | DD36: =CS36-BY36 -> 0 | DE36: =CU36-CA36 -> 0 | DF36: =CV36-CB36 -> 0 | DG36: =CW36-CC36 -> 0 | DH36: =CY36-CE36 -> 0 | DJ36: =Y36+AS36+BM36+CG36+DA36 -> 0 | DK36: =Z36+AT36+BN36+CH36+DB36 -> 0 | DL36: =AA36+AU36+BO36+CI36+DC36 -> 0 | DM36: =AB36+AV36+BP36+CJ36+DD36 -> 0 | DN36: =AC36+AW36+BQ36+CK36+DE36 -> 0 | DO36: =AD36+AX36+BR36+CL36+DF36 -> 0 | DP36: =AE36+AY36+BS36+CM36+DG36 -> 0 | DQ36: =AF36+AZ36+BT36+CN36+DH36 -> 0
B37: Sophomore | F37: =C37*(D37*E37) -> 0 | H37: =G37*C37 -> 0 | J37: =F37+H37-I37 -> 0 | L37: =-J37*K37 -> 0 | Q37: =N37*(O37*P37) -> 0 | S37: =R37*N37 -> 0 | U37: =Q37+S37-T37 -> 0 | W37: =U37*-V37 -> 0 | Y37: =N37-C37 -> 0 | Z37: =O37-D37 -> 0 | AA37: =P37-E37 -> 0 | AB37: =Q37-F37 -> 0 | AC37: =S37-H37 -> 0 | AD37: =T37-I37 -> 0 | AE37: =U37-J37 -> 0 | AF37: =W37-L37 -> 0 | AK37: =AH37*(AI37*AJ37) -> 0 | AM37: =AL37*AH37 -> 0 | AO37: =AK37+AM37-AN37 -> 0 | AQ37: =-AO37*AP37 -> 0 | AS37: =AH37-N37 -> 0 | AT37: =AI37-O37 -> 0 | AU37: =AJ37-P37 -> 0 | AV37: =AK37-Q37 -> 0 | AW37: =AM37-S37 -> 0 | AX37: =AN37-T37 -> 0 | AY37: =AO37-U37 -> 0 | AZ37: =AQ37-W37 -> 0 | BE37: =BB37*(BC37*BD37) -> 0 | BG37: =BF37*BB37 -> 0 | BI37: =BE37+BG37-BH37 -> 0 | BK37: =-BI37*BJ37 -> 0 | BM37: =BB37-AH37 -> 0 | BN37: =BC37-AI37 -> 0 | BO37: =BD37-AJ37 -> 0 | BP37: =BE37-AK37 -> 0 | BQ37: =BG37-AM37 -> 0 | BR37: =BH37-AN37 -> 0 | BS37: =BI37-AO37 -> 0 | BT37: =BK37-AQ37 -> 0 | BY37: =BV37*(BW37*BX37) -> 0 | CA37: =BZ37*BV37 -> 0 | CC37: =BY37+CA37-CB37 -> 0 | CE37: =-CC37*CD37 -> 0 | CG37: =BV37-BB37 -> 0 | CH37: =BW37-BC37 -> 0 | CI37: =BX37-BD37 -> 0 | CJ37: =BY37-BE37 -> 0 | CK37: =CA37-BG37 -> 0 | CL37: =CB37-BH37 -> 0 | CM37: =CC37-BI37 -> 0 | CN37: =CE37-BK37 -> 0 | CS37: =CP37*(CQ37*CR37) -> 0 | CU37: =CT37*CP37 -> 0 | CW37: =CS37+CU37-CV37 -> 0 | CY37: =-CW37*CX37 -> 0 | DA37: =CP37-BV37 -> 0 | DB37: =CQ37-BW37 -> 0 | DC37: =CR37-BX37 -> 0 | DD37: =CS37-BY37 -> 0 | DE37: =CU37-CA37 -> 0 | DF37: =CV37-CB37 -> 0 | DG37: =CW37-CC37 -> 0 | DH37: =CY37-CE37 -> 0 | DJ37: =Y37+AS37+BM37+CG37+DA37 -> 0 | DK37: =Z37+AT37+BN37+CH37+DB37 -> 0 | DL37: =AA37+AU37+BO37+CI37+DC37 -> 0 | DM37: =AB37+AV37+BP37+CJ37+DD37 -> 0 | DN37: =AC37+AW37+BQ37+CK37+DE37 -> 0 | DO37: =AD37+AX37+BR37+CL37+DF37 -> 0 | DP37: =AE37+AY37+BS37+CM37+DG37 -> 0 | DQ37: =AF37+AZ37+BT37+CN37+DH37 -> 0
B38: Junior | F38: =C38*(D38*E38) -> 0 | H38: =G38*C38 -> 0 | J38: =F38+H38-I38 -> 0 | L38: =-J38*K38 -> 0 | Q38: =N38*(O38*P38) -> 0 | S38: =R38*N38 -> 0 | U38: =Q38+S38-T38 -> 0 | W38: =U38*-V38 -> 0 | Y38: =N38-C38 -> 0 | Z38: =O38-D38 -> 0 | AA38: =P38-E38 -> 0 | AB38: =Q38-F38 -> 0 | AC38: =S38-H38 -> 0 | AD38: =T38-I38 -> 0 | AE38: =U38-J38 -> 0 | AF38: =W38-L38 -> 0 | AK38: =AH38*(AI38*AJ38) -> 0 | AM38: =AL38*AH38 -> 0 | AO38: =AK38+AM38-AN38 -> 0 | AQ38: =-AO38*AP38 -> 0 | AS38: =AH38-N38 -> 0 | AT38: =AI38-O38 -> 0 | AU38: =AJ38-P38 -> 0 | AV38: =AK38-Q38 -> 0 | AW38: =AM38-S38 -> 0 | AX38: =AN38-T38 -> 0 | AY38: =AO38-U38 -> 0 | AZ38: =AQ38-W38 -> 0 | BE38: =BB38*(BC38*BD38) -> 0 | BG38: =BF38*BB38 -> 0 | BI38: =BE38+BG38-BH38 -> 0 | BK38: =-BI38*BJ38 -> 0 | BM38: =BB38-AH38 -> 0 | BN38: =BC38-AI38 -> 0 | BO38: =BD38-AJ38 -> 0 | BP38: =BE38-AK38 -> 0 | BQ38: =BG38-AM38 -> 0 | BR38: =BH38-AN38 -> 0 | BS38: =BI38-AO38 -> 0 | BT38: =BK38-AQ38 -> 0 | BY38: =BV38*(BW38*BX38) -> 0 | CA38: =BZ38*BV38 -> 0 | CC38: =BY38+CA38-CB38 -> 0 | CE38: =-CC38*CD38 -> 0 | CG38: =BV38-BB38 -> 0 | CH38: =BW38-BC38 -> 0 | CI38: =BX38-BD38 -> 0 | CJ38: =BY38-BE38 -> 0 | CK38: =CA38-BG38 -> 0 | CL38: =CB38-BH38 -> 0 | CM38: =CC38-BI38 -> 0 | CN38: =CE38-BK38 -> 0 | CS38: =CP38*(CQ38*CR38) -> 0 | CU38: =CT38*CP38 -> 0 | CW38: =CS38+CU38-CV38 -> 0 | CY38: =-CW38*CX38 -> 0 | DA38: =CP38-BV38 -> 0 | DB38: =CQ38-BW38 -> 0 | DC38: =CR38-BX38 -> 0 | DD38: =CS38-BY38 -> 0 | DE38: =CU38-CA38 -> 0 | DF38: =CV38-CB38 -> 0 | DG38: =CW38-CC38 -> 0 | DH38: =CY38-CE38 -> 0 | DJ38: =Y38+AS38+BM38+CG38+DA38 -> 0 | DK38: =Z38+AT38+BN38+CH38+DB38 -> 0 | DL38: =AA38+AU38+BO38+CI38+DC38 -> 0 | DM38: =AB38+AV38+BP38+CJ38+DD38 -> 0 | DN38: =AC38+AW38+BQ38+CK38+DE38 -> 0 | DO38: =AD38+AX38+BR38+CL38+DF38 -> 0 | DP38: =AE38+AY38+BS38+CM38+DG38 -> 0 | DQ38: =AF38+AZ38+BT38+CN38+DH38 -> 0
B39: Senior | F39: =C39*(D39*E39) -> 0 | H39: =G39*C39 -> 0 | J39: =F39+H39-I39 -> 0 | L39: =-J39*K39 -> 0 | Q39: =N39*(O39*P39) -> 0 | S39: =R39*N39 -> 0 | U39: =Q39+S39-T39 -> 0 | W39: =U39*-V39 -> 0 | Y39: =N39-C39 -> 0 | Z39: =O39-D39 -> 0 | AA39: =P39-E39 -> 0 | AB39: =Q39-F39 -> 0 | AC39: =S39-H39 -> 0 | AD39: =T39-I39 -> 0 | AE39: =U39-J39 -> 0 | AF39: =W39-L39 -> 0 | AK39: =AH39*(AI39*AJ39) -> 0 | AM39: =AL39*AH39 -> 0 | AO39: =AK39+AM39-AN39 -> 0 | AQ39: =-AO39*AP39 -> 0 | AS39: =AH39-N39 -> 0 | AT39: =AI39-O39 -> 0 | AU39: =AJ39-P39 -> 0 | AV39: =AK39-Q39 -> 0 | AW39: =AM39-S39 -> 0 | AX39: =AN39-T39 -> 0 | AY39: =AO39-U39 -> 0 | AZ39: =AQ39-W39 -> 0 | BE39: =BB39*(BC39*BD39) -> 0 | BG39: =BF39*BB39 -> 0 | BI39: =BE39+BG39-BH39 -> 0 | BK39: =-BI39*BJ39 -> 0 | BM39: =BB39-AH39 -> 0 | BN39: =BC39-AI39 -> 0 | BO39: =BD39-AJ39 -> 0 | BP39: =BE39-AK39 -> 0 | BQ39: =BG39-AM39 -> 0 | BR39: =BH39-AN39 -> 0 | BS39: =BI39-AO39 -> 0 | BT39: =BK39-AQ39 -> 0 | BY39: =BV39*(BW39*BX39) -> 0 | CA39: =BZ39*BV39 -> 0 | CC39: =BY39+CA39-CB39 -> 0 | CE39: =-CC39*CD39 -> 0 | CG39: =BV39-BB39 -> 0 | CH39: =BW39-BC39 -> 0 | CI39: =BX39-BD39 -> 0 | CJ39: =BY39-BE39 -> 0 | CK39: =CA39-BG39 -> 0 | CL39: =CB39-BH39 -> 0 | CM39: =CC39-BI39 -> 0 | CN39: =CE39-BK39 -> 0 | CS39: =CP39*(CQ39*CR39) -> 0 | CU39: =CT39*CP39 -> 0 | CW39: =CS39+CU39-CV39 -> 0 | CY39: =-CW39*CX39 -> 0 | DA39: =CP39-BV39 -> 0 | DB39: =CQ39-BW39 -> 0 | DC39: =CR39-BX39 -> 0 | DD39: =CS39-BY39 -> 0 | DE39: =CU39-CA39 -> 0 | DF39: =CV39-CB39 -> 0 | DG39: =CW39-CC39 -> 0 | DH39: =CY39-CE39 -> 0 | DJ39: =Y39+AS39+BM39+CG39+DA39 -> 0 | DK39: =Z39+AT39+BN39+CH39+DB39 -> 0 | DL39: =AA39+AU39+BO39+CI39+DC39 -> 0 | DM39: =AB39+AV39+BP39+CJ39+DD39 -> 0 | DN39: =AC39+AW39+BQ39+CK39+DE39 -> 0 | DO39: =AD39+AX39+BR39+CL39+DF39 -> 0 | DP39: =AE39+AY39+BS39+CM39+DG39 -> 0 | DQ39: =AF39+AZ39+BT39+CN39+DH39 -> 0
B40: Total Spring | C40: =SUM(C36:C39) -> 0 | F40: =SUM(F36:F39) -> 0 | H40: =SUM(H36:H39) -> 0 | I40: =SUM(I36:I39) -> 0 | J40: =SUM(J36:J39) -> 0 | L40: =SUM(L36:L39) -> 0 | N40: =SUM(N36:N39) -> 0 | Q40: =SUM(Q36:Q39) -> 0 | S40: =SUM(S36:S39) -> 0 | T40: =SUM(T36:T39) -> 0 | U40: =SUM(U36:U39) -> 0 | W40: =SUM(W36:W39) -> 0 | Y40: =SUM(Y36:Y39) -> 0 | AB40: =SUM(AB36:AB39) -> 0 | AC40: =SUM(AC36:AC39) -> 0 | AD40: =SUM(AD36:AD39) -> 0 | AE40: =SUM(AE36:AE39) -> 0 | AF40: =SUM(AF36:AF39) -> 0 | AH40: =SUM(AH36:AH39) -> 0 | AK40: =SUM(AK36:AK39) -> 0 | AM40: =SUM(AM36:AM39) -> 0 | AN40: =SUM(AN36:AN39) -> 0 | AO40: =SUM(AO36:AO39) -> 0 | AQ40: =SUM(AQ36:AQ39) -> 0 | AS40: =SUM(AS36:AS39) -> 0 | AV40: =SUM(AV36:AV39) -> 0 | AW40: =SUM(AW36:AW39) -> 0 | AX40: =SUM(AX36:AX39) -> 0 | AY40: =SUM(AY36:AY39) -> 0 | AZ40: =SUM(AZ36:AZ39) -> 0 | BB40: =SUM(BB36:BB39) -> 0 | BE40: =SUM(BE36:BE39) -> 0 | BG40: =SUM(BG36:BG39) -> 0 | BH40: =SUM(BH36:BH39) -> 0 | BI40: =SUM(BI36:BI39) -> 0 | BK40: =SUM(BK36:BK39) -> 0 | BM40: =SUM(BM36:BM39) -> 0 | BP40: =SUM(BP36:BP39) -> 0 | BQ40: =SUM(BQ36:BQ39) -> 0 | BR40: =SUM(BR36:BR39) -> 0 | BS40: =SUM(BS36:BS39) -> 0 | BT40: =SUM(BT36:BT39) -> 0 | BV40: =SUM(BV36:BV39) -> 0 | BY40: =SUM(BY36:BY39) -> 0 | CA40: =SUM(CA36:CA39) -> 0 | CB40: =SUM(CB36:CB39) -> 0 | CC40: =SUM(CC36:CC39) -> 0 | CE40: =SUM(CE36:CE39) -> 0 | CG40: =SUM(CG36:CG39) -> 0 | CJ40: =SUM(CJ36:CJ39) -> 0 | CK40: =SUM(CK36:CK39) -> 0 | CL40: =SUM(CL36:CL39) -> 0 | CM40: =SUM(CM36:CM39) -> 0 | CN40: =SUM(CN36:CN39) -> 0 | CP40: =SUM(CP36:CP39) -> 0 | CS40: =SUM(CS36:CS39) -> 0 | CU40: =SUM(CU36:CU39) -> 0 | CV40: =SUM(CV36:CV39) -> 0 | CW40: =SUM(CW36:CW39) -> 0 | CY40: =SUM(CY36:CY39) -> 0 | DA40: =SUM(DA36:DA39) -> 0 | DD40: =SUM(DD36:DD39) -> 0 | DE40: =SUM(DE36:DE39) -> 0 | DF40: =SUM(DF36:DF39) -> 0 | DG40: =SUM(DG36:DG39) -> 0 | DH40: =SUM(DH36:DH39) -> 0 | DJ40: =SUM(DJ36:DJ39) -> 0 | DM40: =SUM(DM36:DM39) -> 0 | DN40: =SUM(DN36:DN39) -> 0 | DO40: =SUM(DO36:DO39) -> 0 | DP40: =SUM(DP36:DP39) -> 0 | DQ40: =SUM(DQ36:DQ39) -> 0
B42: Total Undergraduate Part-Time | C42: =(C33+C40)/2 -> 0 | F42: =F33+F40 -> 0 | H42: =H33+H40 -> 0 | I42: =I33+I40 -> 0 | J42: =J33+J40 -> 0 | L42: =L33+L40 -> 0 | N42: =(N33+N40)/2 -> 0 | Q42: =Q33+Q40 -> 0 | S42: =S33+S40 -> 0 | T42: =T33+T40 -> 0 | U42: =U33+U40 -> 0 | W42: =W33+W40 -> 0 | Y42: =(Y33+Y40)/2 -> 0 | AB42: =AB33+AB40 -> 0 | AC42: =AC33+AC40 -> 0 | AD42: =AD33+AD40 -> 0 | AE42: =AE33+AE40 -> 0 | AF42: =AF33+AF40 -> 0 | AH42: =(AH33+AH40)/2 -> 0 | AK42: =AK33+AK40 -> 0 | AM42: =AM33+AM40 -> 0 | AN42: =AN33+AN40 -> 0 | AO42: =AO33+AO40 -> 0 | AQ42: =AQ33+AQ40 -> 0 | AS42: =(AS33+AS40)/2 -> 0 | AV42: =AV33+AV40 -> 0 | AW42: =AW33+AW40 -> 0 | AX42: =AX33+AX40 -> 0 | AY42: =AY33+AY40 -> 0 | AZ42: =AZ33+AZ40 -> 0 | BB42: =(BB33+BB40)/2 -> 0 | BE42: =BE33+BE40 -> 0 | BG42: =BG33+BG40 -> 0 | BH42: =BH33+BH40 -> 0 | BI42: =BI33+BI40 -> 0 | BK42: =BK33+BK40 -> 0 | BM42: =(BM33+BM40)/2 -> 0 | BP42: =BP33+BP40 -> 0 | BQ42: =BQ33+BQ40 -> 0 | BR42: =BR33+BR40 -> 0 | BS42: =BS33+BS40 -> 0 | BT42: =BT33+BT40 -> 0 | BV42: =(BV33+BV40)/2 -> 0 | BY42: =BY33+BY40 -> 0 | CA42: =CA33+CA40 -> 0 | CB42: =CB33+CB40 -> 0 | CC42: =CC33+CC40 -> 0 | CE42: =CE33+CE40 -> 0 | CG42: =(CG33+CG40)/2 -> 0 | CJ42: =CJ33+CJ40 -> 0 | CK42: =CK33+CK40 -> 0 | CL42: =CL33+CL40 -> 0 | CM42: =CM33+CM40 -> 0 | CN42: =CN33+CN40 -> 0 | CP42: =(CP33+CP40)/2 -> 0 | CS42: =CS33+CS40 -> 0 | CU42: =CU33+CU40 -> 0 | CV42: =CV33+CV40 -> 0 | CW42: =CW33+CW40 -> 0 | CY42: =CY33+CY40 -> 0 | DA42: =(DA33+DA40)/2 -> 0 | DD42: =DD33+DD40 -> 0 | DE42: =DE33+DE40 -> 0 | DF42: =DF33+DF40 -> 0 | DG42: =DG33+DG40 -> 0 | DH42: =DH33+DH40 -> 0 | DJ42: =(DJ33+DJ40)/2 -> 0 | DM42: =DM33+DM40 -> 0 | DN42: =DN33+DN40 -> 0 | DO42: =DO33+DO40 -> 0 | DP42: =DP33+DP40 -> 0 | DQ42: =DQ33+DQ40 -> 0
B44: Graduate (Masters) | Revenue Detail
B45: Fall
B46: 1st Year | F46: =C46*(D46*E46) -> 0 | H46: =G46*C46 -> 0 | J46: =F46+H46-I46 -> 0 | L46: =-J46*K46 -> 0 | Q46: =N46*(O46*P46) -> 0 | S46: =R46*N46 -> 0 | U46: =Q46+S46-T46 -> 0 | W46: =U46*-V46 -> 0 | Y46: =N46-C46 -> 0 | Z46: =O46-D46 -> 0 | AA46: =P46-E46 -> 0 | AB46: =Q46-F46 -> 0 | AC46: =S46-H46 -> 0 | AD46: =T46-I46 -> 0 | AE46: =U46-J46 -> 0 | AF46: =W46-L46 -> 0 | AK46: =AH46*(AI46*AJ46) -> 0 | AM46: =AL46*AH46 -> 0 | AO46: =AK46+AM46-AN46 -> 0 | AQ46: =-AO46*AP46 -> 0 | AS46: =AH46-N46 -> 0 | AT46: =AI46-O46 -> 0 | AU46: =AJ46-P46 -> 0 | AV46: =AK46-Q46 -> 0 | AW46: =AM46-S46 -> 0 | AX46: =AN46-T46 -> 0 | AY46: =AO46-U46 -> 0 | AZ46: =AQ46-W46 -> 0 | BE46: =BB46*(BC46*BD46) -> 0 | BG46: =BF46*BB46 -> 0 | BI46: =BE46+BG46-BH46 -> 0 | BK46: =-BI46*BJ46 -> 0 | BM46: =BB46-AH46 -> 0 | BN46: =BC46-AI46 -> 0 | BO46: =BD46-AJ46 -> 0 | BP46: =BE46-AK46 -> 0 | BQ46: =BG46-AM46 -> 0 | BR46: =BH46-AN46 -> 0 | BS46: =BI46-AO46 -> 0 | BT46: =BK46-AQ46 -> 0 | BY46: =BV46*(BW46*BX46) -> 0 | CA46: =BZ46*BV46 -> 0 | CC46: =BY46+CA46-CB46 -> 0 | CE46: =-CC46*CD46 -> 0 | CG46: =BV46-BB46 -> 0 | CH46: =BW46-BC46 -> 0 | CI46: =BX46-BD46 -> 0 | CJ46: =BY46-BE46 -> 0 | CK46: =CA46-BG46 -> 0 | CL46: =CB46-BH46 -> 0 | CM46: =CC46-BI46 -> 0 | CN46: =CE46-BK46 -> 0 | CS46: =CP46*(CQ46*CR46) -> 0 | CU46: =CT46*CP46 -> 0 | CW46: =CS46+CU46-CV46 -> 0 | CY46: =-CW46*CX46 -> 0 | DA46: =CP46-BV46 -> 0 | DB46: =CQ46-BW46 -> 0 | DC46: =CR46-BX46 -> 0 | DD46: =CS46-BY46 -> 0 | DE46: =CU46-CA46 -> 0 | DF46: =CV46-CB46 -> 0 | DG46: =CW46-CC46 -> 0 | DH46: =CY46-CE46 -> 0 | DJ46: =Y46+AS46+BM46+CG46+DA46 -> 0 | DK46: =Z46+AT46+BN46+CH46+DB46 -> 0 | DL46: =AA46+AU46+BO46+CI46+DC46 -> 0 | DM46: =AB46+AV46+BP46+CJ46+DD46 -> 0 | DN46: =AC46+AW46+BQ46+CK46+DE46 -> 0 | DO46: =AD46+AX46+BR46+CL46+DF46 -> 0 | DP46: =AE46+AY46+BS46+CM46+DG46 -> 0 | DQ46: =AF46+AZ46+BT46+CN46+DH46 -> 0
B47: 2nd Year | F47: =C47*(D47*E47) -> 0 | H47: =G47*C47 -> 0 | J47: =F47+H47-I47 -> 0 | L47: =-J47*K47 -> 0 | Q47: =N47*(O47*P47) -> 0 | S47: =R47*N47 -> 0 | U47: =Q47+S47-T47 -> 0 | W47: =U47*-V47 -> 0 | Y47: =N47-C47 -> 0 | Z47: =O47-D47 -> 0 | AA47: =P47-E47 -> 0 | AB47: =Q47-F47 -> 0 | AC47: =S47-H47 -> 0 | AD47: =T47-I47 -> 0 | AE47: =U47-J47 -> 0 | AF47: =W47-L47 -> 0 | AK47: =AH47*(AI47*AJ47) -> 0 | AM47: =AL47*AH47 -> 0 | AO47: =AK47+AM47-AN47 -> 0 | AQ47: =-AO47*AP47 -> 0 | AS47: =AH47-N47 -> 0 | AT47: =AI47-O47 -> 0 | AU47: =AJ47-P47 -> 0 | AV47: =AK47-Q47 -> 0 | AW47: =AM47-S47 -> 0 | AX47: =AN47-T47 -> 0 | AY47: =AO47-U47 -> 0 | AZ47: =AQ47-W47 -> 0 | BE47: =BB47*(BC47*BD47) -> 0 | BG47: =BF47*BB47 -> 0 | BI47: =BE47+BG47-BH47 -> 0 | BK47: =-BI47*BJ47 -> 0 | BM47: =BB47-AH47 -> 0 | BN47: =BC47-AI47 -> 0 | BO47: =BD47-AJ47 -> 0 | BP47: =BE47-AK47 -> 0 | BQ47: =BG47-AM47 -> 0 | BR47: =BH47-AN47 -> 0 | BS47: =BI47-AO47 -> 0 | BT47: =BK47-AQ47 -> 0 | BY47: =BV47*(BW47*BX47) -> 0 | CA47: =BZ47*BV47 -> 0 | CC47: =BY47+CA47-CB47 -> 0 | CE47: =-CC47*CD47 -> 0 | CG47: =BV47-BB47 -> 0 | CH47: =BW47-BC47 -> 0 | CI47: =BX47-BD47 -> 0 | CJ47: =BY47-BE47 -> 0 | CK47: =CA47-BG47 -> 0 | CL47: =CB47-BH47 -> 0 | CM47: =CC47-BI47 -> 0 | CN47: =CE47-BK47 -> 0 | CS47: =CP47*(CQ47*CR47) -> 0 | CU47: =CT47*CP47 -> 0 | CW47: =CS47+CU47-CV47 -> 0 | CY47: =-CW47*CX47 -> 0 | DA47: =CP47-BV47 -> 0 | DB47: =CQ47-BW47 -> 0 | DC47: =CR47-BX47 -> 0 | DD47: =CS47-BY47 -> 0 | DE47: =CU47-CA47 -> 0 | DF47: =CV47-CB47 -> 0 | DG47: =CW47-CC47 -> 0 | DH47: =CY47-CE47 -> 0 | DJ47: =Y47+AS47+BM47+CG47+DA47 -> 0 | DK47: =Z47+AT47+BN47+CH47+DB47 -> 0 | DL47: =AA47+AU47+BO47+CI47+DC47 -> 0 | DM47: =AB47+AV47+BP47+CJ47+DD47 -> 0 | DN47: =AC47+AW47+BQ47+CK47+DE47 -> 0 | DO47: =AD47+AX47+BR47+CL47+DF47 -> 0 | DP47: =AE47+AY47+BS47+CM47+DG47 -> 0 | DQ47: =AF47+AZ47+BT47+CN47+DH47 -> 0
B48: Total Fall | C48: =SUM(C46:C47) -> 0 | F48: =SUM(F46:F47) -> 0 | H48: =SUM(H46:H47) -> 0 | I48: =SUM(I46:I47) -> 0 | J48: =SUM(J46:J47) -> 0 | L48: =SUM(L46:L47) -> 0 | N48: =SUM(N46:N47) -> 0 | Q48: =SUM(Q46:Q47) -> 0 | S48: =SUM(S46:S47) -> 0 | T48: =SUM(T46:T47) -> 0 | U48: =SUM(U46:U47) -> 0 | W48: =SUM(W46:W47) -> 0 | Y48: =SUM(Y46:Y47) -> 0 | AB48: =SUM(AB46:AB47) -> 0 | AC48: =SUM(AC46:AC47) -> 0 | AD48: =SUM(AD46:AD47) -> 0 | AE48: =SUM(AE46:AE47) -> 0 | AF48: =SUM(AF46:AF47) -> 0 | AH48: =SUM(AH46:AH47) -> 0 | AK48: =SUM(AK46:AK47) -> 0 | AM48: =SUM(AM46:AM47) -> 0 | AN48: =SUM(AN46:AN47) -> 0 | AO48: =SUM(AO46:AO47) -> 0 | AQ48: =SUM(AQ46:AQ47) -> 0 | AS48: =SUM(AS46:AS47) -> 0 | AV48: =SUM(AV46:AV47) -> 0 | AW48: =SUM(AW46:AW47) -> 0 | AX48: =SUM(AX46:AX47) -> 0 | AY48: =SUM(AY46:AY47) -> 0 | AZ48: =SUM(AZ46:AZ47) -> 0 | BB48: =SUM(BB46:BB47) -> 0 | BE48: =SUM(BE46:BE47) -> 0 | BG48: =SUM(BG46:BG47) -> 0 | BH48: =SUM(BH46:BH47) -> 0 | BI48: =SUM(BI46:BI47) -> 0 | BK48: =SUM(BK46:BK47) -> 0 | BM48: =SUM(BM46:BM47) -> 0 | BP48: =SUM(BP46:BP47) -> 0 | BQ48: =SUM(BQ46:BQ47) -> 0 | BR48: =SUM(BR46:BR47) -> 0 | BS48: =SUM(BS46:BS47) -> 0 | BT48: =SUM(BT46:BT47) -> 0 | BV48: =SUM(BV44:BV47) -> 0 | BY48: =SUM(BY46:BY47) -> 0 | CA48: =SUM(CA46:CA47) -> 0 | CB48: =SUM(CB46:CB47) -> 0 | CC48: =SUM(CC46:CC47) -> 0 | CE48: =SUM(CE46:CE47) -> 0 | CG48: =SUM(CG46:CG47) -> 0 | CJ48: =SUM(CJ46:CJ47) -> 0 | CK48: =SUM(CK46:CK47) -> 0 | CL48: =SUM(CL46:CL47) -> 0 | CM48: =SUM(CM46:CM47) -> 0 | CN48: =SUM(CN46:CN47) -> 0 | CP48: =SUM(CP46:CP47) -> 0 | CS48: =SUM(CS46:CS47) -> 0 | CU48: =SUM(CU46:CU47) -> 0 | CV48: =SUM(CV46:CV47) -> 0 | CW48: =SUM(CW46:CW47) -> 0 | CY48: =SUM(CY46:CY47) -> 0 | DA48: =SUM(DA46:DA47) -> 0 | DD48: =SUM(DD46:DD47) -> 0 | DE48: =SUM(DE46:DE47) -> 0 | DF48: =SUM(DF46:DF47) -> 0 | DG48: =SUM(DG46:DG47) -> 0 | DH48: =SUM(DH46:DH47) -> 0 | DJ48: =SUM(DJ46:DJ47) -> 0 | DM48: =SUM(DM46:DM47) -> 0 | DN48: =SUM(DN46:DN47) -> 0 | DO48: =SUM(DO46:DO47) -> 0 | DP48: =SUM(DP46:DP47) -> 0 | DQ48: =SUM(DQ46:DQ47) -> 0
B50: Spring
B51: 1st Year | F51: =C51*(D51*E51) -> 0 | H51: =G51*C51 -> 0 | J51: =F51+H51-I51 -> 0 | L51: =-J51*K51 -> 0 | Q51: =N51*(O51*P51) -> 0 | S51: =R51*N51 -> 0 | U51: =Q51+S51-T51 -> 0 | W51: =U51*-V51 -> 0 | Y51: =N51-C51 -> 0 | Z51: =O51-D51 -> 0 | AA51: =P51-E51 -> 0 | AB51: =Q51-F51 -> 0 | AC51: =S51-H51 -> 0 | AD51: =T51-I51 -> 0 | AE51: =U51-J51 -> 0 | AF51: =W51-L51 -> 0 | AK51: =AH51*(AI51*AJ51) -> 0 | AM51: =AL51*AH51 -> 0 | AO51: =AK51+AM51-AN51 -> 0 | AQ51: =-AO51*AP51 -> 0 | AS51: =AH51-N51 -> 0 | AT51: =AI51-O51 -> 0 | AU51: =AJ51-P51 -> 0 | AV51: =AK51-Q51 -> 0 | AW51: =AM51-S51 -> 0 | AX51: =AN51-T51 -> 0 | AY51: =AO51-U51 -> 0 | AZ51: =AQ51-W51 -> 0 | BE51: =BB51*(BC51*BD51) -> 0 | BG51: =BF51*BB51 -> 0 | BI51: =BE51+BG51-BH51 -> 0 | BK51: =-BI51*BJ51 -> 0 | BM51: =BB51-AH51 -> 0 | BN51: =BC51-AI51 -> 0 | BO51: =BD51-AJ51 -> 0 | BP51: =BE51-AK51 -> 0 | BQ51: =BG51-AM51 -> 0 | BR51: =BH51-AN51 -> 0 | BS51: =BI51-AO51 -> 0 | BT51: =BK51-AQ51 -> 0 | BY51: =BV51*(BW51*BX51) -> 0 | CA51: =BZ51*BV51 -> 0 | CC51: =BY51+CA51-CB51 -> 0 | CE51: =-CC51*CD51 -> 0 | CG51: =BV51-BB51 -> 0 | CH51: =BW51-BC51 -> 0 | CI51: =BX51-BD51 -> 0 | CJ51: =BY51-BE51 -> 0 | CK51: =CA51-BG51 -> 0 | CL51: =CB51-BH51 -> 0 | CM51: =CC51-BI51 -> 0 | CN51: =CE51-BK51 -> 0 | CS51: =CP51*(CQ51*CR51) -> 0 | CU51: =CT51*CP51 -> 0 | CW51: =CS51+CU51-CV51 -> 0 | CY51: =-CW51*CX51 -> 0 | DA51: =CP51-BV51 -> 0 | DB51: =CQ51-BW51 -> 0 | DC51: =CR51-BX51 -> 0 | DD51: =CS51-BY51 -> 0 | DE51: =CU51-CA51 -> 0 | DF51: =CV51-CB51 -> 0 | DG51: =CW51-CC51 -> 0 | DH51: =CY51-CE51 -> 0 | DJ51: =Y51+AS51+BM51+CG51+DA51 -> 0 | DK51: =Z51+AT51+BN51+CH51+DB51 -> 0 | DL51: =AA51+AU51+BO51+CI51+DC51 -> 0 | DM51: =AB51+AV51+BP51+CJ51+DD51 -> 0 | DN51: =AC51+AW51+BQ51+CK51+DE51 -> 0 | DO51: =AD51+AX51+BR51+CL51+DF51 -> 0 | DP51: =AE51+AY51+BS51+CM51+DG51 -> 0 | DQ51: =AF51+AZ51+BT51+CN51+DH51 -> 0
B52: 2nd Year | F52: =C52*(D52*E52) -> 0 | H52: =G52*C52 -> 0 | J52: =F52+H52-I52 -> 0 | L52: =-J52*K52 -> 0 | Q52: =N52*(O52*P52) -> 0 | S52: =R52*N52 -> 0 | U52: =Q52+S52-T52 -> 0 | W52: =U52*-V52 -> 0 | Y52: =N52-C52 -> 0 | Z52: =O52-D52 -> 0 | AA52: =P52-E52 -> 0 | AB52: =Q52-F52 -> 0 | AC52: =S52-H52 -> 0 | AD52: =T52-I52 -> 0 | AE52: =U52-J52 -> 0 | AF52: =W52-L52 -> 0 | AK52: =AH52*(AI52*AJ52) -> 0 | AM52: =AL52*AH52 -> 0 | AO52: =AK52+AM52-AN52 -> 0 | AQ52: =-AO52*AP52 -> 0 | AS52: =AH52-N52 -> 0 | AT52: =AI52-O52 -> 0 | AU52: =AJ52-P52 -> 0 | AV52: =AK52-Q52 -> 0 | AW52: =AM52-S52 -> 0 | AX52: =AN52-T52 -> 0 | AY52: =AO52-U52 -> 0 | AZ52: =AQ52-W52 -> 0 | BE52: =BB52*(BC52*BD52) -> 0 | BG52: =BF52*BB52 -> 0 | BI52: =BE52+BG52-BH52 -> 0 | BK52: =-BI52*BJ52 -> 0 | BM52: =BB52-AH52 -> 0 | BN52: =BC52-AI52 -> 0 | BO52: =BD52-AJ52 -> 0 | BP52: =BE52-AK52 -> 0 | BQ52: =BG52-AM52 -> 0 | BR52: =BH52-AN52 -> 0 | BS52: =BI52-AO52 -> 0 | BT52: =BK52-AQ52 -> 0 | BY52: =BV52*(BW52*BX52) -> 0 | CA52: =BZ52*BV52 -> 0 | CC52: =BY52+CA52-CB52 -> 0 | CE52: =-CC52*CD52 -> 0 | CG52: =BV52-BB52 -> 0 | CH52: =BW52-BC52 -> 0 | CI52: =BX52-BD52 -> 0 | CJ52: =BY52-BE52 -> 0 | CK52: =CA52-BG52 -> 0 | CL52: =CB52-BH52 -> 0 | CM52: =CC52-BI52 -> 0 | CN52: =CE52-BK52 -> 0 | CS52: =CP52*(CQ52*CR52) -> 0 | CU52: =CT52*CP52 -> 0 | CW52: =CS52+CU52-CV52 -> 0 | CY52: =-CW52*CX52 -> 0 | DA52: =CP52-BV52 -> 0 | DB52: =CQ52-BW52 -> 0 | DC52: =CR52-BX52 -> 0 | DD52: =CS52-BY52 -> 0 | DE52: =CU52-CA52 -> 0 | DF52: =CV52-CB52 -> 0 | DG52: =CW52-CC52 -> 0 | DH52: =CY52-CE52 -> 0 | DJ52: =Y52+AS52+BM52+CG52+DA52 -> 0 | DK52: =Z52+AT52+BN52+CH52+DB52 -> 0 | DL52: =AA52+AU52+BO52+CI52+DC52 -> 0 | DM52: =AB52+AV52+BP52+CJ52+DD52 -> 0 | DN52: =AC52+AW52+BQ52+CK52+DE52 -> 0 | DO52: =AD52+AX52+BR52+CL52+DF52 -> 0 | DP52: =AE52+AY52+BS52+CM52+DG52 -> 0 | DQ52: =AF52+AZ52+BT52+CN52+DH52 -> 0
B53: Total Total Spring | C53: =SUM(C51:C52) -> 0 | F53: =SUM(F51:F52) -> 0 | H53: =SUM(H51:H52) -> 0 | I53: =SUM(I51:I52) -> 0 | J53: =SUM(J51:J52) -> 0 | L53: =SUM(L51:L52) -> 0 | N53: =SUM(N51:N52) -> 0 | Q53: =SUM(Q51:Q52) -> 0 | S53: =SUM(S51:S52) -> 0 | T53: =SUM(T51:T52) -> 0 | U53: =SUM(U51:U52) -> 0 | W53: =SUM(W51:W52) -> 0 | Y53: =SUM(Y51:Y52) -> 0 | AB53: =SUM(AB51:AB52) -> 0 | AC53: =SUM(AC51:AC52) -> 0 | AD53: =SUM(AD51:AD52) -> 0 | AE53: =SUM(AE51:AE52) -> 0 | AF53: =SUM(AF51:AF52) -> 0 | AH53: =SUM(AH51:AH52) -> 0 | AK53: =SUM(AK51:AK52) -> 0 | AM53: =SUM(AM51:AM52) -> 0 | AN53: =SUM(AN51:AN52) -> 0 | AO53: =SUM(AO51:AO52) -> 0 | AQ53: =SUM(AQ51:AQ52) -> 0 | AS53: =SUM(AS51:AS52) -> 0 | AV53: =SUM(AV51:AV52) -> 0 | AW53: =SUM(AW51:AW52) -> 0 | AX53: =SUM(AX51:AX52) -> 0 | AY53: =SUM(AY51:AY52) -> 0 | AZ53: =SUM(AZ51:AZ52) -> 0 | BB53: =SUM(BB51:BB52) -> 0 | BE53: =SUM(BE51:BE52) -> 0 | BG53: =SUM(BG51:BG52) -> 0 | BH53: =SUM(BH51:BH52) -> 0 | BI53: =SUM(BI51:BI52) -> 0 | BK53: =SUM(BK51:BK52) -> 0 | BM53: =SUM(BM51:BM52) -> 0 | BP53: =SUM(BP51:BP52) -> 0 | BQ53: =SUM(BQ51:BQ52) -> 0 | BR53: =SUM(BR51:BR52) -> 0 | BS53: =SUM(BS51:BS52) -> 0 | BT53: =SUM(BT51:BT52) -> 0 | BV53: =SUM(BV49:BV52) -> 0 | BY53: =SUM(BY51:BY52) -> 0 | CA53: =SUM(CA51:CA52) -> 0 | CB53: =SUM(CB51:CB52) -> 0 | CC53: =SUM(CC51:CC52) -> 0 | CE53: =SUM(CE51:CE52) -> 0 | CG53: =SUM(CG51:CG52) -> 0 | CJ53: =SUM(CJ51:CJ52) -> 0 | CK53: =SUM(CK51:CK52) -> 0 | CL53: =SUM(CL51:CL52) -> 0 | CM53: =SUM(CM51:CM52) -> 0 | CN53: =SUM(CN51:CN52) -> 0 | CP53: =SUM(CP51:CP52) -> 0 | CS53: =SUM(CS51:CS52) -> 0 | CU53: =SUM(CU51:CU52) -> 0 | CV53: =SUM(CV51:CV52) -> 0 | CW53: =SUM(CW51:CW52) -> 0 | CY53: =SUM(CY51:CY52) -> 0 | DA53: =SUM(DA51:DA52) -> 0 | DD53: =SUM(DD51:DD52) -> 0 | DE53: =SUM(DE51:DE52) -> 0 | DF53: =SUM(DF51:DF52) -> 0 | DG53: =SUM(DG51:DG52) -> 0 | DH53: =SUM(DH51:DH52) -> 0 | DJ53: =SUM(DJ51:DJ52) -> 0 | DM53: =SUM(DM51:DM52) -> 0 | DN53: =SUM(DN51:DN52) -> 0 | DO53: =SUM(DO51:DO52) -> 0 | DP53: =SUM(DP51:DP52) -> 0 | DQ53: =SUM(DQ51:DQ52) -> 0
B55: Total Graduate (Masters) | C55: =(C48+C53)/2 -> 0 | F55: =F48+F53 -> 0 | H55: =H48+H53 -> 0 | I55: =I48+I53 -> 0 | J55: =J48+J53 -> 0 | L55: =L48+L53 -> 0 | N55: =(N48+N53)/2 -> 0 | Q55: =Q48+Q53 -> 0 | S55: =S48+S53 -> 0 | T55: =T48+T53 -> 0 | U55: =U48+U53 -> 0 | W55: =W48+W53 -> 0 | Y55: =(Y48+Y53)/2 -> 0 | AB55: =AB48+AB53 -> 0 | AC55: =AC48+AC53 -> 0 | AD55: =AD48+AD53 -> 0 | AE55: =AE48+AE53 -> 0 | AF55: =AF48+AF53 -> 0 | AH55: =(AH48+AH53)/2 -> 0 | AK55: =AK48+AK53 -> 0 | AM55: =AM48+AM53 -> 0 | AN55: =AN48+AN53 -> 0 | AO55: =AO48+AO53 -> 0 | AQ55: =AQ48+AQ53 -> 0 | AS55: =(AS48+AS53)/2 -> 0 | AV55: =AV48+AV53 -> 0 | AW55: =AW48+AW53 -> 0 | AX55: =AX48+AX53 -> 0 | AY55: =AY48+AY53 -> 0 | AZ55: =AZ48+AZ53 -> 0 | BB55: =(BB48+BB53)/2 -> 0 | BE55: =BE48+BE53 -> 0 | BG55: =BG48+BG53 -> 0 | BH55: =BH48+BH53 -> 0 | BI55: =BI48+BI53 -> 0 | BK55: =BK48+BK53 -> 0 | BM55: =(BM48+BM53)/2 -> 0 | BP55: =BP48+BP53 -> 0 | BQ55: =BQ48+BQ53 -> 0 | BR55: =BR48+BR53 -> 0 | BS55: =BS48+BS53 -> 0 | BT55: =BT48+BT53 -> 0 | BV55: =(BV48+BV53)/2 -> 0 | BY55: =BY48+BY53 -> 0 | CA55: =CA48+CA53 -> 0 | CB55: =CB48+CB53 -> 0 | CC55: =CC48+CC53 -> 0 | CE55: =CE48+CE53 -> 0 | CG55: =(CG48+CG53)/2 -> 0 | CJ55: =CJ48+CJ53 -> 0 | CK55: =CK48+CK53 -> 0 | CL55: =CL48+CL53 -> 0 | CM55: =CM48+CM53 -> 0 | CN55: =CN48+CN53 -> 0 | CP55: =(CP48+CP53)/2 -> 0 | CS55: =CS48+CS53 -> 0 | CU55: =CU48+CU53 -> 0 | CV55: =CV48+CV53 -> 0 | CW55: =CW48+CW53 -> 0 | CY55: =CY48+CY53 -> 0 | DA55: =(DA48+DA53)/2 -> 0 | DD55: =DD48+DD53 -> 0 | DE55: =DE48+DE53 -> 0 | DF55: =DF48+DF53 -> 0 | DG55: =DG48+DG53 -> 0 | DH55: =DH48+DH53 -> 0 | DJ55: =(DJ48+DJ53)/2 -> 0 | DM55: =DM48+DM53 -> 0 | DN55: =DN48+DN53 -> 0 | DO55: =DO48+DO53 -> 0 | DP55: =DP48+DP53 -> 0 | DQ55: =DQ48+DQ53 -> 0
B58: Certificate | Revenue Detail
B59: Fall
B60: 1st Year | C60: 0 | D60: 0 | F60: =C60*(D60*E60) -> 0 | H60: =G60*C60 -> 0 | J60: =F60+H60-I60 -> 0 | L60: =-J60*K60 -> 0 | Q60: =N60*(O60*P60) -> 0 | S60: =R60*N60 -> 0 | U60: =Q60+S60-T60 -> 0 | W60: =U60*-V60 -> 0 | Y60: =N60-C60 -> 0 | Z60: =O60-D60 -> 0 | AA60: =P60-E60 -> 0 | AB60: =Q60-F60 -> 0 | AC60: =S60-H60 -> 0 | AD60: =T60-I60 -> 0 | AE60: =U60-J60 -> 0 | AF60: =W60-L60 -> 0 | AK60: =AH60*(AI60*AJ60) -> 0 | AM60: =AL60*AH60 -> 0 | AO60: =AK60+AM60-AN60 -> 0 | AQ60: =-AO60*AP60 -> 0 | AS60: =AH60-N60 -> 0 | AT60: =AI60-O60 -> 0 | AU60: =AJ60-P60 -> 0 | AV60: =AK60-Q60 -> 0 | AW60: =AM60-S60 -> 0 | AX60: =AN60-T60 -> 0 | AY60: =AO60-U60 -> 0 | AZ60: =AQ60-W60 -> 0 | BE60: =BB60*(BC60*BD60) -> 0 | BG60: =BF60*BB60 -> 0 | BI60: =BE60+BG60-BH60 -> 0 | BK60: =-BI60*BJ60 -> 0 | BM60: =BB60-AH60 -> 0 | BN60: =BC60-AI60 -> 0 | BO60: =BD60-AJ60 -> 0 | BP60: =BE60-AK60 -> 0 | BQ60: =BG60-AM60 -> 0 | BR60: =BH60-AN60 -> 0 | BS60: =BI60-AO60 -> 0 | BT60: =BK60-AQ60 -> 0 | BY60: =BV60*(BW60*BX60) -> 0 | CA60: =BZ60*BV60 -> 0 | CC60: =BY60+CA60-CB60 -> 0 | CE60: =-CC60*CD60 -> 0 | CG60: =BV60-BB60 -> 0 | CH60: =BW60-BC60 -> 0 | CI60: =BX60-BD60 -> 0 | CJ60: =BY60-BE60 -> 0 | CK60: =CA60-BG60 -> 0 | CL60: =CB60-BH60 -> 0 | CM60: =CC60-BI60 -> 0 | CN60: =CE60-BK60 -> 0 | CS60: =CP60*(CQ60*CR60) -> 0 | CU60: =CT60*CP60 -> 0 | CW60: =CS60+CU60-CV60 -> 0 | CY60: =-CW60*CX60 -> 0 | DA60: =CP60-BV60 -> 0 | DB60: =CQ60-BW60 -> 0 | DC60: =CR60-BX60 -> 0 | DD60: =CS60-BY60 -> 0 | DE60: =CU60-CA60 -> 0 | DF60: =CV60-CB60 -> 0 | DG60: =CW60-CC60 -> 0 | DH60: =CY60-CE60 -> 0 | DJ60: =Y60+AS60+BM60+CG60+DA60 -> 0 | DK60: =Z60+AT60+BN60+CH60+DB60 -> 0 | DL60: =AA60+AU60+BO60+CI60+DC60 -> 0 | DM60: =AB60+AV60+BP60+CJ60+DD60 -> 0 | DN60: =AC60+AW60+BQ60+CK60+DE60 -> 0 | DO60: =AD60+AX60+BR60+CL60+DF60 -> 0 | DP60: =AE60+AY60+BS60+CM60+DG60 -> 0 | DQ60: =AF60+AZ60+BT60+CN60+DH60 -> 0
B61: 2nd Year | F61: =C61*(D61*E61) -> 0 | H61: =G61*C61 -> 0 | J61: =F61+H61-I61 -> 0 | L61: =-J61*K61 -> 0 | Q61: =N61*(O61*P61) -> 0 | S61: =R61*N61 -> 0 | U61: =Q61+S61-T61 -> 0 | W61: =U61*-V61 -> 0 | Y61: =N61-C61 -> 0 | Z61: =O61-D61 -> 0 | AA61: =P61-E61 -> 0 | AB61: =Q61-F61 -> 0 | AC61: =S61-H61 -> 0 | AD61: =T61-I61 -> 0 | AE61: =U61-J61 -> 0 | AF61: =W61-L61 -> 0 | AK61: =AH61*(AI61*AJ61) -> 0 | AM61: =AL61*AH61 -> 0 | AO61: =AK61+AM61-AN61 -> 0 | AQ61: =-AO61*AP61 -> 0 | AS61: =AH61-N61 -> 0 | AT61: =AI61-O61 -> 0 | AU61: =AJ61-P61 -> 0 | AV61: =AK61-Q61 -> 0 | AW61: =AM61-S61 -> 0 | AX61: =AN61-T61 -> 0 | AY61: =AO61-U61 -> 0 | AZ61: =AQ61-W61 -> 0 | BE61: =BB61*(BC61*BD61) -> 0 | BG61: =BF61*BB61 -> 0 | BI61: =BE61+BG61-BH61 -> 0 | BK61: =-BI61*BJ61 -> 0 | BM61: =BB61-AH61 -> 0 | BN61: =BC61-AI61 -> 0 | BO61: =BD61-AJ61 -> 0 | BP61: =BE61-AK61 -> 0 | BQ61: =BG61-AM61 -> 0 | BR61: =BH61-AN61 -> 0 | BS61: =BI61-AO61 -> 0 | BT61: =BK61-AQ61 -> 0 | BY61: =BV61*(BW61*BX61) -> 0 | CA61: =BZ61*BV61 -> 0 | CC61: =BY61+CA61-CB61 -> 0 | CE61: =-CC61*CD61 -> 0 | CG61: =BV61-BB61 -> 0 | CH61: =BW61-BC61 -> 0 | CI61: =BX61-BD61 -> 0 | CJ61: =BY61-BE61 -> 0 | CK61: =CA61-BG61 -> 0 | CL61: =CB61-BH61 -> 0 | CM61: =CC61-BI61 -> 0 | CN61: =CE61-BK61 -> 0 | CS61: =CP61*(CQ61*CR61) -> 0 | CU61: =CT61*CP61 -> 0 | CW61: =CS61+CU61-CV61 -> 0 | CY61: =-CW61*CX61 -> 0 | DA61: =CP61-BV61 -> 0 | DB61: =CQ61-BW61 -> 0 | DC61: =CR61-BX61 -> 0 | DD61: =CS61-BY61 -> 0 | DE61: =CU61-CA61 -> 0 | DF61: =CV61-CB61 -> 0 | DG61: =CW61-CC61 -> 0 | DH61: =CY61-CE61 -> 0 | DJ61: =Y61+AS61+BM61+CG61+DA61 -> 0 | DK61: =Z61+AT61+BN61+CH61+DB61 -> 0 | DL61: =AA61+AU61+BO61+CI61+DC61 -> 0 | DM61: =AB61+AV61+BP61+CJ61+DD61 -> 0 | DN61: =AC61+AW61+BQ61+CK61+DE61 -> 0 | DO61: =AD61+AX61+BR61+CL61+DF61 -> 0 | DP61: =AE61+AY61+BS61+CM61+DG61 -> 0 | DQ61: =AF61+AZ61+BT61+CN61+DH61 -> 0
B62: Total Fall | C62: =SUM(C60:C61) -> 0 | F62: =SUM(F60:F61) -> 0 | H62: =SUM(H60:H61) -> 0 | I62: =SUM(I60:I61) -> 0 | J62: =SUM(J60:J61) -> 0 | L62: =SUM(L60:L61) -> 0 | N62: =SUM(N60:N61) -> 0 | Q62: =SUM(Q60:Q61) -> 0 | S62: =SUM(S60:S61) -> 0 | T62: =SUM(T60:T61) -> 0 | U62: =SUM(U60:U61) -> 0 | W62: =SUM(W60:W61) -> 0 | Y62: =SUM(Y60:Y61) -> 0 | AB62: =SUM(AB60:AB61) -> 0 | AC62: =SUM(AC60:AC61) -> 0 | AD62: =SUM(AD60:AD61) -> 0 | AE62: =SUM(AE60:AE61) -> 0 | AF62: =SUM(AF60:AF61) -> 0 | AH62: =SUM(AH60:AH61) -> 0 | AK62: =SUM(AK60:AK61) -> 0 | AM62: =SUM(AM60:AM61) -> 0 | AN62: =SUM(AN60:AN61) -> 0 | AO62: =SUM(AO60:AO61) -> 0 | AQ62: =SUM(AQ60:AQ61) -> 0 | AS62: =SUM(AS60:AS61) -> 0 | AV62: =SUM(AV60:AV61) -> 0 | AW62: =SUM(AW60:AW61) -> 0 | AX62: =SUM(AX60:AX61) -> 0 | AY62: =SUM(AY60:AY61) -> 0 | AZ62: =SUM(AZ60:AZ61) -> 0 | BB62: =SUM(BB60:BB61) -> 0 | BE62: =SUM(BE60:BE61) -> 0 | BG62: =SUM(BG60:BG61) -> 0 | BH62: =SUM(BH60:BH61) -> 0 | BI62: =SUM(BI60:BI61) -> 0 | BK62: =SUM(BK60:BK61) -> 0 | BM62: =SUM(BM60:BM61) -> 0 | BP62: =SUM(BP60:BP61) -> 0 | BQ62: =SUM(BQ60:BQ61) -> 0 | BR62: =SUM(BR60:BR61) -> 0 | BS62: =SUM(BS60:BS61) -> 0 | BT62: =SUM(BT60:BT61) -> 0 | BV62: =SUM(BV58:BV61) -> 0 | BY62: =SUM(BY60:BY61) -> 0 | CA62: =SUM(CA60:CA61) -> 0 | CB62: =SUM(CB60:CB61) -> 0 | CC62: =SUM(CC60:CC61) -> 0 | CE62: =SUM(CE60:CE61) -> 0 | CG62: =SUM(CG60:CG61) -> 0 | CJ62: =SUM(CJ60:CJ61) -> 0 | CK62: =SUM(CK60:CK61) -> 0 | CL62: =SUM(CL60:CL61) -> 0 | CM62: =SUM(CM60:CM61) -> 0 | CN62: =SUM(CN60:CN61) -> 0 | CP62: =SUM(CP60:CP61) -> 0 | CS62: =SUM(CS60:CS61) -> 0 | CU62: =SUM(CU60:CU61) -> 0 | CV62: =SUM(CV60:CV61) -> 0 | CW62: =SUM(CW60:CW61) -> 0 | CY62: =SUM(CY60:CY61) -> 0 | DA62: =SUM(DA60:DA61) -> 0 | DD62: =SUM(DD60:DD61) -> 0 | DE62: =SUM(DE60:DE61) -> 0 | DF62: =SUM(DF60:DF61) -> 0 | DG62: =SUM(DG60:DG61) -> 0 | DH62: =SUM(DH60:DH61) -> 0 | DJ62: =SUM(DJ60:DJ61) -> 0 | DM62: =SUM(DM60:DM61) -> 0 | DN62: =SUM(DN60:DN61) -> 0 | DO62: =SUM(DO60:DO61) -> 0 | DP62: =SUM(DP60:DP61) -> 0 | DQ62: =SUM(DQ60:DQ61) -> 0
B64: Spring
B65: 1st Year | C65: 0 | F65: =C65*(D65*E65) -> 0 | H65: =G65*C65 -> 0 | J65: =F65+H65-I65 -> 0 | L65: =-J65*K65 -> 0 | Q65: =N65*(O65*P65) -> 0 | S65: =R65*N65 -> 0 | U65: =Q65+S65-T65 -> 0 | W65: =U65*-V65 -> 0 | Y65: =N65-C65 -> 0 | Z65: =O65-D65 -> 0 | AA65: =P65-E65 -> 0 | AB65: =Q65-F65 -> 0 | AC65: =S65-H65 -> 0 | AD65: =T65-I65 -> 0 | AE65: =U65-J65 -> 0 | AF65: =W65-L65 -> 0 | AK65: =AH65*(AI65*AJ65) -> 0 | AM65: =AL65*AH65 -> 0 | AO65: =AK65+AM65-AN65 -> 0 | AQ65: =-AO65*AP65 -> 0 | AS65: =AH65-N65 -> 0 | AT65: =AI65-O65 -> 0 | AU65: =AJ65-P65 -> 0 | AV65: =AK65-Q65 -> 0 | AW65: =AM65-S65 -> 0 | AX65: =AN65-T65 -> 0 | AY65: =AO65-U65 -> 0 | AZ65: =AQ65-W65 -> 0 | BE65: =BB65*(BC65*BD65) -> 0 | BG65: =BF65*BB65 -> 0 | BI65: =BE65+BG65-BH65 -> 0 | BK65: =-BI65*BJ65 -> 0 | BM65: =BB65-AH65 -> 0 | BN65: =BC65-AI65 -> 0 | BO65: =BD65-AJ65 -> 0 | BP65: =BE65-AK65 -> 0 | BQ65: =BG65-AM65 -> 0 | BR65: =BH65-AN65 -> 0 | BS65: =BI65-AO65 -> 0 | BT65: =BK65-AQ65 -> 0 | BY65: =BV65*(BW65*BX65) -> 0 | CA65: =BZ65*BV65 -> 0 | CC65: =BY65+CA65-CB65 -> 0 | CE65: =-CC65*CD65 -> 0 | CG65: =BV65-BB65 -> 0 | CH65: =BW65-BC65 -> 0 | CI65: =BX65-BD65 -> 0 | CJ65: =BY65-BE65 -> 0 | CK65: =CA65-BG65 -> 0 | CL65: =CB65-BH65 -> 0 | CM65: =CC65-BI65 -> 0 | CN65: =CE65-BK65 -> 0 | CS65: =CP65*(CQ65*CR65) -> 0 | CU65: =CT65*CP65 -> 0 | CW65: =CS65+CU65-CV65 -> 0 | CY65: =-CW65*CX65 -> 0 | DA65: =CP65-BV65 -> 0 | DB65: =CQ65-BW65 -> 0 | DC65: =CR65-BX65 -> 0 | DD65: =CS65-BY65 -> 0 | DE65: =CU65-CA65 -> 0 | DF65: =CV65-CB65 -> 0 | DG65: =CW65-CC65 -> 0 | DH65: =CY65-CE65 -> 0 | DJ65: =Y65+AS65+BM65+CG65+DA65 -> 0 | DK65: =Z65+AT65+BN65+CH65+DB65 -> 0 | DL65: =AA65+AU65+BO65+CI65+DC65 -> 0 | DM65: =AB65+AV65+BP65+CJ65+DD65 -> 0 | DN65: =AC65+AW65+BQ65+CK65+DE65 -> 0 | DO65: =AD65+AX65+BR65+CL65+DF65 -> 0 | DP65: =AE65+AY65+BS65+CM65+DG65 -> 0 | DQ65: =AF65+AZ65+BT65+CN65+DH65 -> 0
B66: 2nd Year | F66: =C66*(D66*E66) -> 0 | H66: =G66*C66 -> 0 | J66: =F66+H66-I66 -> 0 | L66: =-J66*K66 -> 0 | Q66: =N66*(O66*P66) -> 0 | S66: =R66*N66 -> 0 | U66: =Q66+S66-T66 -> 0 | W66: =U66*-V66 -> 0 | Y66: =N66-C66 -> 0 | Z66: =O66-D66 -> 0 | AA66: =P66-E66 -> 0 | AB66: =Q66-F66 -> 0 | AC66: =S66-H66 -> 0 | AD66: =T66-I66 -> 0 | AE66: =U66-J66 -> 0 | AF66: =W66-L66 -> 0 | AK66: =AH66*(AI66*AJ66) -> 0 | AM66: =AL66*AH66 -> 0 | AO66: =AK66+AM66-AN66 -> 0 | AQ66: =-AO66*AP66 -> 0 | AS66: =AH66-N66 -> 0 | AT66: =AI66-O66 -> 0 | AU66: =AJ66-P66 -> 0 | AV66: =AK66-Q66 -> 0 | AW66: =AM66-S66 -> 0 | AX66: =AN66-T66 -> 0 | AY66: =AO66-U66 -> 0 | AZ66: =AQ66-W66 -> 0 | BE66: =BB66*(BC66*BD66) -> 0 | BG66: =BF66*BB66 -> 0 | BI66: =BE66+BG66-BH66 -> 0 | BK66: =-BI66*BJ66 -> 0 | BM66: =BB66-AH66 -> 0 | BN66: =BC66-AI66 -> 0 | BO66: =BD66-AJ66 -> 0 | BP66: =BE66-AK66 -> 0 | BQ66: =BG66-AM66 -> 0 | BR66: =BH66-AN66 -> 0 | BS66: =BI66-AO66 -> 0 | BT66: =BK66-AQ66 -> 0 | BY66: =BV66*(BW66*BX66) -> 0 | CA66: =BZ66*BV66 -> 0 | CC66: =BY66+CA66-CB66 -> 0 | CE66: =-CC66*CD66 -> 0 | CG66: =BV66-BB66 -> 0 | CH66: =BW66-BC66 -> 0 | CI66: =BX66-BD66 -> 0 | CJ66: =BY66-BE66 -> 0 | CK66: =CA66-BG66 -> 0 | CL66: =CB66-BH66 -> 0 | CM66: =CC66-BI66 -> 0 | CN66: =CE66-BK66 -> 0 | CS66: =CP66*(CQ66*CR66) -> 0 | CU66: =CT66*CP66 -> 0 | CW66: =CS66+CU66-CV66 -> 0 | CY66: =-CW66*CX66 -> 0 | DA66: =CP66-BV66 -> 0 | DB66: =CQ66-BW66 -> 0 | DC66: =CR66-BX66 -> 0 | DD66: =CS66-BY66 -> 0 | DE66: =CU66-CA66 -> 0 | DF66: =CV66-CB66 -> 0 | DG66: =CW66-CC66 -> 0 | DH66: =CY66-CE66 -> 0 | DJ66: =Y66+AS66+BM66+CG66+DA66 -> 0 | DK66: =Z66+AT66+BN66+CH66+DB66 -> 0 | DL66: =AA66+AU66+BO66+CI66+DC66 -> 0 | DM66: =AB66+AV66+BP66+CJ66+DD66 -> 0 | DN66: =AC66+AW66+BQ66+CK66+DE66 -> 0 | DO66: =AD66+AX66+BR66+CL66+DF66 -> 0 | DP66: =AE66+AY66+BS66+CM66+DG66 -> 0 | DQ66: =AF66+AZ66+BT66+CN66+DH66 -> 0
B67: Total Total Spring | C67: =SUM(C65:C66) -> 0 | F67: =SUM(F65:F66) -> 0 | H67: =SUM(H65:H66) -> 0 | I67: =SUM(I65:I66) -> 0 | J67: =SUM(J65:J66) -> 0 | L67: =SUM(L65:L66) -> 0 | N67: =SUM(N65:N66) -> 0 | Q67: =SUM(Q65:Q66) -> 0 | S67: =SUM(S65:S66) -> 0 | T67: =SUM(T65:T66) -> 0 | U67: =SUM(U65:U66) -> 0 | W67: =SUM(W65:W66) -> 0 | Y67: =SUM(Y65:Y66) -> 0 | AB67: =SUM(AB65:AB66) -> 0 | AC67: =SUM(AC65:AC66) -> 0 | AD67: =SUM(AD65:AD66) -> 0 | AE67: =SUM(AE65:AE66) -> 0 | AF67: =SUM(AF65:AF66) -> 0 | AH67: =SUM(AH65:AH66) -> 0 | AK67: =SUM(AK65:AK66) -> 0 | AM67: =SUM(AM65:AM66) -> 0 | AN67: =SUM(AN65:AN66) -> 0 | AO67: =SUM(AO65:AO66) -> 0 | AQ67: =SUM(AQ65:AQ66) -> 0 | AS67: =SUM(AS65:AS66) -> 0 | AV67: =SUM(AV65:AV66) -> 0 | AW67: =SUM(AW65:AW66) -> 0 | AX67: =SUM(AX65:AX66) -> 0 | AY67: =SUM(AY65:AY66) -> 0 | AZ67: =SUM(AZ65:AZ66) -> 0 | BB67: =SUM(BB65:BB66) -> 0 | BE67: =SUM(BE65:BE66) -> 0 | BG67: =SUM(BG65:BG66) -> 0 | BH67: =SUM(BH65:BH66) -> 0 | BI67: =SUM(BI65:BI66) -> 0 | BK67: =SUM(BK65:BK66) -> 0 | BM67: =SUM(BM65:BM66) -> 0 | BP67: =SUM(BP65:BP66) -> 0 | BQ67: =SUM(BQ65:BQ66) -> 0 | BR67: =SUM(BR65:BR66) -> 0 | BS67: =SUM(BS65:BS66) -> 0 | BT67: =SUM(BT65:BT66) -> 0 | BV67: =SUM(BV63:BV66) -> 0 | BY67: =SUM(BY65:BY66) -> 0 | CA67: =SUM(CA65:CA66) -> 0 | CB67: =SUM(CB65:CB66) -> 0 | CC67: =SUM(CC65:CC66) -> 0 | CE67: =SUM(CE65:CE66) -> 0 | CG67: =SUM(CG65:CG66) -> 0 | CJ67: =SUM(CJ65:CJ66) -> 0 | CK67: =SUM(CK65:CK66) -> 0 | CL67: =SUM(CL65:CL66) -> 0 | CM67: =SUM(CM65:CM66) -> 0 | CN67: =SUM(CN65:CN66) -> 0 | CP67: =SUM(CP65:CP66) -> 0 | CS67: =SUM(CS65:CS66) -> 0 | CU67: =SUM(CU65:CU66) -> 0 | CV67: =SUM(CV65:CV66) -> 0 | CW67: =SUM(CW65:CW66) -> 0 | CY67: =SUM(CY65:CY66) -> 0 | DA67: =SUM(DA65:DA66) -> 0 | DD67: =SUM(DD65:DD66) -> 0 | DE67: =SUM(DE65:DE66) -> 0 | DF67: =SUM(DF65:DF66) -> 0 | DG67: =SUM(DG65:DG66) -> 0 | DH67: =SUM(DH65:DH66) -> 0 | DJ67: =SUM(DJ65:DJ66) -> 0 | DM67: =SUM(DM65:DM66) -> 0 | DN67: =SUM(DN65:DN66) -> 0 | DO67: =SUM(DO65:DO66) -> 0 | DP67: =SUM(DP65:DP66) -> 0 | DQ67: =SUM(DQ65:DQ66) -> 0
B69: Total Certificate | C69: =(C62+C67)/2 -> 0 | F69: =F62+F67 -> 0 | H69: =H62+H67 -> 0 | I69: =I62+I67 -> 0 | J69: =J62+J67 -> 0 | L69: =L62+L67 -> 0 | N69: =(N62+N67)/2 -> 0 | Q69: =Q62+Q67 -> 0 | S69: =S62+S67 -> 0 | T69: =T62+T67 -> 0 | U69: =U62+U67 -> 0 | W69: =W62+W67 -> 0 | Y69: =(Y62+Y67)/2 -> 0 | AB69: =AB62+AB67 -> 0 | AC69: =AC62+AC67 -> 0 | AD69: =AD62+AD67 -> 0 | AE69: =AE62+AE67 -> 0 | AF69: =AF62+AF67 -> 0 | AH69: =(AH62+AH67)/2 -> 0 | AK69: =AK62+AK67 -> 0 | AM69: =AM62+AM67 -> 0 | AN69: =AN62+AN67 -> 0 | AO69: =AO62+AO67 -> 0 | AQ69: =AQ62+AQ67 -> 0 | AS69: =(AS62+AS67)/2 -> 0 | AV69: =AV62+AV67 -> 0 | AW69: =AW62+AW67 -> 0 | AX69: =AX62+AX67 -> 0 | AY69: =AY62+AY67 -> 0 | AZ69: =AZ62+AZ67 -> 0 | BB69: =(BB62+BB67)/2 -> 0 | BE69: =BE62+BE67 -> 0 | BG69: =BG62+BG67 -> 0 | BH69: =BH62+BH67 -> 0 | BI69: =BI62+BI67 -> 0 | BK69: =BK62+BK67 -> 0 | BM69: =(BM62+BM67)/2 -> 0 | BP69: =BP62+BP67 -> 0 | BQ69: =BQ62+BQ67 -> 0 | BR69: =BR62+BR67 -> 0 | BS69: =BS62+BS67 -> 0 | BT69: =BT62+BT67 -> 0 | BV69: =(BV62+BV67)/2 -> 0 | BY69: =BY62+BY67 -> 0 | CA69: =CA62+CA67 -> 0 | CB69: =CB62+CB67 -> 0 | CC69: =CC62+CC67 -> 0 | CE69: =CE62+CE67 -> 0 | CG69: =(CG62+CG67)/2 -> 0 | CJ69: =CJ62+CJ67 -> 0 | CK69: =CK62+CK67 -> 0 | CL69: =CL62+CL67 -> 0 | CM69: =CM62+CM67 -> 0 | CN69: =CN62+CN67 -> 0 | CP69: =(CP62+CP67)/2 -> 0 | CS69: =CS62+CS67 -> 0 | CU69: =CU62+CU67 -> 0 | CV69: =CV62+CV67 -> 0 | CW69: =CW62+CW67 -> 0 | CY69: =CY62+CY67 -> 0 | DA69: =(DA62+DA67)/2 -> 0 | DD69: =DD62+DD67 -> 0 | DE69: =DE62+DE67 -> 0 | DF69: =DF62+DF67 -> 0 | DG69: =DG62+DG67 -> 0 | DH69: =DH62+DH67 -> 0 | DJ69: =(DJ62+DJ67)/2 -> 0 | DM69: =DM62+DM67 -> 0 | DN69: =DN62+DN67 -> 0 | DO69: =DO62+DO67 -> 0 | DP69: =DP62+DP67 -> 0 | DQ69: =DQ62+DQ67 -> 0
B71: J-Term | Revenue Detail
B72: J-Term | F72: =C72*(D72*E72) -> 0 | H72: =G72*C72 -> 0 | J72: =F72+H72-I72 -> 0 | L72: =-J72*K72 -> 0 | Q72: =N72*(O72*P72) -> 0 | S72: =R72*N72 -> 0 | U72: =Q72+S72-T72 -> 0 | W72: =U72*-V72 -> 0 | Y72: =N72-C72 -> 0 | Z72: =O72-D72 -> 0 | AA72: =P72-E72 -> 0 | AB72: =Q72-F72 -> 0 | AC72: =S72-H72 -> 0 | AD72: =T72-I72 -> 0 | AE72: =U72-J72 -> 0 | AF72: =W72-L72 -> 0 | AK72: =AH72*(AI72*AJ72) -> 0 | AM72: =AL72*AH72 -> 0 | AO72: =AK72+AM72-AN72 -> 0 | AQ72: =-AO72*AP72 -> 0 | AS72: =AH72-N72 -> 0 | AT72: =AI72-O72 -> 0 | AU72: =AJ72-P72 -> 0 | AV72: =AK72-Q72 -> 0 | AW72: =AM72-S72 -> 0 | AX72: =AN72-T72 -> 0 | AY72: =AO72-U72 -> 0 | AZ72: =AQ72-W72 -> 0 | BE72: =BB72*(BC72*BD72) -> 0 | BG72: =BF72*BB72 -> 0 | BI72: =BE72+BG72-BH72 -> 0 | BK72: =-BI72*BJ72 -> 0 | BM72: =BB72-AH72 -> 0 | BN72: =BC72-AI72 -> 0 | BO72: =BD72-AJ72 -> 0 | BP72: =BE72-AK72 -> 0 | BQ72: =BG72-AM72 -> 0 | BR72: =BH72-AN72 -> 0 | BS72: =BI72-AO72 -> 0 | BT72: =BK72-AQ72 -> 0 | BY72: =BV72*(BW72*BX72) -> 0 | CA72: =BZ72*BV72 -> 0 | CC72: =BY72+CA72-CB72 -> 0 | CE72: =-CC72*CD72 -> 0 | CG72: =BV72-BB72 -> 0 | CH72: =BW72-BC72 -> 0 | CI72: =BX72-BD72 -> 0 | CJ72: =BY72-BE72 -> 0 | CK72: =CA72-BG72 -> 0 | CL72: =CB72-BH72 -> 0 | CM72: =CC72-BI72 -> 0 | CN72: =CE72-BK72 -> 0 | CS72: =CP72*(CQ72*CR72) -> 0 | CU72: =CT72*CP72 -> 0 | CW72: =CS72+CU72-CV72 -> 0 | CY72: =-CW72*CX72 -> 0 | DA72: =CP72-BV72 -> 0 | DB72: =CQ72-BW72 -> 0 | DC72: =CR72-BX72 -> 0 | DD72: =CS72-BY72 -> 0 | DE72: =CU72-CA72 -> 0 | DF72: =CV72-CB72 -> 0 | DG72: =CW72-CC72 -> 0 | DH72: =CY72-CE72 -> 0 | DJ72: =Y72+AS72+BM72+CG72+DA72 -> 0 | DK72: =Z72+AT72+BN72+CH72+DB72 -> 0 | DL72: =AA72+AU72+BO72+CI72+DC72 -> 0 | DM72: =AB72+AV72+BP72+CJ72+DD72 -> 0 | DN72: =AC72+AW72+BQ72+CK72+DE72 -> 0 | DO72: =AD72+AX72+BR72+CL72+DF72 -> 0 | DP72: =AE72+AY72+BS72+CM72+DG72 -> 0 | DQ72: =AF72+AZ72+BT72+CN72+DH72 -> 0
B73: Total J-Term | C73: =SUM(C72) -> 0 | F73: =SUM(F72) -> 0 | H73: =SUM(H72) -> 0 | I73: =SUM(I72) -> 0 | J73: =SUM(J72) -> 0 | L73: =SUM(L72) -> 0 | N73: =SUM(N72) -> 0 | Q73: =SUM(Q72) -> 0 | S73: =SUM(S72) -> 0 | T73: =SUM(T72) -> 0 | U73: =SUM(U72) -> 0 | W73: =SUM(W72) -> 0 | Y73: =SUM(Y72) -> 0 | AB73: =SUM(AB72) -> 0 | AC73: =SUM(AC72) -> 0 | AD73: =SUM(AD72) -> 0 | AE73: =SUM(AE72) -> 0 | AF73: =W73-L73 -> 0 | AH73: =SUM(AH72) -> 0 | AK73: =SUM(AK72) -> 0 | AM73: =SUM(AM72) -> 0 | AN73: =SUM(AN72) -> 0 | AO73: =SUM(AO72) -> 0 | AQ73: =AO73*AP73 -> 0 | AS73: =SUM(AS72) -> 0 | AV73: =SUM(AV72) -> 0 | AW73: =SUM(AW72) -> 0 | AX73: =SUM(AX72) -> 0 | AY73: =SUM(AY72) -> 0 | AZ73: =SUM(AZ72) -> 0 | BB73: =SUM(BB72) -> 0 | BE73: =SUM(BE72) -> 0 | BG73: =SUM(BG72) -> 0 | BH73: =SUM(BH72) -> 0 | BI73: =SUM(BI72) -> 0 | BK73: =SUM(BK72) -> 0 | BM73: =SUM(BM72) -> 0 | BP73: =SUM(BP72) -> 0 | BQ73: =SUM(BQ72) -> 0 | BR73: =SUM(BR72) -> 0 | BS73: =SUM(BS72) -> 0 | BT73: =SUM(BT72) -> 0 | BV73: =SUM(BV72) -> 0 | BY73: =SUM(BY72) -> 0 | CA73: =SUM(CA72) -> 0 | CB73: =SUM(CB72) -> 0 | CC73: =SUM(CC72) -> 0 | CE73: =SUM(CE72) -> 0 | CG73: =SUM(CG72) -> 0 | CJ73: =SUM(CJ72) -> 0 | CK73: =SUM(CK72) -> 0 | CL73: =SUM(CL72) -> 0 | CM73: =SUM(CM72) -> 0 | CN73: =SUM(CN72) -> 0 | CP73: =SUM(CP72) -> 0 | CS73: =SUM(CS72) -> 0 | CU73: =SUM(CU72) -> 0 | CV73: =SUM(CV72) -> 0 | CW73: =SUM(CW72) -> 0 | CY73: =SUM(CY72) -> 0 | DA73: =SUM(DA72) -> 0 | DD73: =SUM(DD72) -> 0 | DE73: =SUM(DE72) -> 0 | DF73: =SUM(DF72) -> 0 | DG73: =SUM(DG72) -> 0 | DH73: =SUM(DH72) -> 0 | DJ73: =SUM(DJ72) -> 0 | DM73: =SUM(DM72) -> 0 | DN73: =SUM(DN72) -> 0 | DO73: =SUM(DO72) -> 0 | DP73: =SUM(DP72) -> 0 | DQ73: =SUM(DQ72) -> 0
B75: Summer | Revenue Detail
B76: Summer I | F76: =C76*(D76*E76) -> 0 | H76: =G76*C76 -> 0 | J76: =F76+H76-I76 -> 0 | L76: =-J76*K76 -> 0 | Q76: =N76*(O76*P76) -> 0 | S76: =R76*N76 -> 0 | U76: =Q76+S76-T76 -> 0 | W76: =U76*-V76 -> 0 | Y76: =N76-C76 -> 0 | Z76: =O76-D76 -> 0 | AA76: =P76-E76 -> 0 | AB76: =Q76-F76 -> 0 | AC76: =S76-H76 -> 0 | AD76: =T76-I76 -> 0 | AE76: =U76-J76 -> 0 | AF76: =W76-L76 -> 0 | AK76: =AH76*(AI76*AJ76) -> 0 | AM76: =AL76*AH76 -> 0 | AO76: =AK76+AM76-AN76 -> 0 | AQ76: =-AO76*AP76 -> 0 | AS76: =AH76-N76 -> 0 | AT76: =AI76-O76 -> 0 | AU76: =AJ76-P76 -> 0 | AV76: =AK76-Q76 -> 0 | AW76: =AM76-S76 -> 0 | AX76: =AN76-T76 -> 0 | AY76: =AO76-U76 -> 0 | AZ76: =AQ76-W76 -> 0 | BE76: =BB76*(BC76*BD76) -> 0 | BG76: =BF76*BB76 -> 0 | BI76: =BE76+BG76-BH76 -> 0 | BK76: =-BI76*BJ76 -> 0 | BM76: =BB76-AH76 -> 0 | BN76: =BC76-AI76 -> 0 | BO76: =BD76-AJ76 -> 0 | BP76: =BE76-AK76 -> 0 | BQ76: =BG76-AM76 -> 0 | BR76: =BH76-AN76 -> 0 | BS76: =BI76-AO76 -> 0 | BT76: =BK76-AQ76 -> 0 | BY76: =BV76*(BW76*BX76) -> 0 | CA76: =BZ76*BV76 -> 0 | CC76: =BY76+CA76-CB76 -> 0 | CE76: =-CC76*CD76 -> 0 | CG76: =BV76-BB76 -> 0 | CH76: =BW76-BC76 -> 0 | CI76: =BX76-BD76 -> 0 | CJ76: =BY76-BE76 -> 0 | CK76: =CA76-BG76 -> 0 | CL76: =CB76-BH76 -> 0 | CM76: =CC76-BI76 -> 0 | CN76: =CE76-BK76 -> 0 | CS76: =CP76*(CQ76*CR76) -> 0 | CU76: =CT76*CP76 -> 0 | CW76: =CS76+CU76-CV76 -> 0 | CY76: =-CW76*CX76 -> 0 | DA76: =CP76-BV76 -> 0 | DB76: =CQ76-BW76 -> 0 | DC76: =CR76-BX76 -> 0 | DD76: =CS76-BY76 -> 0 | DE76: =CU76-CA76 -> 0 | DF76: =CV76-CB76 -> 0 | DG76: =CW76-CC76 -> 0 | DH76: =CY76-CE76 -> 0 | DJ76: =Y76+AS76+BM76+CG76+DA76 -> 0 | DK76: =Z76+AT76+BN76+CH76+DB76 -> 0 | DL76: =AA76+AU76+BO76+CI76+DC76 -> 0 | DM76: =AB76+AV76+BP76+CJ76+DD76 -> 0 | DN76: =AC76+AW76+BQ76+CK76+DE76 -> 0 | DO76: =AD76+AX76+BR76+CL76+DF76 -> 0 | DP76: =AE76+AY76+BS76+CM76+DG76 -> 0 | DQ76: =AF76+AZ76+BT76+CN76+DH76 -> 0
B77: Summer II | F77: =C77*(D77*E77) -> 0 | H77: =G77*C77 -> 0 | J77: =F77+H77-I77 -> 0 | L77: =-J77*K77 -> 0 | Q77: =N77*(O77*P77) -> 0 | S77: =R77*N77 -> 0 | U77: =Q77+S77-T77 -> 0 | W77: =U77*-V77 -> 0 | Y77: =N77-C77 -> 0 | Z77: =O77-D77 -> 0 | AA77: =P77-E77 -> 0 | AB77: =Q77-F77 -> 0 | AC77: =S77-H77 -> 0 | AD77: =T77-I77 -> 0 | AE77: =U77-J77 -> 0 | AF77: =W77-L77 -> 0 | AK77: =AH77*(AI77*AJ77) -> 0 | AM77: =AL77*AH77 -> 0 | AO77: =AK77+AM77-AN77 -> 0 | AQ77: =-AO77*AP77 -> 0 | AS77: =AH77-N77 -> 0 | AT77: =AI77-O77 -> 0 | AU77: =AJ77-P77 -> 0 | AV77: =AK77-Q77 -> 0 | AW77: =AM77-S77 -> 0 | AX77: =AN77-T77 -> 0 | AY77: =AO77-U77 -> 0 | AZ77: =AQ77-W77 -> 0 | BE77: =BB77*(BC77*BD77) -> 0 | BG77: =BF77*BB77 -> 0 | BI77: =BE77+BG77-BH77 -> 0 | BK77: =-BI77*BJ77 -> 0 | BM77: =BB77-AH77 -> 0 | BN77: =BC77-AI77 -> 0 | BO77: =BD77-AJ77 -> 0 | BP77: =BE77-AK77 -> 0 | BQ77: =BG77-AM77 -> 0 | BR77: =BH77-AN77 -> 0 | BS77: =BI77-AO77 -> 0 | BT77: =BK77-AQ77 -> 0 | BY77: =BV77*(BW77*BX77) -> 0 | CA77: =BZ77*BV77 -> 0 | CC77: =BY77+CA77-CB77 -> 0 | CE77: =-CC77*CD77 -> 0 | CG77: =BV77-BB77 -> 0 | CH77: =BW77-BC77 -> 0 | CI77: =BX77-BD77 -> 0 | CJ77: =BY77-BE77 -> 0 | CK77: =CA77-BG77 -> 0 | CL77: =CB77-BH77 -> 0 | CM77: =CC77-BI77 -> 0 | CN77: =CE77-BK77 -> 0 | CS77: =CP77*(CQ77*CR77) -> 0 | CU77: =CT77*CP77 -> 0 | CW77: =CS77+CU77-CV77 -> 0 | CY77: =-CW77*CX77 -> 0 | DA77: =CP77-BV77 -> 0 | DB77: =CQ77-BW77 -> 0 | DC77: =CR77-BX77 -> 0 | DD77: =CS77-BY77 -> 0 | DE77: =CU77-CA77 -> 0 | DF77: =CV77-CB77 -> 0 | DG77: =CW77-CC77 -> 0 | DH77: =CY77-CE77 -> 0 | DJ77: =Y77+AS77+BM77+CG77+DA77 -> 0 | DK77: =Z77+AT77+BN77+CH77+DB77 -> 0 | DL77: =AA77+AU77+BO77+CI77+DC77 -> 0 | DM77: =AB77+AV77+BP77+CJ77+DD77 -> 0 | DN77: =AC77+AW77+BQ77+CK77+DE77 -> 0 | DO77: =AD77+AX77+BR77+CL77+DF77 -> 0 | DP77: =AE77+AY77+BS77+CM77+DG77 -> 0 | DQ77: =AF77+AZ77+BT77+CN77+DH77 -> 0
B78: Total Summer | C78: =SUM(C76:C77)/2 -> 0 | F78: =SUM(F76:F77) -> 0 | H78: =SUM(H76:H77) -> 0 | I78: =SUM(I76:I77) -> 0 | J78: =SUM(J76:J77) -> 0 | L78: =SUM(L76:L77) -> 0 | N78: =SUM(N76:N77)/2 -> 0 | Q78: =SUM(Q76:Q77) -> 0 | S78: =SUM(S76:S77) -> 0 | T78: =SUM(T76:T77) -> 0 | U78: =SUM(U76:U77) -> 0 | W78: =SUM(W76:W77) -> 0 | Y78: =SUM(Y76:Y77)/2 -> 0 | AB78: =SUM(AB76:AB77) -> 0 | AC78: =SUM(AC76:AC77) -> 0 | AD78: =SUM(AD76:AD77) -> 0 | AE78: =SUM(AE76:AE77) -> 0 | AF78: =SUM(AF76:AF77) -> 0 | AH78: =SUM(AH76:AH77)/2 -> 0 | AK78: =SUM(AK76:AK77) -> 0 | AM78: =SUM(AM76:AM77) -> 0 | AN78: =SUM(AN76:AN77) -> 0 | AO78: =SUM(AO76:AO77) -> 0 | AQ78: =SUM(AQ76:AQ77) -> 0 | AS78: =SUM(AS76:AS77)/2 -> 0 | AV78: =SUM(AV76:AV77) -> 0 | AW78: =SUM(AW76:AW77) -> 0 | AX78: =SUM(AX76:AX77) -> 0 | AY78: =SUM(AY76:AY77) -> 0 | AZ78: =SUM(AZ76:AZ77) -> 0 | BB78: =SUM(BB76:BB77)/2 -> 0 | BE78: =SUM(BE76:BE77) -> 0 | BG78: =SUM(BG76:BG77) -> 0 | BH78: =SUM(BH76:BH77) -> 0 | BI78: =SUM(BI76:BI77) -> 0 | BK78: =SUM(BK76:BK77) -> 0 | BM78: =SUM(BM76:BM77)/2 -> 0 | BP78: =SUM(BP76:BP77) -> 0 | BQ78: =SUM(BQ76:BQ77) -> 0 | BR78: =SUM(BR76:BR77) -> 0 | BS78: =SUM(BS76:BS77) -> 0 | BT78: =SUM(BT76:BT77) -> 0 | BV78: =SUM(BV76:BV77)/2 -> 0 | BY78: =SUM(BY76:BY77) -> 0 | CA78: =SUM(CA76:CA77) -> 0 | CB78: =SUM(CB76:CB77) -> 0 | CC78: =SUM(CC76:CC77) -> 0 | CE78: =SUM(CE76:CE77) -> 0 | CG78: =SUM(CG76:CG77)/2 -> 0 | CJ78: =SUM(CJ76:CJ77) -> 0 | CK78: =SUM(CK76:CK77) -> 0 | CL78: =SUM(CL76:CL77) -> 0 | CM78: =SUM(CM76:CM77) -> 0 | CN78: =SUM(CN76:CN77) -> 0 | CP78: =SUM(CP76:CP77)/2 -> 0 | CS78: =SUM(CS76:CS77) -> 0 | CU78: =SUM(CU76:CU77) -> 0 | CV78: =SUM(CV76:CV77) -> 0 | CW78: =SUM(CW76:CW77) -> 0 | CY78: =SUM(CY76:CY77) -> 0 | DA78: =SUM(DA76:DA77)/2 -> 0 | DD78: =SUM(DD76:DD77) -> 0 | DE78: =SUM(DE76:DE77) -> 0 | DF78: =SUM(DF76:DF77) -> 0 | DG78: =SUM(DG76:DG77) -> 0 | DH78: =SUM(DH76:DH77) -> 0 | DJ78: =SUM(DJ76:DJ77)/2 -> 0 | DM78: =SUM(DM76:DM77) -> 0 | DN78: =SUM(DN76:DN77) -> 0 | DO78: =SUM(DO76:DO77) -> 0 | DP78: =SUM(DP76:DP77) -> 0 | DQ78: =SUM(DQ76:DQ77) -> 0
B80: TOTAL
B81: Total Undergraduate
B82: Full-Time | C82: =C25 -> 0 | F82: =F25 -> 0 | H82: =H25 -> 0 | I82: =I25 -> 0 | J82: =J25 -> 0 | L82: =L25 -> 0 | N82: =N25 -> 0 | Q82: =Q25 -> 0 | S82: =S25 -> 0 | T82: =T25 -> 0 | U82: =U25 -> 0 | W82: =W25 -> 0 | Y82: =Y25 -> 0 | AB82: =AB25 -> 0 | AC82: =AC25 -> 0 | AD82: =AD25 -> 0 | AE82: =AE25 -> 0 | AF82: =AF25 -> 0 | AH82: =AH25 -> 0 | AK82: =AK25 -> 0 | AM82: =AM25 -> 0 | AN82: =AN25 -> 0 | AO82: =AO25 -> 0 | AQ82: =AQ25 -> 0 | AS82: =AS25 -> 0 | AV82: =AV25 -> 0 | AW82: =AW25 -> 0 | AX82: =AX25 -> 0 | AY82: =AY25 -> 0 | AZ82: =AZ25 -> 0 | BB82: =BB25 -> 0 | BE82: =BE25 -> 0 | BG82: =BG25 -> 0 | BH82: =BH25 -> 0 | BI82: =BI25 -> 0 | BK82: =BK25 -> 0 | BM82: =BM25 -> 0 | BP82: =BP25 -> 0 | BQ82: =BQ25 -> 0 | BR82: =BR25 -> 0 | BS82: =BS25 -> 0 | BT82: =BT25 -> 0 | BV82: =BV25 -> 0 | BY82: =BY25 -> 0 | CA82: =CA25 -> 0 | CB82: =CB25 -> 0 | CC82: =CC25 -> 0 | CE82: =CE25 -> 0 | CG82: =CG25 -> 0 | CJ82: =CJ25 -> 0 | CK82: =CK25 -> 0 | CL82: =CL25 -> 0 | CM82: =CM25 -> 0 | CN82: =CN25 -> 0 | CP82: =CP25 -> 0 | CS82: =CS25 -> 0 | CU82: =CU25 -> 0 | CV82: =CV25 -> 0 | CW82: =CW25 -> 0 | CY82: =CY25 -> 0 | DA82: =DA25 -> 0 | DD82: =DD25 -> 0 | DE82: =DE25 -> 0 | DF82: =DF25 -> 0 | DG82: =DG25 -> 0 | DH82: =DH25 -> 0 | DJ82: =DJ25 -> 0 | DM82: =DM25 -> 0 | DN82: =DN25 -> 0 | DO82: =DO25 -> 0 | DP82: =DP25 -> 0 | DQ82: =DQ25 -> 0
B83: Part-Time | C83: =C42 -> 0 | F83: =F42 -> 0 | H83: =H42 -> 0 | I83: =I42 -> 0 | J83: =J42 -> 0 | L83: =L42 -> 0 | N83: =N42 -> 0 | Q83: =Q42 -> 0 | S83: =S42 -> 0 | T83: =T42 -> 0 | U83: =U42 -> 0 | W83: =W42 -> 0 | Y83: =Y42 -> 0 | AB83: =AB42 -> 0 | AC83: =AC42 -> 0 | AD83: =AD42 -> 0 | AE83: =AE42 -> 0 | AF83: =AF42 -> 0 | AH83: =AH42 -> 0 | AK83: =AK42 -> 0 | AM83: =AM42 -> 0 | AN83: =AN42 -> 0 | AO83: =AO42 -> 0 | AQ83: =AQ42 -> 0 | AS83: =AS42 -> 0 | AV83: =AV42 -> 0 | AW83: =AW42 -> 0 | AX83: =AX42 -> 0 | AY83: =AY42 -> 0 | AZ83: =AZ42 -> 0 | BB83: =BB42 -> 0 | BE83: =BE42 -> 0 | BG83: =BG42 -> 0 | BH83: =BH42 -> 0 | BI83: =BI42 -> 0 | BK83: =BK42 -> 0 | BM83: =BM42 -> 0 | BP83: =BP42 -> 0 | BQ83: =BQ42 -> 0 | BR83: =BR42 -> 0 | BS83: =BS42 -> 0 | BT83: =BT42 -> 0 | BV83: =BV42 -> 0 | BY83: =BY42 -> 0 | CA83: =CA42 -> 0 | CB83: =CB42 -> 0 | CC83: =CC42 -> 0 | CE83: =CE42 -> 0 | CG83: =CG42 -> 0 | CJ83: =CJ42 -> 0 | CK83: =CK42 -> 0 | CL83: =CL42 -> 0 | CM83: =CM42 -> 0 | CN83: =CN42 -> 0 | CP83: =CP42 -> 0 | CS83: =CS42 -> 0 | CU83: =CU42 -> 0 | CV83: =CV42 -> 0 | CW83: =CW42 -> 0 | CY83: =CY42 -> 0 | DA83: =DA42 -> 0 | DD83: =DD42 -> 0 | DE83: =DE42 -> 0 | DF83: =DF42 -> 0 | DG83: =DG42 -> 0 | DH83: =DH42 -> 0 | DJ83: =DJ42 -> 0 | DM83: =DM42 -> 0 | DN83: =DN42 -> 0 | DO83: =DO42 -> 0 | DP83: =DP42 -> 0 | DQ83: =DQ42 -> 0
B84: Total Graduate | C84: =C55 -> 0 | F84: =F55 -> 0 | H84: =H55 -> 0 | I84: =I55 -> 0 | J84: =J55 -> 0 | L84: =L55 -> 0 | N84: =N55 -> 0 | Q84: =Q55 -> 0 | S84: =S55 -> 0 | T84: =T55 -> 0 | U84: =U55 -> 0 | W84: =W55 -> 0 | Y84: =Y55 -> 0 | AB84: =AB55 -> 0 | AC84: =AC55 -> 0 | AD84: =AD55 -> 0 | AE84: =AE55 -> 0 | AF84: =AF55 -> 0 | AH84: =AH55 -> 0 | AK84: =AK55 -> 0 | AM84: =AM55 -> 0 | AN84: =AN55 -> 0 | AO84: =AO55 -> 0 | AQ84: =AQ55 -> 0 | AS84: =AS55 -> 0 | AV84: =AV55 -> 0 | AW84: =AW55 -> 0 | AX84: =AX55 -> 0 | AY84: =AY55 -> 0 | AZ84: =AZ55 -> 0 | BB84: =BB55 -> 0 | BE84: =BE55 -> 0 | BG84: =BG55 -> 0 | BH84: =BH55 -> 0 | BI84: =BI55 -> 0 | BK84: =BK55 -> 0 | BM84: =BM55 -> 0 | BP84: =BP55 -> 0 | BQ84: =BQ55 -> 0 | BR84: =BR55 -> 0 | BS84: =BS55 -> 0 | BT84: =BT55 -> 0 | BV84: =BV55 -> 0 | BY84: =BY55 -> 0 | CA84: =CA55 -> 0 | CB84: =CB55 -> 0 | CC84: =CC55 -> 0 | CE84: =CE55 -> 0 | CG84: =CG55 -> 0 | CJ84: =CJ55 -> 0 | CK84: =CK55 -> 0 | CL84: =CL55 -> 0 | CM84: =CM55 -> 0 | CN84: =CN55 -> 0 | CP84: =CP55 -> 0 | CS84: =CS55 -> 0 | CU84: =CU55 -> 0 | CV84: =CV55 -> 0 | CW84: =CW55 -> 0 | CY84: =CY55 -> 0 | DA84: =DA55 -> 0 | DD84: =DD55 -> 0 | DE84: =DE55 -> 0 | DF84: =DF55 -> 0 | DG84: =DG55 -> 0 | DH84: =DH55 -> 0 | DJ84: =DJ55 -> 0 | DM84: =DM55 -> 0 | DN84: =DN55 -> 0 | DO84: =DO55 -> 0 | DP84: =DP55 -> 0 | DQ84: =DQ55 -> 0
B85: Total Certificate | C85: =C69 -> 0 | F85: =F69 -> 0 | H85: =H69 -> 0 | I85: =I69 -> 0 | J85: =J69 -> 0 | L85: =L69 -> 0 | N85: =N69 -> 0 | Q85: =Q69 -> 0 | S85: =S69 -> 0 | T85: =T69 -> 0 | U85: =U69 -> 0 | W85: =W69 -> 0 | Y85: =Y69 -> 0 | AB85: =AB69 -> 0 | AC85: =AC69 -> 0 | AD85: =AD69 -> 0 | AE85: =AE69 -> 0 | AF85: =AF69 -> 0 | AH85: =AH69 -> 0 | AK85: =AK69 -> 0 | AM85: =AM69 -> 0 | AN85: =AN69 -> 0 | AO85: =AO69 -> 0 | AQ85: =AQ69 -> 0 | AS85: =AS69 -> 0 | AV85: =AV69 -> 0 | AW85: =AW69 -> 0 | AX85: =AX69 -> 0 | AY85: =AY69 -> 0 | AZ85: =AZ69 -> 0 | BB85: =BB69 -> 0 | BE85: =BE69 -> 0 | BG85: =BG69 -> 0 | BH85: =BH69 -> 0 | BI85: =BI69 -> 0 | BK85: =BK69 -> 0 | BM85: =BM69 -> 0 | BP85: =BP69 -> 0 | BQ85: =BQ69 -> 0 | BR85: =BR69 -> 0 | BS85: =BS69 -> 0 | BT85: =BT69 -> 0 | BV85: =BV69 -> 0 | BY85: =BY69 -> 0 | CA85: =CA69 -> 0 | CB85: =CB69 -> 0 | CC85: =CC69 -> 0 | CE85: =CE69 -> 0 | CG85: =CG69 -> 0 | CJ85: =CJ69 -> 0 | CK85: =CK69 -> 0 | CL85: =CL69 -> 0 | CM85: =CM69 -> 0 | CN85: =CN69 -> 0 | CP85: =CP69 -> 0 | CS85: =CS69 -> 0 | CU85: =CU69 -> 0 | CV85: =CV69 -> 0 | CW85: =CW69 -> 0 | CY85: =CY69 -> 0 | DA85: =DA69 -> 0 | DD85: =DD69 -> 0 | DE85: =DE69 -> 0 | DF85: =DF69 -> 0 | DG85: =DG69 -> 0 | DH85: =DH69 -> 0 | DJ85: =DJ69 -> 0 | DM85: =DM69 -> 0 | DN85: =DN69 -> 0 | DO85: =DO69 -> 0 | DP85: =DP69 -> 0 | DQ85: =DQ69 -> 0
B86: Total J-Term | C86: =C73 -> 0 | F86: =F73 -> 0 | H86: =H73 -> 0 | I86: =I73 -> 0 | J86: =J73 -> 0 | L86: =L73 -> 0 | N86: =N73 -> 0 | Q86: =Q73 -> 0 | S86: =S73 -> 0 | T86: =T73 -> 0 | U86: =U73 -> 0 | W86: =W73 -> 0 | Y86: =Y73 -> 0 | AB86: =AB73 -> 0 | AC86: =AC73 -> 0 | AD86: =AD73 -> 0 | AE86: =AE73 -> 0 | AF86: =AF73 -> 0 | AH86: =AH73 -> 0 | AK86: =AK73 -> 0 | AM86: =AM73 -> 0 | AN86: =AN73 -> 0 | AO86: =AO73 -> 0 | AQ86: =AQ73 -> 0 | AS86: =AS73 -> 0 | AV86: =AV73 -> 0 | AW86: =AW73 -> 0 | AX86: =AX73 -> 0 | AY86: =AY73 -> 0 | AZ86: =AZ73 -> 0 | BB86: =BB73 -> 0 | BE86: =BE73 -> 0 | BG86: =BG73 -> 0 | BH86: =BH73 -> 0 | BI86: =BI73 -> 0 | BK86: =BK73 -> 0 | BM86: =BM73 -> 0 | BP86: =BP73 -> 0 | BQ86: =BQ73 -> 0 | BR86: =BR73 -> 0 | BS86: =BS73 -> 0 | BT86: =BT73 -> 0 | BV86: =BV73 -> 0 | BY86: =BY73 -> 0 | CA86: =CA73 -> 0 | CB86: =CB73 -> 0 | CC86: =CC73 -> 0 | CE86: =CE73 -> 0 | CG86: =CG73 -> 0 | CJ86: =CJ73 -> 0 | CK86: =CK73 -> 0 | CL86: =CL73 -> 0 | CM86: =CM73 -> 0 | CN86: =CN73 -> 0 | CP86: =CP73 -> 0 | CS86: =CS73 -> 0 | CU86: =CU73 -> 0 | CV86: =CV73 -> 0 | CW86: =CW73 -> 0 | CY86: =CY73 -> 0 | DA86: =DA73 -> 0 | DD86: =DD73 -> 0 | DE86: =DE73 -> 0 | DF86: =DF73 -> 0 | DG86: =DG73 -> 0 | DH86: =DH73 -> 0 | DJ86: =DJ73 -> 0 | DM86: =DM73 -> 0 | DN86: =DN73 -> 0 | DO86: =DO73 -> 0 | DP86: =DP73 -> 0 | DQ86: =DQ73 -> 0
B87: Total Summer | C87: =C78 -> 0 | F87: =F78 -> 0 | H87: =H78 -> 0 | I87: =I78 -> 0 | J87: =J78 -> 0 | L87: =L78 -> 0 | N87: =N78 -> 0 | Q87: =Q78 -> 0 | S87: =S78 -> 0 | T87: =T78 -> 0 | U87: =U78 -> 0 | W87: =W78 -> 0 | Y87: =Y78 -> 0 | AB87: =AB78 -> 0 | AC87: =AC78 -> 0 | AD87: =AD78 -> 0 | AE87: =AE78 -> 0 | AF87: =AF78 -> 0 | AH87: =AH78 -> 0 | AK87: =AK78 -> 0 | AM87: =AM78 -> 0 | AN87: =AN78 -> 0 | AO87: =AO78 -> 0 | AQ87: =AQ78 -> 0 | AS87: =AS78 -> 0 | AV87: =AV78 -> 0 | AW87: =AW78 -> 0 | AX87: =AX78 -> 0 | AY87: =AY78 -> 0 | AZ87: =AZ78 -> 0 | BB87: =BB78 -> 0 | BE87: =BE78 -> 0 | BG87: =BG78 -> 0 | BH87: =BH78 -> 0 | BI87: =BI78 -> 0 | BK87: =BK78 -> 0 | BM87: =BM78 -> 0 | BP87: =BP78 -> 0 | BQ87: =BQ78 -> 0 | BR87: =BR78 -> 0 | BS87: =BS78 -> 0 | BT87: =BT78 -> 0 | BV87: =BV78 -> 0 | BY87: =BY78 -> 0 | CA87: =CA78 -> 0 | CB87: =CB78 -> 0 | CC87: =CC78 -> 0 | CE87: =CE78 -> 0 | CG87: =CG78 -> 0 | CJ87: =CJ78 -> 0 | CK87: =CK78 -> 0 | CL87: =CL78 -> 0 | CM87: =CM78 -> 0 | CN87: =CN78 -> 0 | CP87: =CP78 -> 0 | CS87: =CS78 -> 0 | CU87: =CU78 -> 0 | CV87: =CV78 -> 0 | CW87: =CW78 -> 0 | CY87: =CY78 -> 0 | DA87: =DA78 -> 0 | DD87: =DD78 -> 0 | DE87: =DE78 -> 0 | DF87: =DF78 -> 0 | DG87: =DG78 -> 0 | DH87: =DH78 -> 0 | DJ87: =DJ78 -> 0 | DM87: =DM78 -> 0 | DN87: =DN78 -> 0 | DO87: =DO78 -> 0 | DP87: =DP78 -> 0 | DQ87: =DQ78 -> 0
B88: Grand Total | C88: =SUM(C82:C87) -> 0 | F88: =SUM(F82:F87) -> 0 | H88: =SUM(H82:H87) -> 0 | I88: =SUM(I82:I87) -> 0 | J88: =SUM(J82:J87) -> 0 | L88: =SUM(L82:L87) -> 0 | N88: =SUM(N82:N87) -> 0 | Q88: =SUM(Q82:Q87) -> 0 | S88: =SUM(S82:S87) -> 0 | T88: =SUM(T82:T87) -> 0 | U88: =SUM(U82:U87) -> 0 | W88: =SUM(W82:W87) -> 0 | Y88: =SUM(Y82:Y87) -> 0 | AB88: =SUM(AB82:AB87) -> 0 | AC88: =SUM(AC82:AC87) -> 0 | AD88: =SUM(AD82:AD87) -> 0 | AE88: =SUM(AE82:AE87) -> 0 | AF88: =SUM(AF82:AF87) -> 0 | AH88: =SUM(AH82:AH87) -> 0 | AK88: =SUM(AK82:AK87) -> 0 | AM88: =SUM(AM82:AM87) -> 0 | AN88: =SUM(AN82:AN87) -> 0 | AO88: =SUM(AO82:AO87) -> 0 | AQ88: =SUM(AQ82:AQ87) -> 0 | AS88: =SUM(AS82:AS87) -> 0 | AV88: =SUM(AV82:AV87) -> 0 | AW88: =SUM(AW82:AW87) -> 0 | AX88: =SUM(AX82:AX87) -> 0 | AY88: =SUM(AY82:AY87) -> 0 | AZ88: =SUM(AZ82:AZ87) -> 0 | BB88: =SUM(BB82:BB87) -> 0 | BE88: =SUM(BE82:BE87) -> 0 | BG88: =SUM(BG82:BG87) -> 0 | BH88: =SUM(BH82:BH87) -> 0 | BI88: =SUM(BI82:BI87) -> 0 | BK88: =SUM(BK82:BK87) -> 0 | BM88: =SUM(BM82:BM87) -> 0 | BP88: =SUM(BP82:BP87) -> 0 | BQ88: =SUM(BQ82:BQ87) -> 0 | BR88: =SUM(BR82:BR87) -> 0 | BS88: =SUM(BS82:BS87) -> 0 | BT88: =SUM(BT82:BT87) -> 0 | BV88: =SUM(BV82:BV87) -> 0 | BY88: =SUM(BY82:BY87) -> 0 | CA88: =SUM(CA82:CA87) -> 0 | CB88: =SUM(CB82:CB87) -> 0 | CC88: =SUM(CC82:CC87) -> 0 | CE88: =SUM(CE82:CE87) -> 0 | CG88: =SUM(CG82:CG87) -> 0 | CJ88: =SUM(CJ82:CJ87) -> 0 | CK88: =SUM(CK82:CK87) -> 0 | CL88: =SUM(CL82:CL87) -> 0 | CM88: =SUM(CM82:CM87) -> 0 | CN88: =SUM(CN82:CN87) -> 0 | CP88: =SUM(CP82:CP87) -> 0 | CS88: =SUM(CS82:CS87) -> 0 | CU88: =SUM(CU82:CU87) -> 0 | CV88: =SUM(CV82:CV87) -> 0 | CW88: =SUM(CW82:CW87) -> 0 | CY88: =SUM(CY82:CY87) -> 0 | DA88: =SUM(DA82:DA87) -> 0 | DD88: =SUM(DD82:DD87) -> 0 | DE88: =SUM(DE82:DE87) -> 0 | DF88: =SUM(DF82:DF87) -> 0 | DG88: =SUM(DG82:DG87) -> 0 | DH88: =SUM(DH82:DH87) -> 0 | DJ88: =SUM(DJ82:DJ87) -> 0 | DM88: =SUM(DM82:DM87) -> 0 | DN88: =SUM(DN82:DN87) -> 0 | DO88: =SUM(DO82:DO87) -> 0 | DP88: =SUM(DP82:DP87) -> 0 | DQ88: =SUM(DQ82:DQ87) -> 0

Sheet Salary Detail
B1: LOYOLA UNIVERSITY CHICAGO
B2: ACADEMIC AFFAIRS - PROGRAM DEVELOPMENT
B3: <Enter Program Name>
B4: Five Year Pro Forma Budget Development Revenue Detail - Template
B5: Please enter values in orange fields
C6: Current Fiscal Year | H6: Fiscal Year 1 | R6: Fiscal Year 2 | AB6: Fiscal Year 3 | AL6: Fiscal Year 4 | AV6: Fiscal Year 5
C7: Identify current human resource funding (faculty and staff) available to support this program. If none, start under FY1, columns H-J. | H7: FY 1 | M7: FY 1 vs. Current FY Increase (Decrease) | R7: FY 2 | W7: FY 2 vs. FY 1 Increase (Decrease) | AB7: FY 3 | AG7: FY 3 vs. FY 2 Increase (Decrease) | AL7: FY 4 | AQ7: FY 4 vs. FY3 Increase (Decrease) | AV7: FY 5 | BA7: FY 5 vs. FY 4 Increase (Decrease) | BF7: Total Five Year Increase (Decrease)
B8: Position Title | C8: FTE | D8: Salary | E8: Benefits | F8: Total Salary & Benefits | H8: FTE | I8: Salary | J8: Benefits | K8: Total Salary & Benefits | M8: FTE | N8: Salary | O8: Benefits | P8: Total Salary & Benefits | R8: FTE | S8: Salary | T8: Benefits | U8: Total Salary & Benefits | W8: FTE | X8: Salary | Y8: Benefits | Z8: Total Salary & Benefits | AB8: FTE | AC8: Salary | AD8: Benefits | AE8: Total Salary & Benefits | AG8: FTE | AH8: Salary | AI8: Benefits | AJ8: Total Salary & Benefits | AL8: FTE | AM8: Salary | AN8: Benefits | AO8: Total Salary & Benefits | AQ8: FTE | AR8: Salary | AS8: Benefits | AT8: Total Salary & Benefits | AV8: FTE | AW8: Salary | AX8: Benefits | AY8: Total Salary & Benefits | BA8: FTE | BB8: Salary | BC8: Benefits | BD8: Total Salary & Benefits | BF8: FTE | BG8: Salary | BH8: Benefits | BI8: Total Salary & Benefits | BK8: Notes/Assumptions
C9: full-time = 1 part-time < 1 | D9: enter annual salary amount in $USD | E9: full-time rate 30% part-time rate 8.5% | F9: salary + benefits | H9: full-time = 1 part-time < 1 | I9: enter annual salary amount in $USD | J9: full-time rate 30% part-time rate 8.5% | K9: salary + benefits | M9: full-time = 1 part-time < 1 | N9: enter annual salary amount in $USD | O9: full-time rate 30% part-time rate 8.5% | P9: salary + benefits | R9: full-time = 1 part-time < 1 | S9: enter annual salary amount in $USD | T9: full-time rate 30% part-time rate 8.5% | U9: salary + benefits | W9: full-time = 1 part-time < 1 | X9: enter annual salary amount in $USD | Y9: full-time rate 30% part-time rate 8.5% | Z9: salary + benefits | AB9: full-time = 1 part-time < 1 | AC9: enter annual salary amount in $USD | AD9: full-time rate 30% part-time rate 8.5% | AE9: salary + benefits | AG9: full-time = 1 part-time < 1 | AH9: enter annual salary amount in $USD | AI9: full-time rate 30% part-time rate 8.5% | AJ9: salary + benefits | AL9: full-time = 1 part-time < 1 | AM9: enter annual salary amount in $USD | AN9: full-time rate 30% part-time rate 8.5% | AO9: salary + benefits | AQ9: full-time = 1 part-time < 1 | AR9: enter annual salary amount in $USD | AS9: full-time rate 30% part-time rate 8.5% | AT9: salary + benefits | AV9: full-time = 1 part-time < 1 | AW9: enter annual salary amount in $USD | AX9: full-time rate 30% part-time rate 8.5% | AY9: salary + benefits | BA9: full-time = 1 part-time < 1 | BB9: enter annual salary amount in $USD | BC9: full-time rate 30% part-time rate 8.5% | BD9: salary + benefits | BF9: full-time = 1 part-time < 1 | BG9: enter annual salary amount in $USD | BH9: full-time rate 30% part-time rate 8.5% | BI9: salary + benefits
B10: Full-Time Faculty | Salary & Benefits
B11: <Enter Position Title> | F11: =D11+E11 -> 0 | K11: =I11+J11 -> 0 | M11: =H11-C11 -> 0 | N11: =I11-D11 -> 0 | O11: =J11-E11 -> 0 | P11: =N11+O11 -> 0 | U11: =S11+T11 -> 0 | W11: =R11-H11 -> 0 | X11: =S11-I11 -> 0 | Y11: =T11-J11 -> 0 | Z11: =X11+Y11 -> 0 | AE11: =AC11+AD11 -> 0 | AG11: =AB11-R11 -> 0 | AH11: =AC11-S11 -> 0 | AI11: =AD11-T11 -> 0 | AJ11: =AH11+AI11 -> 0 | AO11: =AM11+AN11 -> 0 | AQ11: =AL11-AB11 -> 0 | AR11: =AM11-AC11 -> 0 | AS11: =AN11-AD11 -> 0 | AT11: =AR11+AS11 -> 0 | AY11: =AW11+AX11 -> 0 | BA11: =AV11-AL11 -> 0 | BB11: =AW11-AM11 -> 0 | BC11: =AX11-AN11 -> 0 | BD11: =BB11+BC11 -> 0 | BF11: =M11+W11+AG11+AQ11+BA11 -> 0 | BG11: =N11+X11+AH11+AR11+BB11 -> 0 | BH11: =O11+Y11+AI11+AS11+BC11 -> 0 | BI11: =P11+Z11+AJ11+AT11+BD11 -> 0
B12: <Enter Position Title> | F12: =D12+E12 -> 0 | K12: =I12+J12 -> 0 | M12: =H12-C12 -> 0 | N12: =I12-D12 -> 0 | O12: =J12-E12 -> 0 | P12: =N12+O12 -> 0 | U12: =S12+T12 -> 0 | W12: =R12-H12 -> 0 | X12: =S12-I12 -> 0 | Y12: =T12-J12 -> 0 | Z12: =X12+Y12 -> 0 | AE12: =AC12+AD12 -> 0 | AG12: =AB12-R12 -> 0 | AH12: =AC12-S12 -> 0 | AI12: =AD12-T12 -> 0 | AJ12: =AH12+AI12 -> 0 | AO12: =AM12+AN12 -> 0 | AQ12: =AL12-AB12 -> 0 | AR12: =AM12-AC12 -> 0 | AS12: =AN12-AD12 -> 0 | AT12: =AR12+AS12 -> 0 | AY12: =AW12+AX12 -> 0 | BA12: =AV12-AL12 -> 0 | BB12: =AW12-AM12 -> 0 | BC12: =AX12-AN12 -> 0 | BD12: =BB12+BC12 -> 0 | BF12: =M12+W12+AG12+AQ12+BA12 -> 0 | BG12: =N12+X12+AH12+AR12+BB12 -> 0 | BH12: =O12+Y12+AI12+AS12+BC12 -> 0 | BI12: =P12+Z12+AJ12+AT12+BD12 -> 0
B13: <Enter Position Title> | F13: =D13+E13 -> 0 | K13: =I13+J13 -> 0 | M13: =H13-C13 -> 0 | N13: =I13-D13 -> 0 | O13: =J13-E13 -> 0 | P13: =N13+O13 -> 0 | U13: =S13+T13 -> 0 | W13: =R13-H13 -> 0 | X13: =S13-I13 -> 0 | Y13: =T13-J13 -> 0 | Z13: =X13+Y13 -> 0 | AE13: =AC13+AD13 -> 0 | AG13: =AB13-R13 -> 0 | AH13: =AC13-S13 -> 0 | AI13: =AD13-T13 -> 0 | AJ13: =AH13+AI13 -> 0 | AO13: =AM13+AN13 -> 0 | AQ13: =AL13-AB13 -> 0 | AR13: =AM13-AC13 -> 0 | AS13: =AN13-AD13 -> 0 | AT13: =AR13+AS13 -> 0 | AY13: =AW13+AX13 -> 0 | BA13: =AV13-AL13 -> 0 | BB13: =AW13-AM13 -> 0 | BC13: =AX13-AN13 -> 0 | BD13: =BB13+BC13 -> 0 | BF13: =M13+W13+AG13+AQ13+BA13 -> 0 | BG13: =N13+X13+AH13+AR13+BB13 -> 0 | BH13: =O13+Y13+AI13+AS13+BC13 -> 0 | BI13: =P13+Z13+AJ13+AT13+BD13 -> 0
B14: <Enter Position Title> | F14: =D14+E14 -> 0 | K14: =I14+J14 -> 0 | M14: =H14-C14 -> 0 | N14: =I14-D14 -> 0 | O14: =J14-E14 -> 0 | P14: =N14+O14 -> 0 | U14: =S14+T14 -> 0 | W14: =R14-H14 -> 0 | X14: =S14-I14 -> 0 | Y14: =T14-J14 -> 0 | Z14: =X14+Y14 -> 0 | AE14: =AC14+AD14 -> 0 | AG14: =AB14-R14 -> 0 | AH14: =AC14-S14 -> 0 | AI14: =AD14-T14 -> 0 | AJ14: =AH14+AI14 -> 0 | AO14: =AM14+AN14 -> 0 | AQ14: =AL14-AB14 -> 0 | AR14: =AM14-AC14 -> 0 | AS14: =AN14-AD14 -> 0 | AT14: =AR14+AS14 -> 0 | AY14: =AW14+AX14 -> 0 | BA14: =AV14-AL14 -> 0 | BB14: =AW14-AM14 -> 0 | BC14: =AX14-AN14 -> 0 | BD14: =BB14+BC14 -> 0 | BF14: =M14+W14+AG14+AQ14+BA14 -> 0 | BG14: =N14+X14+AH14+AR14+BB14 -> 0 | BH14: =O14+Y14+AI14+AS14+BC14 -> 0 | BI14: =P14+Z14+AJ14+AT14+BD14 -> 0
B15: <Enter Position Title> | F15: =D15+E15 -> 0 | K15: =I15+J15 -> 0 | M15: =H15-C15 -> 0 | N15: =I15-D15 -> 0 | O15: =J15-E15 -> 0 | P15: =N15+O15 -> 0 | U15: =S15+T15 -> 0 | W15: =R15-H15 -> 0 | X15: =S15-I15 -> 0 | Y15: =T15-J15 -> 0 | Z15: =X15+Y15 -> 0 | AE15: =AC15+AD15 -> 0 | AG15: =AB15-R15 -> 0 | AH15: =AC15-S15 -> 0 | AI15: =AD15-T15 -> 0 | AJ15: =AH15+AI15 -> 0 | AO15: =AM15+AN15 -> 0 | AQ15: =AL15-AB15 -> 0 | AR15: =AM15-AC15 -> 0 | AS15: =AN15-AD15 -> 0 | AT15: =AR15+AS15 -> 0 | AY15: =AW15+AX15 -> 0 | BA15: =AV15-AL15 -> 0 | BB15: =AW15-AM15 -> 0 | BC15: =AX15-AN15 -> 0 | BD15: =BB15+BC15 -> 0 | BF15: =M15+W15+AG15+AQ15+BA15 -> 0 | BG15: =N15+X15+AH15+AR15+BB15 -> 0 | BH15: =O15+Y15+AI15+AS15+BC15 -> 0 | BI15: =P15+Z15+AJ15+AT15+BD15 -> 0
B16: <Enter Position Title> | F16: =D16+E16 -> 0 | K16: =I16+J16 -> 0 | M16: =H16-C16 -> 0 | N16: =I16-D16 -> 0 | O16: =J16-E16 -> 0 | P16: =N16+O16 -> 0 | U16: =S16+T16 -> 0 | W16: =R16-H16 -> 0 | X16: =S16-I16 -> 0 | Y16: =T16-J16 -> 0 | Z16: =X16+Y16 -> 0 | AE16: =AC16+AD16 -> 0 | AG16: =AB16-R16 -> 0 | AH16: =AC16-S16 -> 0 | AI16: =AD16-T16 -> 0 | AJ16: =AH16+AI16 -> 0 | AO16: =AM16+AN16 -> 0 | AQ16: =AL16-AB16 -> 0 | AR16: =AM16-AC16 -> 0 | AS16: =AN16-AD16 -> 0 | AT16: =AR16+AS16 -> 0 | AY16: =AW16+AX16 -> 0 | BA16: =AV16-AL16 -> 0 | BB16: =AW16-AM16 -> 0 | BC16: =AX16-AN16 -> 0 | BD16: =BB16+BC16 -> 0 | BF16: =M16+W16+AG16+AQ16+BA16 -> 0 | BG16: =N16+X16+AH16+AR16+BB16 -> 0 | BH16: =O16+Y16+AI16+AS16+BC16 -> 0 | BI16: =P16+Z16+AJ16+AT16+BD16 -> 0
B17: <Enter Position Title> | F17: =D17+E17 -> 0 | K17: =I17+J17 -> 0 | M17: =H17-C17 -> 0 | N17: =I17-D17 -> 0 | O17: =J17-E17 -> 0 | P17: =N17+O17 -> 0 | U17: =S17+T17 -> 0 | W17: =R17-H17 -> 0 | X17: =S17-I17 -> 0 | Y17: =T17-J17 -> 0 | Z17: =X17+Y17 -> 0 | AE17: =AC17+AD17 -> 0 | AG17: =AB17-R17 -> 0 | AH17: =AC17-S17 -> 0 | AI17: =AD17-T17 -> 0 | AJ17: =AH17+AI17 -> 0 | AO17: =AM17+AN17 -> 0 | AQ17: =AL17-AB17 -> 0 | AR17: =AM17-AC17 -> 0 | AS17: =AN17-AD17 -> 0 | AT17: =AR17+AS17 -> 0 | AY17: =AW17+AX17 -> 0 | BA17: =AV17-AL17 -> 0 | BB17: =AW17-AM17 -> 0 | BC17: =AX17-AN17 -> 0 | BD17: =BB17+BC17 -> 0 | BF17: =M17+W17+AG17+AQ17+BA17 -> 0 | BG17: =N17+X17+AH17+AR17+BB17 -> 0 | BH17: =O17+Y17+AI17+AS17+BC17 -> 0 | BI17: =P17+Z17+AJ17+AT17+BD17 -> 0
B18: <Enter Position Title> | F18: =D18+E18 -> 0 | K18: =I18+J18 -> 0 | M18: =H18-C18 -> 0 | N18: =I18-D18 -> 0 | O18: =J18-E18 -> 0 | P18: =N18+O18 -> 0 | U18: =S18+T18 -> 0 | W18: =R18-H18 -> 0 | X18: =S18-I18 -> 0 | Y18: =T18-J18 -> 0 | Z18: =X18+Y18 -> 0 | AE18: =AC18+AD18 -> 0 | AG18: =AB18-R18 -> 0 | AH18: =AC18-S18 -> 0 | AI18: =AD18-T18 -> 0 | AJ18: =AH18+AI18 -> 0 | AO18: =AM18+AN18 -> 0 | AQ18: =AL18-AB18 -> 0 | AR18: =AM18-AC18 -> 0 | AS18: =AN18-AD18 -> 0 | AT18: =AR18+AS18 -> 0 | AY18: =AW18+AX18 -> 0 | BA18: =AV18-AL18 -> 0 | BB18: =AW18-AM18 -> 0 | BC18: =AX18-AN18 -> 0 | BD18: =BB18+BC18 -> 0 | BF18: =M18+W18+AG18+AQ18+BA18 -> 0 | BG18: =N18+X18+AH18+AR18+BB18 -> 0 | BH18: =O18+Y18+AI18+AS18+BC18 -> 0 | BI18: =P18+Z18+AJ18+AT18+BD18 -> 0
B19: <Enter Position Title> | F19: =D19+E19 -> 0 | K19: =I19+J19 -> 0 | M19: =H19-C19 -> 0 | N19: =I19-D19 -> 0 | O19: =J19-E19 -> 0 | P19: =N19+O19 -> 0 | U19: =S19+T19 -> 0 | W19: =R19-H19 -> 0 | X19: =S19-I19 -> 0 | Y19: =T19-J19 -> 0 | Z19: =X19+Y19 -> 0 | AE19: =AC19+AD19 -> 0 | AG19: =AB19-R19 -> 0 | AH19: =AC19-S19 -> 0 | AI19: =AD19-T19 -> 0 | AJ19: =AH19+AI19 -> 0 | AO19: =AM19+AN19 -> 0 | AQ19: =AL19-AB19 -> 0 | AR19: =AM19-AC19 -> 0 | AS19: =AN19-AD19 -> 0 | AT19: =AR19+AS19 -> 0 | AY19: =AW19+AX19 -> 0 | BA19: =AV19-AL19 -> 0 | BB19: =AW19-AM19 -> 0 | BC19: =AX19-AN19 -> 0 | BD19: =BB19+BC19 -> 0 | BF19: =M19+W19+AG19+AQ19+BA19 -> 0 | BG19: =N19+X19+AH19+AR19+BB19 -> 0 | BH19: =O19+Y19+AI19+AS19+BC19 -> 0 | BI19: =P19+Z19+AJ19+AT19+BD19 -> 0
B20: <Enter Position Title> | F20: =D20+E20 -> 0 | K20: =I20+J20 -> 0 | M20: =H20-C20 -> 0 | N20: =I20-D20 -> 0 | O20: =J20-E20 -> 0 | P20: =N20+O20 -> 0 | U20: =S20+T20 -> 0 | W20: =R20-H20 -> 0 | X20: =S20-I20 -> 0 | Y20: =T20-J20 -> 0 | Z20: =X20+Y20 -> 0 | AE20: =AC20+AD20 -> 0 | AG20: =AB20-R20 -> 0 | AH20: =AC20-S20 -> 0 | AI20: =AD20-T20 -> 0 | AJ20: =AH20+AI20 -> 0 | AO20: =AM20+AN20 -> 0 | AQ20: =AL20-AB20 -> 0 | AR20: =AM20-AC20 -> 0 | AS20: =AN20-AD20 -> 0 | AT20: =AR20+AS20 -> 0 | AY20: =AW20+AX20 -> 0 | BA20: =AV20-AL20 -> 0 | BB20: =AW20-AM20 -> 0 | BC20: =AX20-AN20 -> 0 | BD20: =BB20+BC20 -> 0 | BF20: =M20+W20+AG20+AQ20+BA20 -> 0 | BG20: =N20+X20+AH20+AR20+BB20 -> 0 | BH20: =O20+Y20+AI20+AS20+BC20 -> 0 | BI20: =P20+Z20+AJ20+AT20+BD20 -> 0
B21: <Enter Position Title> | F21: =D21+E21 -> 0 | K21: =I21+J21 -> 0 | M21: =H21-C21 -> 0 | N21: =I21-D21 -> 0 | O21: =J21-E21 -> 0 | P21: =N21+O21 -> 0 | U21: =S21+T21 -> 0 | W21: =R21-H21 -> 0 | X21: =S21-I21 -> 0 | Y21: =T21-J21 -> 0 | Z21: =X21+Y21 -> 0 | AE21: =AC21+AD21 -> 0 | AG21: =AB21-R21 -> 0 | AH21: =AC21-S21 -> 0 | AI21: =AD21-T21 -> 0 | AJ21: =AH21+AI21 -> 0 | AO21: =AM21+AN21 -> 0 | AQ21: =AL21-AB21 -> 0 | AR21: =AM21-AC21 -> 0 | AS21: =AN21-AD21 -> 0 | AT21: =AR21+AS21 -> 0 | AY21: =AW21+AX21 -> 0 | BA21: =AV21-AL21 -> 0 | BB21: =AW21-AM21 -> 0 | BC21: =AX21-AN21 -> 0 | BD21: =BB21+BC21 -> 0 | BF21: =M21+W21+AG21+AQ21+BA21 -> 0 | BG21: =N21+X21+AH21+AR21+BB21 -> 0 | BH21: =O21+Y21+AI21+AS21+BC21 -> 0 | BI21: =P21+Z21+AJ21+AT21+BD21 -> 0
B22: <Enter Position Title> | F22: =D22+E22 -> 0 | K22: =I22+J22 -> 0 | M22: =H22-C22 -> 0 | N22: =I22-D22 -> 0 | O22: =J22-E22 -> 0 | P22: =N22+O22 -> 0 | U22: =S22+T22 -> 0 | W22: =R22-H22 -> 0 | X22: =S22-I22 -> 0 | Y22: =T22-J22 -> 0 | Z22: =X22+Y22 -> 0 | AE22: =AC22+AD22 -> 0 | AG22: =AB22-R22 -> 0 | AH22: =AC22-S22 -> 0 | AI22: =AD22-T22 -> 0 | AJ22: =AH22+AI22 -> 0 | AO22: =AM22+AN22 -> 0 | AQ22: =AL22-AB22 -> 0 | AR22: =AM22-AC22 -> 0 | AS22: =AN22-AD22 -> 0 | AT22: =AR22+AS22 -> 0 | AY22: =AW22+AX22 -> 0 | BA22: =AV22-AL22 -> 0 | BB22: =AW22-AM22 -> 0 | BC22: =AX22-AN22 -> 0 | BD22: =BB22+BC22 -> 0 | BF22: =M22+W22+AG22+AQ22+BA22 -> 0 | BG22: =N22+X22+AH22+AR22+BB22 -> 0 | BH22: =O22+Y22+AI22+AS22+BC22 -> 0 | BI22: =P22+Z22+AJ22+AT22+BD22 -> 0
... B25: <Enter Position Title> | F25: =D25+E25 -> 0 | K25: =I25+J25 -> 0 | M25: =H25-C25 -> 0 | N25: =I25-D25 -> 0 | O25: =J25-E25 -> 0 | P25: =N25+O25 -> 0 | U25: =S25+T25 -> 0 | W25: =R25-H25 -> 0 | X25: =S25-I25 -> 0 | Y25: =T25-J25 -> 0 | Z25: =X25+Y25 -> 0 | AE25: =AC25+AD25 -> 0 | AG25: =AB25-R25 -> 0 | AH25: =AC25-S25 -> 0 | AI25: =AD25-T25 -> 0 | AJ25: =AH25+AI25 -> 0 | AO25: =AM25+AN25 -> 0 | AQ25: =AL25-AB25 -> 0 | AR25: =AM25-AC25 -> 0 | AS25: =AN25-AD25 -> 0 | AT25: =AR25+AS25 -> 0 | AY25: =AW25+AX25 -> 0 | BA25: =AV25-AL25 -> 0 | BB25: =AW25-AM25 -> 0 | BC25: =AX25-AN25 -> 0 | BD25: =BB25+BC25 -> 0 | BF25: =M25+W25+AG25+AQ25+BA25 -> 0 | BG25: =N25+X25+AH25+AR25+BB25 -> 0 | BH25: =O25+Y25+AI25+AS25+BC25 -> 0 | BI25: =P25+Z25+AJ25+AT25+BD25 -> 0
B26: Total Full-Time Faculty | C26: =SUM(C11:C25) -> 0 | D26: =SUM(D11:D25) -> 0 | E26: =SUM(E11:E25) -> 0 | F26: =SUM(F11:F25) -> 0 | H26: =SUM(H11:H25) -> 0 | I26: =SUM(I11:I25) -> 0 | J26: =SUM(J11:J25) -> 0 | K26: =SUM(K11:K25) -> 0 | M26: =SUM(M11:M25) -> 0 | N26: =SUM(N11:N25) -> 0 | O26: =SUM(O11:O25) -> 0 | P26: =SUM(P11:P25) -> 0 | R26: =SUM(R11:R25) -> 0 | S26: =SUM(S11:S25) -> 0 | T26: =SUM(T11:T25) -> 0 | U26: =SUM(U11:U25) -> 0 | W26: =SUM(W11:W25) -> 0 | X26: =SUM(X11:X25) -> 0 | Y26: =SUM(Y11:Y25) -> 0 | Z26: =SUM(Z11:Z25) -> 0 | AB26: =SUM(AB11:AB25) -> 0 | AC26: =SUM(AC11:AC25) -> 0 | AD26: =SUM(AD11:AD25) -> 0 | AE26: =SUM(AE11:AE25) -> 0 | AG26: =SUM(AG11:AG25) -> 0 | AH26: =SUM(AH11:AH25) -> 0 | AI26: =SUM(AI11:AI25) -> 0 | AJ26: =SUM(AJ11:AJ25) -> 0 | AL26: =SUM(AL11:AL25) -> 0 | AM26: =SUM(AM11:AM25) -> 0 | AN26: =SUM(AN11:AN25) -> 0 | AO26: =SUM(AO11:AO25) -> 0 | AQ26: =SUM(AQ11:AQ25) -> 0 | AR26: =SUM(AR11:AR25) -> 0 | AS26: =SUM(AS11:AS25) -> 0 | AT26: =SUM(AT11:AT25) -> 0 | AV26: =SUM(AV11:AV25) -> 0 | AW26: =SUM(AW11:AW25) -> 0 | AX26: =SUM(AX11:AX25) -> 0 | AY26: =SUM(AY11:AY25) -> 0 | BA26: =SUM(BA11:BA25) -> 0 | BB26: =SUM(BB11:BB25) -> 0 | BC26: =SUM(BC11:BC25) -> 0 | BD26: =SUM(BD11:BD25) -> 0 | BF26: =SUM(BF11:BF25) -> 0 | BG26: =SUM(BG11:BG25) -> 0 | BH26: =SUM(BH11:BH25) -> 0 | BI26: =SUM(BI11:BI25) -> 0
B28: Part-Time Faculty | Salary & Benefits
B29: <Enter Position Title> | F29: =D29+E29 -> 0 | J29: =I29*0.3 -> 0 | K29: =I29+J29 -> 0 | M29: =H29-C29 -> 0 | N29: =I29-D29 -> 0 | O29: =J29-E29 -> 0 | P29: =N29+O29 -> 0 | U29: =S29+T29 -> 0 | W29: =R29-H29 -> 0 | X29: =S29-I29 -> 0 | Y29: =T29-J29 -> 0 | Z29: =X29+Y29 -> 0 | AE29: =AC29+AD29 -> 0 | AG29: =AB29-R29 -> 0 | AH29: =AC29-S29 -> 0 | AI29: =AD29-T29 -> 0 | AJ29: =AH29+AI29 -> 0 | AO29: =AM29+AN29 -> 0 | AQ29: =AL29-AB29 -> 0 | AR29: =AM29-AC29 -> 0 | AS29: =AN29-AD29 -> 0 | AT29: =AR29+AS29 -> 0 | AY29: =AW29+AX29 -> 0 | BA29: =AV29-AL29 -> 0 | BB29: =AW29-AM29 -> 0 | BC29: =AX29-AN29 -> 0 | BD29: =BB29+BC29 -> 0 | BF29: =M29+W29+AG29+AQ29+BA29 -> 0 | BG29: =N29+X29+AH29+AR29+BB29 -> 0 | BH29: =O29+Y29+AI29+AS29+BC29 -> 0 | BI29: =P29+Z29+AJ29+AT29+BD29 -> 0
B30: <Enter Position Title> | F30: =D30+E30 -> 0 | J30: =I30*0.3 -> 0 | K30: =I30+J30 -> 0 | M30: =H30-C30 -> 0 | N30: =I30-D30 -> 0 | O30: =J30-E30 -> 0 | P30: =N30+O30 -> 0 | U30: =S30+T30 -> 0 | W30: =R30-H30 -> 0 | X30: =S30-I30 -> 0 | Y30: =T30-J30 -> 0 | Z30: =X30+Y30 -> 0 | AE30: =AC30+AD30 -> 0 | AG30: =AB30-R30 -> 0 | AH30: =AC30-S30 -> 0 | AI30: =AD30-T30 -> 0 | AJ30: =AH30+AI30 -> 0 | AO30: =AM30+AN30 -> 0 | AQ30: =AL30-AB30 -> 0 | AR30: =AM30-AC30 -> 0 | AS30: =AN30-AD30 -> 0 | AT30: =AR30+AS30 -> 0 | AY30: =AW30+AX30 -> 0 | BA30: =AV30-AL30 -> 0 | BB30: =AW30-AM30 -> 0 | BC30: =AX30-AN30 -> 0 | BD30: =BB30+BC30 -> 0 | BF30: =M30+W30+AG30+AQ30+BA30 -> 0 | BG30: =N30+X30+AH30+AR30+BB30 -> 0 | BH30: =O30+Y30+AI30+AS30+BC30 -> 0 | BI30: =P30+Z30+AJ30+AT30+BD30 -> 0
B31: <Enter Position Title> | F31: =D31+E31 -> 0 | J31: =I31*0.3 -> 0 | K31: =I31+J31 -> 0 | M31: =H31-C31 -> 0 | N31: =I31-D31 -> 0 | O31: =J31-E31 -> 0 | P31: =N31+O31 -> 0 | U31: =S31+T31 -> 0 | W31: =R31-H31 -> 0 | X31: =S31-I31 -> 0 | Y31: =T31-J31 -> 0 | Z31: =X31+Y31 -> 0 | AE31: =AC31+AD31 -> 0 | AG31: =AB31-R31 -> 0 | AH31: =AC31-S31 -> 0 | AI31: =AD31-T31 -> 0 | AJ31: =AH31+AI31 -> 0 | AO31: =AM31+AN31 -> 0 | AQ31: =AL31-AB31 -> 0 | AR31: =AM31-AC31 -> 0 | AS31: =AN31-AD31 -> 0 | AT31: =AR31+AS31 -> 0 | AY31: =AW31+AX31 -> 0 | BA31: =AV31-AL31 -> 0 | BB31: =AW31-AM31 -> 0 | BC31: =AX31-AN31 -> 0 | BD31: =BB31+BC31 -> 0 | BF31: =M31+W31+AG31+AQ31+BA31 -> 0 | BG31: =N31+X31+AH31+AR31+BB31 -> 0 | BH31: =O31+Y31+AI31+AS31+BC31 -> 0 | BI31: =P31+Z31+AJ31+AT31+BD31 -> 0
B32: <Enter Position Title> | F32: =D32+E32 -> 0 | J32: =I32*0.3 -> 0 | K32: =I32+J32 -> 0 | M32: =H32-C32 -> 0 | N32: =I32-D32 -> 0 | O32: =J32-E32 -> 0 | P32: =N32+O32 -> 0 | U32: =S32+T32 -> 0 | W32: =R32-H32 -> 0 | X32: =S32-I32 -> 0 | Y32: =T32-J32 -> 0 | Z32: =X32+Y32 -> 0 | AE32: =AC32+AD32 -> 0 | AG32: =AB32-R32 -> 0 | AH32: =AC32-S32 -> 0 | AI32: =AD32-T32 -> 0 | AJ32: =AH32+AI32 -> 0 | AO32: =AM32+AN32 -> 0 | AQ32: =AL32-AB32 -> 0 | AR32: =AM32-AC32 -> 0 | AS32: =AN32-AD32 -> 0 | AT32: =AR32+AS32 -> 0 | AY32: =AW32+AX32 -> 0 | BA32: =AV32-AL32 -> 0 | BB32: =AW32-AM32 -> 0 | BC32: =AX32-AN32 -> 0 | BD32: =BB32+BC32 -> 0 | BF32: =M32+W32+AG32+AQ32+BA32 -> 0 | BG32: =N32+X32+AH32+AR32+BB32 -> 0 | BH32: =O32+Y32+AI32+AS32+BC32 -> 0 | BI32: =P32+Z32+AJ32+AT32+BD32 -> 0
B33: <Enter Position Title> | F33: =D33+E33 -> 0 | J33: =I33*0.3 -> 0 | K33: =I33+J33 -> 0 | M33: =H33-C33 -> 0 | N33: =I33-D33 -> 0 | O33: =J33-E33 -> 0 | P33: =N33+O33 -> 0 | U33: =S33+T33 -> 0 | W33: =R33-H33 -> 0 | X33: =S33-I33 -> 0 | Y33: =T33-J33 -> 0 | Z33: =X33+Y33 -> 0 | AE33: =AC33+AD33 -> 0 | AG33: =AB33-R33 -> 0 | AH33: =AC33-S33 -> 0 | AI33: =AD33-T33 -> 0 | AJ33: =AH33+AI33 -> 0 | AO33: =AM33+AN33 -> 0 | AQ33: =AL33-AB33 -> 0 | AR33: =AM33-AC33 -> 0 | AS33: =AN33-AD33 -> 0 | AT33: =AR33+AS33 -> 0 | AY33: =AW33+AX33 -> 0 | BA33: =AV33-AL33 -> 0 | BB33: =AW33-AM33 -> 0 | BC33: =AX33-AN33 -> 0 | BD33: =BB33+BC33 -> 0 | BF33: =M33+W33+AG33+AQ33+BA33 -> 0 | BG33: =N33+X33+AH33+AR33+BB33 -> 0 | BH33: =O33+Y33+AI33+AS33+BC33 -> 0 | BI33: =P33+Z33+AJ33+AT33+BD33 -> 0
B34: <Enter Position Title> | F34: =D34+E34 -> 0 | J34: =I34*0.3 -> 0 | K34: =I34+J34 -> 0 | M34: =H34-C34 -> 0 | N34: =I34-D34 -> 0 | O34: =J34-E34 -> 0 | P34: =N34+O34 -> 0 | U34: =S34+T34 -> 0 | W34: =R34-H34 -> 0 | X34: =S34-I34 -> 0 | Y34: =T34-J34 -> 0 | Z34: =X34+Y34 -> 0 | AE34: =AC34+AD34 -> 0 | AG34: =AB34-R34 -> 0 | AH34: =AC34-S34 -> 0 | AI34: =AD34-T34 -> 0 | AJ34: =AH34+AI34 -> 0 | AO34: =AM34+AN34 -> 0 | AQ34: =AL34-AB34 -> 0 | AR34: =AM34-AC34 -> 0 | AS34: =AN34-AD34 -> 0 | AT34: =AR34+AS34 -> 0 | AY34: =AW34+AX34 -> 0 | BA34: =AV34-AL34 -> 0 | BB34: =AW34-AM34 -> 0 | BC34: =AX34-AN34 -> 0 | BD34: =BB34+BC34 -> 0 | BF34: =M34+W34+AG34+AQ34+BA34 -> 0 | BG34: =N34+X34+AH34+AR34+BB34 -> 0 | BH34: =O34+Y34+AI34+AS34+BC34 -> 0 | BI34: =P34+Z34+AJ34+AT34+BD34 -> 0
B35: <Enter Position Title> | F35: =D35+E35 -> 0 | J35: =I35*0.3 -> 0 | K35: =I35+J35 -> 0 | M35: =H35-C35 -> 0 | N35: =I35-D35 -> 0 | O35: =J35-E35 -> 0 | P35: =N35+O35 -> 0 | U35: =S35+T35 -> 0 | W35: =R35-H35 -> 0 | X35: =S35-I35 -> 0 | Y35: =T35-J35 -> 0 | Z35: =X35+Y35 -> 0 | AE35: =AC35+AD35 -> 0 | AG35: =AB35-R35 -> 0 | AH35: =AC35-S35 -> 0 | AI35: =AD35-T35 -> 0 | AJ35: =AH35+AI35 -> 0 | AO35: =AM35+AN35 -> 0 | AQ35: =AL35-AB35 -> 0 | AR35: =AM35-AC35 -> 0 | AS35: =AN35-AD35 -> 0 | AT35: =AR35+AS35 -> 0 | AY35: =AW35+AX35 -> 0 | BA35: =AV35-AL35 -> 0 | BB35: =AW35-AM35 -> 0 | BC35: =AX35-AN35 -> 0 | BD35: =BB35+BC35 -> 0 | BF35: =M35+W35+AG35+AQ35+BA35 -> 0 | BG35: =N35+X35+AH35+AR35+BB35 -> 0 | BH35: =O35+Y35+AI35+AS35+BC35 -> 0 | BI35: =P35+Z35+AJ35+AT35+BD35 -> 0
B36: <Enter Position Title> | F36: =D36+E36 -> 0 | J36: =I36*0.3 -> 0 | K36: =I36+J36 -> 0 | M36: =H36-C36 -> 0 | N36: =I36-D36 -> 0 | O36: =J36-E36 -> 0 | P36: =N36+O36 -> 0 | U36: =S36+T36 -> 0 | W36: =R36-H36 -> 0 | X36: =S36-I36 -> 0 | Y36: =T36-J36 -> 0 | Z36: =X36+Y36 -> 0 | AE36: =AC36+AD36 -> 0 | AG36: =AB36-R36 -> 0 | AH36: =AC36-S36 -> 0 | AI36: =AD36-T36 -> 0 | AJ36: =AH36+AI36 -> 0 | AO36: =AM36+AN36 -> 0 | AQ36: =AL36-AB36 -> 0 | AR36: =AM36-AC36 -> 0 | AS36: =AN36-AD36 -> 0 | AT36: =AR36+AS36 -> 0 | AY36: =AW36+AX36 -> 0 | BA36: =AV36-AL36 -> 0 | BB36: =AW36-AM36 -> 0 | BC36: =AX36-AN36 -> 0 | BD36: =BB36+BC36 -> 0 | BF36: =M36+W36+AG36+AQ36+BA36 -> 0 | BG36: =N36+X36+AH36+AR36+BB36 -> 0 | BH36: =O36+Y36+AI36+AS36+BC36 -> 0 | BI36: =P36+Z36+AJ36+AT36+BD36 -> 0
B37: <Enter Position Title> | F37: =D37+E37 -> 0 | J37: =I37*0.3 -> 0 | K37: =I37+J37 -> 0 | M37: =H37-C37 -> 0 | N37: =I37-D37 -> 0 | O37: =J37-E37 -> 0 | P37: =N37+O37 -> 0 | U37: =S37+T37 -> 0 | W37: =R37-H37 -> 0 | X37: =S37-I37 -> 0 | Y37: =T37-J37 -> 0 | Z37: =X37+Y37 -> 0 | AE37: =AC37+AD37 -> 0 | AG37: =AB37-R37 -> 0 | AH37: =AC37-S37 -> 0 | AI37: =AD37-T37 -> 0 | AJ37: =AH37+AI37 -> 0 | AO37: =AM37+AN37 -> 0 | AQ37: =AL37-AB37 -> 0 | AR37: =AM37-AC37 -> 0 | AS37: =AN37-AD37 -> 0 | AT37: =AR37+AS37 -> 0 | AY37: =AW37+AX37 -> 0 | BA37: =AV37-AL37 -> 0 | BB37: =AW37-AM37 -> 0 | BC37: =AX37-AN37 -> 0 | BD37: =BB37+BC37 -> 0 | BF37: =M37+W37+AG37+AQ37+BA37 -> 0 | BG37: =N37+X37+AH37+AR37+BB37 -> 0 | BH37: =O37+Y37+AI37+AS37+BC37 -> 0 | BI37: =P37+Z37+AJ37+AT37+BD37 -> 0
B38: <Enter Position Title> | F38: =D38+E38 -> 0 | J38: =I38*0.3 -> 0 | K38: =I38+J38 -> 0 | M38: =H38-C38 -> 0 | N38: =I38-D38 -> 0 | O38: =J38-E38 -> 0 | P38: =N38+O38 -> 0 | U38: =S38+T38 -> 0 | W38: =R38-H38 -> 0 | X38: =S38-I38 -> 0 | Y38: =T38-J38 -> 0 | Z38: =X38+Y38 -> 0 | AE38: =AC38+AD38 -> 0 | AG38: =AB38-R38 -> 0 | AH38: =AC38-S38 -> 0 | AI38: =AD38-T38 -> 0 | AJ38: =AH38+AI38 -> 0 | AO38: =AM38+AN38 -> 0 | AQ38: =AL38-AB38 -> 0 | AR38: =AM38-AC38 -> 0 | AS38: =AN38-AD38 -> 0 | AT38: =AR38+AS38 -> 0 | AY38: =AW38+AX38 -> 0 | BA38: =AV38-AL38 -> 0 | BB38: =AW38-AM38 -> 0 | BC38: =AX38-AN38 -> 0 | BD38: =BB38+BC38 -> 0 | BF38: =M38+W38+AG38+AQ38+BA38 -> 0 | BG38: =N38+X38+AH38+AR38+BB38 -> 0 | BH38: =O38+Y38+AI38+AS38+BC38 -> 0 | BI38: =P38+Z38+AJ38+AT38+BD38 -> 0
B39: <Enter Position Title> | F39: =D39+E39 -> 0 | J39: =I39*0.3 -> 0 | K39: =I39+J39 -> 0 | M39: =H39-C39 -> 0 | N39: =I39-D39 -> 0 | O39: =J39-E39 -> 0 | P39: =N39+O39 -> 0 | U39: =S39+T39 -> 0 | W39: =R39-H39 -> 0 | X39: =S39-I39 -> 0 | Y39: =T39-J39 -> 0 | Z39: =X39+Y39 -> 0 | AE39: =AC39+AD39 -> 0 | AG39: =AB39-R39 -> 0 | AH39: =AC39-S39 -> 0 | AI39: =AD39-T39 -> 0 | AJ39: =AH39+AI39 -> 0 | AO39: =AM39+AN39 -> 0 | AQ39: =AL39-AB39 -> 0 | AR39: =AM39-AC39 -> 0 | AS39: =AN39-AD39 -> 0 | AT39: =AR39+AS39 -> 0 | AY39: =AW39+AX39 -> 0 | BA39: =AV39-AL39 -> 0 | BB39: =AW39-AM39 -> 0 | BC39: =AX39-AN39 -> 0 | BD39: =BB39+BC39 -> 0 | BF39: =M39+W39+AG39+AQ39+BA39 -> 0 | BG39: =N39+X39+AH39+AR39+BB39 -> 0 | BH39: =O39+Y39+AI39+AS39+BC39 -> 0 | BI39: =P39+Z39+AJ39+AT39+BD39 -> 0
B40: <Enter Position Title> | F40: =D40+E40 -> 0 | J40: =I40*0.3 -> 0 | K40: =I40+J40 -> 0 | M40: =H40-C40 -> 0 | N40: =I40-D40 -> 0 | O40: =J40-E40 -> 0 | P40: =N40+O40 -> 0 | U40: =S40+T40 -> 0 | W40: =R40-H40 -> 0 | X40: =S40-I40 -> 0 | Y40: =T40-J40 -> 0 | Z40: =X40+Y40 -> 0 | AE40: =AC40+AD40 -> 0 | AG40: =AB40-R40 -> 0 | AH40: =AC40-S40 -> 0 | AI40: =AD40-T40 -> 0 | AJ40: =AH40+AI40 -> 0 | AO40: =AM40+AN40 -> 0 | AQ40: =AL40-AB40 -> 0 | AR40: =AM40-AC40 -> 0 | AS40: =AN40-AD40 -> 0 | AT40: =AR40+AS40 -> 0 | AY40: =AW40+AX40 -> 0 | BA40: =AV40-AL40 -> 0 | BB40: =AW40-AM40 -> 0 | BC40: =AX40-AN40 -> 0 | BD40: =BB40+BC40 -> 0 | BF40: =M40+W40+AG40+AQ40+BA40 -> 0 | BG40: =N40+X40+AH40+AR40+BB40 -> 0 | BH40: =O40+Y40+AI40+AS40+BC40 -> 0 | BI40: =P40+Z40+AJ40+AT40+BD40 -> 0
... B42: <Enter Position Title> | F42: =D42+E42 -> 0 | J42: =I42*0.3 -> 0 | K42: =I42+J42 -> 0 | M42: =H42-C42 -> 0 | N42: =I42-D42 -> 0 | O42: =J42-E42 -> 0 | P42: =N42+O42 -> 0 | U42: =S42+T42 -> 0 | W42: =R42-H42 -> 0 | X42: =S42-I42 -> 0 | Y42: =T42-J42 -> 0 | Z42: =X42+Y42 -> 0 | AE42: =AC42+AD42 -> 0 | AG42: =AB42-R42 -> 0 | AH42: =AC42-S42 -> 0 | AI42: =AD42-T42 -> 0 | AJ42: =AH42+AI42 -> 0 | AO42: =AM42+AN42 -> 0 | AQ42: =AL42-AB42 -> 0 | AR42: =AM42-AC42 -> 0 | AS42: =AN42-AD42 -> 0 | AT42: =AR42+AS42 -> 0 | AY42: =AW42+AX42 -> 0 | BA42: =AV42-AL42 -> 0 | BB42: =AW42-AM42 -> 0 | BC42: =AX42-AN42 -> 0 | BD42: =BB42+BC42 -> 0 | BF42: =M42+W42+AG42+AQ42+BA42 -> 0 | BG42: =N42+X42+AH42+AR42+BB42 -> 0 | BH42: =O42+Y42+AI42+AS42+BC42 -> 0 | BI42: =P42+Z42+AJ42+AT42+BD42 -> 0
B43: Total Part-Time Faculty | C43: =SUM(C29:C42) -> 0 | D43: =SUM(D29:D42) -> 0 | E43: =SUM(E29:E42) -> 0 | F43: =SUM(F29:F42) -> 0 | H43: =SUM(H29:H42) -> 0 | I43: =SUM(I29:I42) -> 0 | J43: =SUM(J29:J42) -> 0 | K43: =SUM(K29:K42) -> 0 | M43: =SUM(M29:M42) -> 0 | N43: =SUM(N29:N42) -> 0 | O43: =SUM(O29:O42) -> 0 | P43: =SUM(P29:P42) -> 0 | R43: =SUM(R29:R42) -> 0 | S43: =SUM(S29:S42) -> 0 | T43: =SUM(T29:T42) -> 0 | U43: =SUM(U29:U42) -> 0 | W43: =SUM(W29:W42) -> 0 | X43: =SUM(X29:X42) -> 0 | Y43: =SUM(Y29:Y42) -> 0 | Z43: =SUM(Z29:Z42) -> 0 | AB43: =SUM(AB29:AB42) -> 0 | AC43: =SUM(AC29:AC42) -> 0 | AD43: =SUM(AD29:AD42) -> 0 | AE43: =SUM(AE29:AE42) -> 0 | AG43: =SUM(AG29:AG42) -> 0 | AH43: =SUM(AH29:AH42) -> 0 | AI43: =SUM(AI29:AI42) -> 0 | AJ43: =SUM(AJ29:AJ42) -> 0 | AL43: =SUM(AL29:AL42) -> 0 | AM43: =SUM(AM29:AM42) -> 0 | AN43: =SUM(AN29:AN42) -> 0 | AO43: =SUM(AO29:AO42) -> 0 | AQ43: =SUM(AQ29:AQ42) -> 0 | AR43: =SUM(AR29:AR42) -> 0 | AS43: =SUM(AS29:AS42) -> 0 | AT43: =SUM(AT29:AT42) -> 0 | AV43: =SUM(AV29:AV42) -> 0 | AW43: =SUM(AW29:AW42) -> 0 | AX43: =SUM(AX29:AX42) -> 0 | AY43: =SUM(AY29:AY42) -> 0 | BA43: =SUM(BA29:BA42) -> 0 | BB43: =SUM(BB29:BB42) -> 0 | BC43: =SUM(BC29:BC42) -> 0 | BD43: =SUM(BD29:BD42) -> 0 | BF43: =SUM(BF29:BF42) -> 0 | BG43: =SUM(BG29:BG42) -> 0 | BH43: =SUM(BH29:BH42) -> 0 | BI43: =SUM(BI29:BI42) -> 0
B45: Full-Time Staff | Salary & Benefits
B46: <Enter Position Title> | F46: =D46+E46 -> 0 | J46: =I46*0.3 -> 0 | K46: =I46+J46 -> 0 | M46: =H46-C46 -> 0 | N46: =I46-D46 -> 0 | O46: =J46-E46 -> 0 | P46: =N46+O46 -> 0 | U46: =S46+T46 -> 0 | W46: =R46-H46 -> 0 | X46: =S46-I46 -> 0 | Y46: =T46-J46 -> 0 | Z46: =X46+Y46 -> 0 | AE46: =AC46+AD46 -> 0 | AG46: =AB46-R46 -> 0 | AH46: =AC46-S46 -> 0 | AI46: =AD46-T46 -> 0 | AJ46: =AH46+AI46 -> 0 | AO46: =AM46+AN46 -> 0 | AQ46: =AL46-AB46 -> 0 | AR46: =AM46-AC46 -> 0 | AS46: =AN46-AD46 -> 0 | AT46: =AR46+AS46 -> 0 | AY46: =AW46+AX46 -> 0 | BA46: =AV46-AL46 -> 0 | BB46: =AW46-AM46 -> 0 | BC46: =AX46-AN46 -> 0 | BD46: =BB46+BC46 -> 0 | BF46: =M46+W46+AG46+AQ46+BA46 -> 0 | BG46: =N46+X46+AH46+AR46+BB46 -> 0 | BH46: =O46+Y46+AI46+AS46+BC46 -> 0 | BI46: =P46+Z46+AJ46+AT46+BD46 -> 0
B47: <Enter Position Title> | F47: =D47+E47 -> 0 | J47: =I47*0.3 -> 0 | K47: =I47+J47 -> 0 | M47: =H47-C47 -> 0 | N47: =I47-D47 -> 0 | O47: =J47-E47 -> 0 | P47: =N47+O47 -> 0 | U47: =S47+T47 -> 0 | W47: =R47-H47 -> 0 | X47: =S47-I47 -> 0 | Y47: =T47-J47 -> 0 | Z47: =X47+Y47 -> 0 | AE47: =AC47+AD47 -> 0 | AG47: =AB47-R47 -> 0 | AH47: =AC47-S47 -> 0 | AI47: =AD47-T47 -> 0 | AJ47: =AH47+AI47 -> 0 | AO47: =AM47+AN47 -> 0 | AQ47: =AL47-AB47 -> 0 | AR47: =AM47-AC47 -> 0 | AS47: =AN47-AD47 -> 0 | AT47: =AR47+AS47 -> 0 | AY47: =AW47+AX47 -> 0 | BA47: =AV47-AL47 -> 0 | BB47: =AW47-AM47 -> 0 | BC47: =AX47-AN47 -> 0 | BD47: =BB47+BC47 -> 0 | BF47: =M47+W47+AG47+AQ47+BA47 -> 0 | BG47: =N47+X47+AH47+AR47+BB47 -> 0 | BH47: =O47+Y47+AI47+AS47+BC47 -> 0 | BI47: =P47+Z47+AJ47+AT47+BD47 -> 0
B48: <Enter Position Title> | F48: =D48+E48 -> 0 | J48: =I48*0.3 -> 0 | K48: =I48+J48 -> 0 | M48: =H48-C48 -> 0 | N48: =I48-D48 -> 0 | O48: =J48-E48 -> 0 | P48: =N48+O48 -> 0 | U48: =S48+T48 -> 0 | W48: =R48-H48 -> 0 | X48: =S48-I48 -> 0 | Y48: =T48-J48 -> 0 | Z48: =X48+Y48 -> 0 | AE48: =AC48+AD48 -> 0 | AG48: =AB48-R48 -> 0 | AH48: =AC48-S48 -> 0 | AI48: =AD48-T48 -> 0 | AJ48: =AH48+AI48 -> 0 | AO48: =AM48+AN48 -> 0 | AQ48: =AL48-AB48 -> 0 | AR48: =AM48-AC48 -> 0 | AS48: =AN48-AD48 -> 0 | AT48: =AR48+AS48 -> 0 | AY48: =AW48+AX48 -> 0 | BA48: =AV48-AL48 -> 0 | BB48: =AW48-AM48 -> 0 | BC48: =AX48-AN48 -> 0 | BD48: =BB48+BC48 -> 0 | BF48: =M48+W48+AG48+AQ48+BA48 -> 0 | BG48: =N48+X48+AH48+AR48+BB48 -> 0 | BH48: =O48+Y48+AI48+AS48+BC48 -> 0 | BI48: =P48+Z48+AJ48+AT48+BD48 -> 0
B49: <Enter Position Title> | F49: =D49+E49 -> 0 | J49: =I49*0.3 -> 0 | K49: =I49+J49 -> 0 | M49: =H49-C49 -> 0 | N49: =I49-D49 -> 0 | O49: =J49-E49 -> 0 | P49: =N49+O49 -> 0 | U49: =S49+T49 -> 0 | W49: =R49-H49 -> 0 | X49: =S49-I49 -> 0 | Y49: =T49-J49 -> 0 | Z49: =X49+Y49 -> 0 | AE49: =AC49+AD49 -> 0 | AG49: =AB49-R49 -> 0 | AH49: =AC49-S49 -> 0 | AI49: =AD49-T49 -> 0 | AJ49: =AH49+AI49 -> 0 | AO49: =AM49+AN49 -> 0 | AQ49: =AL49-AB49 -> 0 | AR49: =AM49-AC49 -> 0 | AS49: =AN49-AD49 -> 0 | AT49: =AR49+AS49 -> 0 | AY49: =AW49+AX49 -> 0 | BA49: =AV49-AL49 -> 0 | BB49: =AW49-AM49 -> 0 | BC49: =AX49-AN49 -> 0 | BD49: =BB49+BC49 -> 0 | BF49: =M49+W49+AG49+AQ49+BA49 -> 0 | BG49: =N49+X49+AH49+AR49+BB49 -> 0 | BH49: =O49+Y49+AI49+AS49+BC49 -> 0 | BI49: =P49+Z49+AJ49+AT49+BD49 -> 0
B50: <Enter Position Title> | F50: =D50+E50 -> 0 | J50: =I50*0.3 -> 0 | K50: =I50+J50 -> 0 | M50: =H50-C50 -> 0 | N50: =I50-D50 -> 0 | O50: =J50-E50 -> 0 | P50: =N50+O50 -> 0 | U50: =S50+T50 -> 0 | W50: =R50-H50 -> 0 | X50: =S50-I50 -> 0 | Y50: =T50-J50 -> 0 | Z50: =X50+Y50 -> 0 | AE50: =AC50+AD50 -> 0 | AG50: =AB50-R50 -> 0 | AH50: =AC50-S50 -> 0 | AI50: =AD50-T50 -> 0 | AJ50: =AH50+AI50 -> 0 | AO50: =AM50+AN50 -> 0 | AQ50: =AL50-AB50 -> 0 | AR50: =AM50-AC50 -> 0 | AS50: =AN50-AD50 -> 0 | AT50: =AR50+AS50 -> 0 | AY50: =AW50+AX50 -> 0 | BA50: =AV50-AL50 -> 0 | BB50: =AW50-AM50 -> 0 | BC50: =AX50-AN50 -> 0 | BD50: =BB50+BC50 -> 0 | BF50: =M50+W50+AG50+AQ50+BA50 -> 0 | BG50: =N50+X50+AH50+AR50+BB50 -> 0 | BH50: =O50+Y50+AI50+AS50+BC50 -> 0 | BI50: =P50+Z50+AJ50+AT50+BD50 -> 0
B51: <Enter Position Title> | F51: =D51+E51 -> 0 | J51: =I51*0.3 -> 0 | K51: =I51+J51 -> 0 | M51: =H51-C51 -> 0 | N51: =I51-D51 -> 0 | O51: =J51-E51 -> 0 | P51: =N51+O51 -> 0 | U51: =S51+T51 -> 0 | W51: =R51-H51 -> 0 | X51: =S51-I51 -> 0 | Y51: =T51-J51 -> 0 | Z51: =X51+Y51 -> 0 | AE51: =AC51+AD51 -> 0 | AG51: =AB51-R51 -> 0 | AH51: =AC51-S51 -> 0 | AI51: =AD51-T51 -> 0 | AJ51: =AH51+AI51 -> 0 | AO51: =AM51+AN51 -> 0 | AQ51: =AL51-AB51 -> 0 | AR51: =AM51-AC51 -> 0 | AS51: =AN51-AD51 -> 0 | AT51: =AR51+AS51 -> 0 | AY51: =AW51+AX51 -> 0 | BA51: =AV51-AL51 -> 0 | BB51: =AW51-AM51 -> 0 | BC51: =AX51-AN51 -> 0 | BD51: =BB51+BC51 -> 0 | BF51: =M51+W51+AG51+AQ51+BA51 -> 0 | BG51: =N51+X51+AH51+AR51+BB51 -> 0 | BH51: =O51+Y51+AI51+AS51+BC51 -> 0 | BI51: =P51+Z51+AJ51+AT51+BD51 -> 0
B52: <Enter Position Title> | F52: =D52+E52 -> 0 | J52: =I52*0.3 -> 0 | K52: =I52+J52 -> 0 | M52: =H52-C52 -> 0 | N52: =I52-D52 -> 0 | O52: =J52-E52 -> 0 | P52: =N52+O52 -> 0 | U52: =S52+T52 -> 0 | W52: =R52-H52 -> 0 | X52: =S52-I52 -> 0 | Y52: =T52-J52 -> 0 | Z52: =X52+Y52 -> 0 | AE52: =AC52+AD52 -> 0 | AG52: =AB52-R52 -> 0 | AH52: =AC52-S52 -> 0 | AI52: =AD52-T52 -> 0 | AJ52: =AH52+AI52 -> 0 | AO52: =AM52+AN52 -> 0 | AQ52: =AL52-AB52 -> 0 | AR52: =AM52-AC52 -> 0 | AS52: =AN52-AD52 -> 0 | AT52: =AR52+AS52 -> 0 | AY52: =AW52+AX52 -> 0 | BA52: =AV52-AL52 -> 0 | BB52: =AW52-AM52 -> 0 | BC52: =AX52-AN52 -> 0 | BD52: =BB52+BC52 -> 0 | BF52: =M52+W52+AG52+AQ52+BA52 -> 0 | BG52: =N52+X52+AH52+AR52+BB52 -> 0 | BH52: =O52+Y52+AI52+AS52+BC52 -> 0 | BI52: =P52+Z52+AJ52+AT52+BD52 -> 0
B53: <Enter Position Title> | F53: =D53+E53 -> 0 | J53: =I53*0.3 -> 0 | K53: =I53+J53 -> 0 | M53: =H53-C53 -> 0 | N53: =I53-D53 -> 0 | O53: =J53-E53 -> 0 | P53: =N53+O53 -> 0 | U53: =S53+T53 -> 0 | W53: =R53-H53 -> 0 | X53: =S53-I53 -> 0 | Y53: =T53-J53 -> 0 | Z53: =X53+Y53 -> 0 | AE53: =AC53+AD53 -> 0 | AG53: =AB53-R53 -> 0 | AH53: =AC53-S53 -> 0 | AI53: =AD53-T53 -> 0 | AJ53: =AH53+AI53 -> 0 | AO53: =AM53+AN53 -> 0 | AQ53: =AL53-AB53 -> 0 | AR53: =AM53-AC53 -> 0 | AS53: =AN53-AD53 -> 0 | AT53: =AR53+AS53 -> 0 | AY53: =AW53+AX53 -> 0 | BA53: =AV53-AL53 -> 0 | BB53: =AW53-AM53 -> 0 | BC53: =AX53-AN53 -> 0 | BD53: =BB53+BC53 -> 0 | BF53: =M53+W53+AG53+AQ53+BA53 -> 0 | BG53: =N53+X53+AH53+AR53+BB53 -> 0 | BH53: =O53+Y53+AI53+AS53+BC53 -> 0 | BI53: =P53+Z53+AJ53+AT53+BD53 -> 0
B54: <Enter Position Title> | F54: =D54+E54 -> 0 | J54: =I54*0.3 -> 0 | K54: =I54+J54 -> 0 | M54: =H54-C54 -> 0 | N54: =I54-D54 -> 0 | O54: =J54-E54 -> 0 | P54: =N54+O54 -> 0 | U54: =S54+T54 -> 0 | W54: =R54-H54 -> 0 | X54: =S54-I54 -> 0 | Y54: =T54-J54 -> 0 | Z54: =X54+Y54 -> 0 | AE54: =AC54+AD54 -> 0 | AG54: =AB54-R54 -> 0 | AH54: =AC54-S54 -> 0 | AI54: =AD54-T54 -> 0 | AJ54: =AH54+AI54 -> 0 | AO54: =AM54+AN54 -> 0 | AQ54: =AL54-AB54 -> 0 | AR54: =AM54-AC54 -> 0 | AS54: =AN54-AD54 -> 0 | AT54: =AR54+AS54 -> 0 | AY54: =AW54+AX54 -> 0 | BA54: =AV54-AL54 -> 0 | BB54: =AW54-AM54 -> 0 | BC54: =AX54-AN54 -> 0 | BD54: =BB54+BC54 -> 0 | BF54: =M54+W54+AG54+AQ54+BA54 -> 0 | BG54: =N54+X54+AH54+AR54+BB54 -> 0 | BH54: =O54+Y54+AI54+AS54+BC54 -> 0 | BI54: =P54+Z54+AJ54+AT54+BD54 -> 0
B55: <Enter Position Title> | F55: =D55+E55 -> 0 | J55: =I55*0.3 -> 0 | K55: =I55+J55 -> 0 | M55: =H55-C55 -> 0 | N55: =I55-D55 -> 0 | O55: =J55-E55 -> 0 | P55: =N55+O55 -> 0 | U55: =S55+T55 -> 0 | W55: =R55-H55 -> 0 | X55: =S55-I55 -> 0 | Y55: =T55-J55 -> 0 | Z55: =X55+Y55 -> 0 | AE55: =AC55+AD55 -> 0 | AG55: =AB55-R55 -> 0 | AH55: =AC55-S55 -> 0 | AI55: =AD55-T55 -> 0 | AJ55: =AH55+AI55 -> 0 | AO55: =AM55+AN55 -> 0 | AQ55: =AL55-AB55 -> 0 | AR55: =AM55-AC55 -> 0 | AS55: =AN55-AD55 -> 0 | AT55: =AR55+AS55 -> 0 | AY55: =AW55+AX55 -> 0 | BA55: =AV55-AL55 -> 0 | BB55: =AW55-AM55 -> 0 | BC55: =AX55-AN55 -> 0 | BD55: =BB55+BC55 -> 0 | BF55: =M55+W55+AG55+AQ55+BA55 -> 0 | BG55: =N55+X55+AH55+AR55+BB55 -> 0 | BH55: =O55+Y55+AI55+AS55+BC55 -> 0 | BI55: =P55+Z55+AJ55+AT55+BD55 -> 0
B56: <Enter Position Title> | F56: =D56+E56 -> 0 | J56: =I56*0.3 -> 0 | K56: =I56+J56 -> 0 | M56: =H56-C56 -> 0 | N56: =I56-D56 -> 0 | O56: =J56-E56 -> 0 | P56: =N56+O56 -> 0 | U56: =S56+T56 -> 0 | W56: =R56-H56 -> 0 | X56: =S56-I56 -> 0 | Y56: =T56-J56 -> 0 | Z56: =X56+Y56 -> 0 | AE56: =AC56+AD56 -> 0 | AG56: =AB56-R56 -> 0 | AH56: =AC56-S56 -> 0 | AI56: =AD56-T56 -> 0 | AJ56: =AH56+AI56 -> 0 | AO56: =AM56+AN56 -> 0 | AQ56: =AL56-AB56 -> 0 | AR56: =AM56-AC56 -> 0 | AS56: =AN56-AD56 -> 0 | AT56: =AR56+AS56 -> 0 | AY56: =AW56+AX56 -> 0 | BA56: =AV56-AL56 -> 0 | BB56: =AW56-AM56 -> 0 | BC56: =AX56-AN56 -> 0 | BD56: =BB56+BC56 -> 0 | BF56: =M56+W56+AG56+AQ56+BA56 -> 0 | BG56: =N56+X56+AH56+AR56+BB56 -> 0 | BH56: =O56+Y56+AI56+AS56+BC56 -> 0 | BI56: =P56+Z56+AJ56+AT56+BD56 -> 0
B57: <Enter Position Title> | F57: =D57+E57 -> 0 | J57: =I57*0.3 -> 0 | K57: =I57+J57 -> 0 | M57: =H57-C57 -> 0 | N57: =I57-D57 -> 0 | O57: =J57-E57 -> 0 | P57: =N57+O57 -> 0 | U57: =S57+T57 -> 0 | W57: =R57-H57 -> 0 | X57: =S57-I57 -> 0 | Y57: =T57-J57 -> 0 | Z57: =X57+Y57 -> 0 | AE57: =AC57+AD57 -> 0 | AG57: =AB57-R57 -> 0 | AH57: =AC57-S57 -> 0 | AI57: =AD57-T57 -> 0 | AJ57: =AH57+AI57 -> 0 | AO57: =AM57+AN57 -> 0 | AQ57: =AL57-AB57 -> 0 | AR57: =AM57-AC57 -> 0 | AS57: =AN57-AD57 -> 0 | AT57: =AR57+AS57 -> 0 | AY57: =AW57+AX57 -> 0 | BA57: =AV57-AL57 -> 0 | BB57: =AW57-AM57 -> 0 | BC57: =AX57-AN57 -> 0 | BD57: =BB57+BC57 -> 0 | BF57: =M57+W57+AG57+AQ57+BA57 -> 0 | BG57: =N57+X57+AH57+AR57+BB57 -> 0 | BH57: =O57+Y57+AI57+AS57+BC57 -> 0 | BI57: =P57+Z57+AJ57+AT57+BD57 -> 0
... B59: <Enter Position Title> | F59: =D59+E59 -> 0 | J59: =I59*0.3 -> 0 | K59: =I59+J59 -> 0 | M59: =H59-C59 -> 0 | N59: =I59-D59 -> 0 | O59: =J59-E59 -> 0 | P59: =N59+O59 -> 0 | U59: =S59+T59 -> 0 | W59: =R59-H59 -> 0 | X59: =S59-I59 -> 0 | Y59: =T59-J59 -> 0 | Z59: =X59+Y59 -> 0 | AE59: =AC59+AD59 -> 0 | AG59: =AB59-R59 -> 0 | AH59: =AC59-S59 -> 0 | AI59: =AD59-T59 -> 0 | AJ59: =AH59+AI59 -> 0 | AO59: =AM59+AN59 -> 0 | AQ59: =AL59-AB59 -> 0 | AR59: =AM59-AC59 -> 0 | AS59: =AN59-AD59 -> 0 | AT59: =AR59+AS59 -> 0 | AY59: =AW59+AX59 -> 0 | BA59: =AV59-AL59 -> 0 | BB59: =AW59-AM59 -> 0 | BC59: =AX59-AN59 -> 0 | BD59: =BB59+BC59 -> 0 | BF59: =M59+W59+AG59+AQ59+BA59 -> 0 | BG59: =N59+X59+AH59+AR59+BB59 -> 0 | BH59: =O59+Y59+AI59+AS59+BC59 -> 0 | BI59: =P59+Z59+AJ59+AT59+BD59 -> 0
B60: Total Full-Time Staff | C60: =SUM(C46:C59) -> 0 | D60: =SUM(D46:D59) -> 0 | E60: =SUM(E46:E59) -> 0 | F60: =SUM(F46:F59) -> 0 | H60: =SUM(H46:H59) -> 0 | I60: =SUM(I46:I59) -> 0 | J60: =SUM(J46:J59) -> 0 | K60: =SUM(K46:K59) -> 0 | M60: =SUM(M46:M59) -> 0 | N60: =SUM(N46:N59) -> 0 | O60: =SUM(O46:O59) -> 0 | P60: =SUM(P46:P59) -> 0 | R60: =SUM(R46:R59) -> 0 | S60: =SUM(S46:S59) -> 0 | T60: =SUM(T46:T59) -> 0 | U60: =SUM(U46:U59) -> 0 | W60: =SUM(W46:W59) -> 0 | X60: =SUM(X46:X59) -> 0 | Y60: =SUM(Y46:Y59) -> 0 | Z60: =SUM(Z46:Z59) -> 0 | AB60: =SUM(AB46:AB59) -> 0 | AC60: =SUM(AC46:AC59) -> 0 | AD60: =SUM(AD46:AD59) -> 0 | AE60: =SUM(AE46:AE59) -> 0 | AG60: =SUM(AG46:AG59) -> 0 | AH60: =SUM(AH46:AH59) -> 0 | AI60: =SUM(AI46:AI59) -> 0 | AJ60: =SUM(AJ46:AJ59) -> 0 | AL60: =SUM(AL46:AL59) -> 0 | AM60: =SUM(AM46:AM59) -> 0 | AN60: =SUM(AN46:AN59) -> 0 | AO60: =SUM(AO46:AO59) -> 0 | AQ60: =SUM(AQ46:AQ59) -> 0 | AR60: =SUM(AR46:AR59) -> 0 | AS60: =SUM(AS46:AS59) -> 0 | AT60: =SUM(AT46:AT59) -> 0 | AV60: =SUM(AV46:AV59) -> 0 | AW60: =SUM(AW46:AW59) -> 0 | AX60: =SUM(AX46:AX59) -> 0 | AY60: =SUM(AY46:AY59) -> 0 | BA60: =SUM(BA46:BA59) -> 0 | BB60: =SUM(BB46:BB59) -> 0 | BC60: =SUM(BC46:BC59) -> 0 | BD60: =SUM(BD46:BD59) -> 0 | BF60: =SUM(BF46:BF59) -> 0 | BG60: =SUM(BG46:BG59) -> 0 | BH60: =SUM(BH46:BH59) -> 0 | BI60: =SUM(BI46:BI59) -> 0
B62: Part-Time Staff | Salary & Benefits
B63: <Enter Position Title> | F63: =D63+E63 -> 0 | J63: =I63*0.3 -> 0 | K63: =I63+J63 -> 0 | M63: =H63-C63 -> 0 | N63: =I63-D63 -> 0 | O63: =J63-E63 -> 0 | P63: =N63+O63 -> 0 | U63: =S63+T63 -> 0 | W63: =R63-H63 -> 0 | X63: =S63-I63 -> 0 | Y63: =T63-J63 -> 0 | Z63: =X63+Y63 -> 0 | AD63: =+AC63*0.3 -> 0 | AE63: =AC63+AD63 -> 0 | AG63: =AB63-R63 -> 0 | AH63: =AC63-S63 -> 0 | AI63: =AD63-T63 -> 0 | AJ63: =AH63+AI63 -> 0 | AN63: =+AM63*0.3 -> 0 | AO63: =AM63+AN63 -> 0 | AQ63: =AL63-AB63 -> 0 | AR63: =AM63-AC63 -> 0 | AS63: =AN63-AD63 -> 0 | AT63: =AR63+AS63 -> 0 | AY63: =AW63+AX63 -> 0 | BA63: =AV63-AL63 -> 0 | BB63: =AW63-AM63 -> 0 | BC63: =AX63-AN63 -> 0 | BD63: =BB63+BC63 -> 0 | BF63: =M63+W63+AG63+AQ63+BA63 -> 0 | BG63: =N63+X63+AH63+AR63+BB63 -> 0 | BH63: =O63+Y63+AI63+AS63+BC63 -> 0 | BI63: =P63+Z63+AJ63+AT63+BD63 -> 0
B64: <Enter Position Title> | F64: =D64+E64 -> 0 | J64: =I64*0.3 -> 0 | K64: =I64+J64 -> 0 | M64: =H64-C64 -> 0 | N64: =I64-D64 -> 0 | O64: =J64-E64 -> 0 | P64: =N64+O64 -> 0 | U64: =S64+T64 -> 0 | W64: =R64-H64 -> 0 | X64: =S64-I64 -> 0 | Y64: =T64-J64 -> 0 | Z64: =X64+Y64 -> 0 | AE64: =AC64+AD64 -> 0 | AG64: =AB64-R64 -> 0 | AH64: =AC64-S64 -> 0 | AI64: =AD64-T64 -> 0 | AJ64: =AH64+AI64 -> 0 | AO64: =AM64+AN64 -> 0 | AQ64: =AL64-AB64 -> 0 | AR64: =AM64-AC64 -> 0 | AS64: =AN64-AD64 -> 0 | AT64: =AR64+AS64 -> 0 | AY64: =AW64+AX64 -> 0 | BA64: =AV64-AL64 -> 0 | BB64: =AW64-AM64 -> 0 | BC64: =AX64-AN64 -> 0 | BD64: =BB64+BC64 -> 0 | BF64: =M64+W64+AG64+AQ64+BA64 -> 0 | BG64: =N64+X64+AH64+AR64+BB64 -> 0 | BH64: =O64+Y64+AI64+AS64+BC64 -> 0 | BI64: =P64+Z64+AJ64+AT64+BD64 -> 0
B65: <Enter Position Title> | F65: =D65+E65 -> 0 | J65: =I65*0.3 -> 0 | K65: =I65+J65 -> 0 | M65: =H65-C65 -> 0 | N65: =I65-D65 -> 0 | O65: =J65-E65 -> 0 | P65: =N65+O65 -> 0 | U65: =S65+T65 -> 0 | W65: =R65-H65 -> 0 | X65: =S65-I65 -> 0 | Y65: =T65-J65 -> 0 | Z65: =X65+Y65 -> 0 | AE65: =AC65+AD65 -> 0 | AG65: =AB65-R65 -> 0 | AH65: =AC65-S65 -> 0 | AI65: =AD65-T65 -> 0 | AJ65: =AH65+AI65 -> 0 | AO65: =AM65+AN65 -> 0 | AQ65: =AL65-AB65 -> 0 | AR65: =AM65-AC65 -> 0 | AS65: =AN65-AD65 -> 0 | AT65: =AR65+AS65 -> 0 | AY65: =AW65+AX65 -> 0 | BA65: =AV65-AL65 -> 0 | BB65: =AW65-AM65 -> 0 | BC65: =AX65-AN65 -> 0 | BD65: =BB65+BC65 -> 0 | BF65: =M65+W65+AG65+AQ65+BA65 -> 0 | BG65: =N65+X65+AH65+AR65+BB65 -> 0 | BH65: =O65+Y65+AI65+AS65+BC65 -> 0 | BI65: =P65+Z65+AJ65+AT65+BD65 -> 0
B66: <Enter Position Title> | F66: =D66+E66 -> 0 | J66: =I66*0.3 -> 0 | K66: =I66+J66 -> 0 | M66: =H66-C66 -> 0 | N66: =I66-D66 -> 0 | O66: =J66-E66 -> 0 | P66: =N66+O66 -> 0 | U66: =S66+T66 -> 0 | W66: =R66-H66 -> 0 | X66: =S66-I66 -> 0 | Y66: =T66-J66 -> 0 | Z66: =X66+Y66 -> 0 | AE66: =AC66+AD66 -> 0 | AG66: =AB66-R66 -> 0 | AH66: =AC66-S66 -> 0 | AI66: =AD66-T66 -> 0 | AJ66: =AH66+AI66 -> 0 | AO66: =AM66+AN66 -> 0 | AQ66: =AL66-AB66 -> 0 | AR66: =AM66-AC66 -> 0 | AS66: =AN66-AD66 -> 0 | AT66: =AR66+AS66 -> 0 | AY66: =AW66+AX66 -> 0 | BA66: =AV66-AL66 -> 0 | BB66: =AW66-AM66 -> 0 | BC66: =AX66-AN66 -> 0 | BD66: =BB66+BC66 -> 0 | BF66: =M66+W66+AG66+AQ66+BA66 -> 0 | BG66: =N66+X66+AH66+AR66+BB66 -> 0 | BH66: =O66+Y66+AI66+AS66+BC66 -> 0 | BI66: =P66+Z66+AJ66+AT66+BD66 -> 0
B67: <Enter Position Title> | F67: =D67+E67 -> 0 | J67: =I67*0.3 -> 0 | K67: =I67+J67 -> 0 | M67: =H67-C67 -> 0 | N67: =I67-D67 -> 0 | O67: =J67-E67 -> 0 | P67: =N67+O67 -> 0 | U67: =S67+T67 -> 0 | W67: =R67-H67 -> 0 | X67: =S67-I67 -> 0 | Y67: =T67-J67 -> 0 | Z67: =X67+Y67 -> 0 | AE67: =AC67+AD67 -> 0 | AG67: =AB67-R67 -> 0 | AH67: =AC67-S67 -> 0 | AI67: =AD67-T67 -> 0 | AJ67: =AH67+AI67 -> 0 | AO67: =AM67+AN67 -> 0 | AQ67: =AL67-AB67 -> 0 | AR67: =AM67-AC67 -> 0 | AS67: =AN67-AD67 -> 0 | AT67: =AR67+AS67 -> 0 | AY67: =AW67+AX67 -> 0 | BA67: =AV67-AL67 -> 0 | BB67: =AW67-AM67 -> 0 | BC67: =AX67-AN67 -> 0 | BD67: =BB67+BC67 -> 0 | BF67: =M67+W67+AG67+AQ67+BA67 -> 0 | BG67: =N67+X67+AH67+AR67+BB67 -> 0 | BH67: =O67+Y67+AI67+AS67+BC67 -> 0 | BI67: =P67+Z67+AJ67+AT67+BD67 -> 0
B68: <Enter Position Title> | F68: =D68+E68 -> 0 | J68: =I68*0.3 -> 0 | K68: =I68+J68 -> 0 | M68: =H68-C68 -> 0 | N68: =I68-D68 -> 0 | O68: =J68-E68 -> 0 | P68: =N68+O68 -> 0 | U68: =S68+T68 -> 0 | W68: =R68-H68 -> 0 | X68: =S68-I68 -> 0 | Y68: =T68-J68 -> 0 | Z68: =X68+Y68 -> 0 | AE68: =AC68+AD68 -> 0 | AG68: =AB68-R68 -> 0 | AH68: =AC68-S68 -> 0 | AI68: =AD68-T68 -> 0 | AJ68: =AH68+AI68 -> 0 | AO68: =AM68+AN68 -> 0 | AQ68: =AL68-AB68 -> 0 | AR68: =AM68-AC68 -> 0 | AS68: =AN68-AD68 -> 0 | AT68: =AR68+AS68 -> 0 | AY68: =AW68+AX68 -> 0 | BA68: =AV68-AL68 -> 0 | BB68: =AW68-AM68 -> 0 | BC68: =AX68-AN68 -> 0 | BD68: =BB68+BC68 -> 0 | BF68: =M68+W68+AG68+AQ68+BA68 -> 0 | BG68: =N68+X68+AH68+AR68+BB68 -> 0 | BH68: =O68+Y68+AI68+AS68+BC68 -> 0 | BI68: =P68+Z68+AJ68+AT68+BD68 -> 0
B69: <Enter Position Title> | F69: =D69+E69 -> 0 | J69: =I69*0.3 -> 0 | K69: =I69+J69 -> 0 | M69: =H69-C69 -> 0 | N69: =I69-D69 -> 0 | O69: =J69-E69 -> 0 | P69: =N69+O69 -> 0 | U69: =S69+T69 -> 0 | W69: =R69-H69 -> 0 | X69: =S69-I69 -> 0 | Y69: =T69-J69 -> 0 | Z69: =X69+Y69 -> 0 | AE69: =AC69+AD69 -> 0 | AG69: =AB69-R69 -> 0 | AH69: =AC69-S69 -> 0 | AI69: =AD69-T69 -> 0 | AJ69: =AH69+AI69 -> 0 | AO69: =AM69+AN69 -> 0 | AQ69: =AL69-AB69 -> 0 | AR69: =AM69-AC69 -> 0 | AS69: =AN69-AD69 -> 0 | AT69: =AR69+AS69 -> 0 | AY69: =AW69+AX69 -> 0 | BA69: =AV69-AL69 -> 0 | BB69: =AW69-AM69 -> 0 | BC69: =AX69-AN69 -> 0 | BD69: =BB69+BC69 -> 0 | BF69: =M69+W69+AG69+AQ69+BA69 -> 0 | BG69: =N69+X69+AH69+AR69+BB69 -> 0 | BH69: =O69+Y69+AI69+AS69+BC69 -> 0 | BI69: =P69+Z69+AJ69+AT69+BD69 -> 0
B70: <Enter Position Title> | F70: =D70+E70 -> 0 | J70: =I70*0.3 -> 0 | K70: =I70+J70 -> 0 | M70: =H70-C70 -> 0 | N70: =I70-D70 -> 0 | O70: =J70-E70 -> 0 | P70: =N70+O70 -> 0 | U70: =S70+T70 -> 0 | W70: =R70-H70 -> 0 | X70: =S70-I70 -> 0 | Y70: =T70-J70 -> 0 | Z70: =X70+Y70 -> 0 | AE70: =AC70+AD70 -> 0 | AG70: =AB70-R70 -> 0 | AH70: =AC70-S70 -> 0 | AI70: =AD70-T70 -> 0 | AJ70: =AH70+AI70 -> 0 | AO70: =AM70+AN70 -> 0 | AQ70: =AL70-AB70 -> 0 | AR70: =AM70-AC70 -> 0 | AS70: =AN70-AD70 -> 0 | AT70: =AR70+AS70 -> 0 | AY70: =AW70+AX70 -> 0 | BA70: =AV70-AL70 -> 0 | BB70: =AW70-AM70 -> 0 | BC70: =AX70-AN70 -> 0 | BD70: =BB70+BC70 -> 0 | BF70: =M70+W70+AG70+AQ70+BA70 -> 0 | BG70: =N70+X70+AH70+AR70+BB70 -> 0 | BH70: =O70+Y70+AI70+AS70+BC70 -> 0 | BI70: =P70+Z70+AJ70+AT70+BD70 -> 0
B71: <Enter Position Title> | F71: =D71+E71 -> 0 | J71: =I71*0.3 -> 0 | K71: =I71+J71 -> 0 | M71: =H71-C71 -> 0 | N71: =I71-D71 -> 0 | O71: =J71-E71 -> 0 | P71: =N71+O71 -> 0 | U71: =S71+T71 -> 0 | W71: =R71-H71 -> 0 | X71: =S71-I71 -> 0 | Y71: =T71-J71 -> 0 | Z71: =X71+Y71 -> 0 | AE71: =AC71+AD71 -> 0 | AG71: =AB71-R71 -> 0 | AH71: =AC71-S71 -> 0 | AI71: =AD71-T71 -> 0 | AJ71: =AH71+AI71 -> 0 | AO71: =AM71+AN71 -> 0 | AQ71: =AL71-AB71 -> 0 | AR71: =AM71-AC71 -> 0 | AS71: =AN71-AD71 -> 0 | AT71: =AR71+AS71 -> 0 | AY71: =AW71+AX71 -> 0 | BA71: =AV71-AL71 -> 0 | BB71: =AW71-AM71 -> 0 | BC71: =AX71-AN71 -> 0 | BD71: =BB71+BC71 -> 0 | BF71: =M71+W71+AG71+AQ71+BA71 -> 0 | BG71: =N71+X71+AH71+AR71+BB71 -> 0 | BH71: =O71+Y71+AI71+AS71+BC71 -> 0 | BI71: =P71+Z71+AJ71+AT71+BD71 -> 0
B72: <Enter Position Title> | F72: =D72+E72 -> 0 | J72: =I72*0.3 -> 0 | K72: =I72+J72 -> 0 | M72: =H72-C72 -> 0 | N72: =I72-D72 -> 0 | O72: =J72-E72 -> 0 | P72: =N72+O72 -> 0 | U72: =S72+T72 -> 0 | W72: =R72-H72 -> 0 | X72: =S72-I72 -> 0 | Y72: =T72-J72 -> 0 | Z72: =X72+Y72 -> 0 | AE72: =AC72+AD72 -> 0 | AG72: =AB72-R72 -> 0 | AH72: =AC72-S72 -> 0 | AI72: =AD72-T72 -> 0 | AJ72: =AH72+AI72 -> 0 | AO72: =AM72+AN72 -> 0 | AQ72: =AL72-AB72 -> 0 | AR72: =AM72-AC72 -> 0 | AS72: =AN72-AD72 -> 0 | AT72: =AR72+AS72 -> 0 | AY72: =AW72+AX72 -> 0 | BA72: =AV72-AL72 -> 0 | BB72: =AW72-AM72 -> 0 | BC72: =AX72-AN72 -> 0 | BD72: =BB72+BC72 -> 0 | BF72: =M72+W72+AG72+AQ72+BA72 -> 0 | BG72: =N72+X72+AH72+AR72+BB72 -> 0 | BH72: =O72+Y72+AI72+AS72+BC72 -> 0 | BI72: =P72+Z72+AJ72+AT72+BD72 -> 0
B73: <Enter Position Title> | F73: =D73+E73 -> 0 | J73: =I73*0.3 -> 0 | K73: =I73+J73 -> 0 | M73: =H73-C73 -> 0 | N73: =I73-D73 -> 0 | O73: =J73-E73 -> 0 | P73: =N73+O73 -> 0 | U73: =S73+T73 -> 0 | W73: =R73-H73 -> 0 | X73: =S73-I73 -> 0 | Y73: =T73-J73 -> 0 | Z73: =X73+Y73 -> 0 | AE73: =AC73+AD73 -> 0 | AG73: =AB73-R73 -> 0 | AH73: =AC73-S73 -> 0 | AI73: =AD73-T73 -> 0 | AJ73: =AH73+AI73 -> 0 | AO73: =AM73+AN73 -> 0 | AQ73: =AL73-AB73 -> 0 | AR73: =AM73-AC73 -> 0 | AS73: =AN73-AD73 -> 0 | AT73: =AR73+AS73 -> 0 | AY73: =AW73+AX73 -> 0 | BA73: =AV73-AL73 -> 0 | BB73: =AW73-AM73 -> 0 | BC73: =AX73-AN73 -> 0 | BD73: =BB73+BC73 -> 0 | BF73: =M73+W73+AG73+AQ73+BA73 -> 0 | BG73: =N73+X73+AH73+AR73+BB73 -> 0 | BH73: =O73+Y73+AI73+AS73+BC73 -> 0 | BI73: =P73+Z73+AJ73+AT73+BD73 -> 0
B74: <Enter Position Title> | F74: =D74+E74 -> 0 | J74: =I74*0.3 -> 0 | K74: =I74+J74 -> 0 | M74: =H74-C74 -> 0 | N74: =I74-D74 -> 0 | O74: =J74-E74 -> 0 | P74: =N74+O74 -> 0 | U74: =S74+T74 -> 0 | W74: =R74-H74 -> 0 | X74: =S74-I74 -> 0 | Y74: =T74-J74 -> 0 | Z74: =X74+Y74 -> 0 | AE74: =AC74+AD74 -> 0 | AG74: =AB74-R74 -> 0 | AH74: =AC74-S74 -> 0 | AI74: =AD74-T74 -> 0 | AJ74: =AH74+AI74 -> 0 | AO74: =AM74+AN74 -> 0 | AQ74: =AL74-AB74 -> 0 | AR74: =AM74-AC74 -> 0 | AS74: =AN74-AD74 -> 0 | AT74: =AR74+AS74 -> 0 | AY74: =AW74+AX74 -> 0 | BA74: =AV74-AL74 -> 0 | BB74: =AW74-AM74 -> 0 | BC74: =AX74-AN74 -> 0 | BD74: =BB74+BC74 -> 0 | BF74: =M74+W74+AG74+AQ74+BA74 -> 0 | BG74: =N74+X74+AH74+AR74+BB74 -> 0 | BH74: =O74+Y74+AI74+AS74+BC74 -> 0 | BI74: =P74+Z74+AJ74+AT74+BD74 -> 0
B75: <Enter Position Title> | F75: =D75+E75 -> 0 | J75: =I75*0.3 -> 0 | K75: =I75+J75 -> 0 | M75: =H75-C75 -> 0 | N75: =I75-D75 -> 0 | O75: =J75-E75 -> 0 | P75: =N75+O75 -> 0 | U75: =S75+T75 -> 0 | W75: =R75-H75 -> 0 | X75: =S75-I75 -> 0 | Y75: =T75-J75 -> 0 | Z75: =X75+Y75 -> 0 | AE75: =AC75+AD75 -> 0 | AG75: =AB75-R75 -> 0 | AH75: =AC75-S75 -> 0 | AI75: =AD75-T75 -> 0 | AJ75: =AH75+AI75 -> 0 | AO75: =AM75+AN75 -> 0 | AQ75: =AL75-AB75 -> 0 | AR75: =AM75-AC75 -> 0 | AS75: =AN75-AD75 -> 0 | AT75: =AR75+AS75 -> 0 | AY75: =AW75+AX75 -> 0 | BA75: =AV75-AL75 -> 0 | BB75: =AW75-AM75 -> 0 | BC75: =AX75-AN75 -> 0 | BD75: =BB75+BC75 -> 0 | BF75: =M75+W75+AG75+AQ75+BA75 -> 0 | BG75: =N75+X75+AH75+AR75+BB75 -> 0 | BH75: =O75+Y75+AI75+AS75+BC75 -> 0 | BI75: =P75+Z75+AJ75+AT75+BD75 -> 0
... B77: <Enter Position Title> | F77: =D77+E77 -> 0 | J77: =I77*0.3 -> 0 | K77: =I77+J77 -> 0 | M77: =H77-C77 -> 0 | N77: =I77-D77 -> 0 | O77: =J77-E77 -> 0 | P77: =N77+O77 -> 0 | U77: =S77+T77 -> 0 | W77: =R77-H77 -> 0 | X77: =S77-I77 -> 0 | Y77: =T77-J77 -> 0 | Z77: =X77+Y77 -> 0 | AE77: =AC77+AD77 -> 0 | AG77: =AB77-R77 -> 0 | AH77: =AC77-S77 -> 0 | AI77: =AD77-T77 -> 0 | AJ77: =AH77+AI77 -> 0 | AO77: =AM77+AN77 -> 0 | AQ77: =AL77-AB77 -> 0 | AR77: =AM77-AC77 -> 0 | AS77: =AN77-AD77 -> 0 | AT77: =AR77+AS77 -> 0 | AY77: =AW77+AX77 -> 0 | BA77: =AV77-AL77 -> 0 | BB77: =AW77-AM77 -> 0 | BC77: =AX77-AN77 -> 0 | BD77: =BB77+BC77 -> 0 | BF77: =M77+W77+AG77+AQ77+BA77 -> 0 | BG77: =N77+X77+AH77+AR77+BB77 -> 0 | BH77: =O77+Y77+AI77+AS77+BC77 -> 0 | BI77: =P77+Z77+AJ77+AT77+BD77 -> 0
B78: Total Part-Time Staff | C78: =SUM(C63:C77) -> 0 | D78: =SUM(D63:D77) -> 0 | E78: =SUM(E63:E77) -> 0 | F78: =SUM(F63:F77) -> 0 | H78: =SUM(H63:H77) -> 0 | I78: =SUM(I63:I77) -> 0 | J78: =SUM(J63:J77) -> 0 | K78: =SUM(K63:K77) -> 0 | M78: =SUM(M63:M77) -> 0 | N78: =SUM(N63:N77) -> 0 | O78: =SUM(O63:O77) -> 0 | P78: =SUM(P63:P77) -> 0 | R78: =SUM(R63:R77) -> 0 | S78: =SUM(S63:S77) -> 0 | T78: =SUM(T63:T77) -> 0 | U78: =SUM(U63:U77) -> 0 | W78: =SUM(W63:W77) -> 0 | X78: =SUM(X63:X77) -> 0 | Y78: =SUM(Y63:Y77) -> 0 | Z78: =SUM(Z63:Z77) -> 0 | AB78: =SUM(AB63:AB77) -> 0 | AC78: =SUM(AC63:AC77) -> 0 | AD78: =SUM(AD63:AD77) -> 0 | AE78: =SUM(AE63:AE77) -> 0 | AG78: =SUM(AG63:AG77) -> 0 | AH78: =SUM(AH63:AH77) -> 0 | AI78: =SUM(AI63:AI77) -> 0 | AJ78: =SUM(AJ63:AJ77) -> 0 | AL78: =SUM(AL63:AL77) -> 0 | AM78: =SUM(AM63:AM77) -> 0 | AN78: =SUM(AN63:AN77) -> 0 | AO78: =SUM(AO63:AO77) -> 0 | AQ78: =SUM(AQ63:AQ77) -> 0 | AR78: =SUM(AR63:AR77) -> 0 | AS78: =SUM(AS63:AS77) -> 0 | AT78: =SUM(AT63:AT77) -> 0 | AV78: =SUM(AV63:AV77) -> 0 | AW78: =SUM(AW63:AW77) -> 0 | AX78: =SUM(AX63:AX77) -> 0 | AY78: =SUM(AY63:AY77) -> 0 | BA78: =SUM(BA63:BA77) -> 0 | BB78: =SUM(BB63:BB77) -> 0 | BC78: =SUM(BC63:BC77) -> 0 | BD78: =SUM(BD63:BD77) -> 0 | BF78: =SUM(BF63:BF77) -> 0 | BG78: =SUM(BG63:BG77) -> 0 | BH78: =SUM(BH63:BH77) -> 0 | BI78: =SUM(BI63:BI77) -> 0
B80: Supplemental Salary | Salary & Benefits
B81: <Enter Position Title> | F81: =D81+E81 -> 0 | J81: =I81*0.3 -> 0 | K81: =I81+J81 -> 0 | M81: =H81-C81 -> 0 | N81: =I81-D81 -> 0 | O81: =J81-E81 -> 0 | P81: =N81+O81 -> 0 | U81: =S81+T81 -> 0 | W81: =R81-H81 -> 0 | X81: =S81-I81 -> 0 | Y81: =T81-J81 -> 0 | Z81: =X81+Y81 -> 0 | AE81: =AC81+AD81 -> 0 | AG81: =AB81-R81 -> 0 | AH81: =AC81-S81 -> 0 | AI81: =AD81-T81 -> 0 | AJ81: =AH81+AI81 -> 0 | AO81: =AM81+AN81 -> 0 | AQ81: =AL81-AB81 -> 0 | AR81: =AM81-AC81 -> 0 | AS81: =AN81-AD81 -> 0 | AT81: =AR81+AS81 -> 0 | AY81: =AW81+AX81 -> 0 | BA81: =AV81-AL81 -> 0 | BB81: =AW81-AM81 -> 0 | BC81: =AX81-AN81 -> 0 | BD81: =BB81+BC81 -> 0 | BF81: =M81+W81+AG81+AQ81+BA81 -> 0 | BG81: =N81+X81+AH81+AR81+BB81 -> 0 | BH81: =O81+Y81+AI81+AS81+BC81 -> 0 | BI81: =P81+Z81+AJ81+AT81+BD81 -> 0
B82: <Enter Position Title> | F82: =D82+E82 -> 0 | J82: =I82*0.3 -> 0 | K82: =I82+J82 -> 0 | M82: =H82-C82 -> 0 | N82: =I82-D82 -> 0 | O82: =J82-E82 -> 0 | P82: =N82+O82 -> 0 | U82: =S82+T82 -> 0 | W82: =R82-H82 -> 0 | X82: =S82-I82 -> 0 | Y82: =T82-J82 -> 0 | Z82: =X82+Y82 -> 0 | AE82: =AC82+AD82 -> 0 | AG82: =AB82-R82 -> 0 | AH82: =AC82-S82 -> 0 | AI82: =AD82-T82 -> 0 | AJ82: =AH82+AI82 -> 0 | AO82: =AM82+AN82 -> 0 | AQ82: =AL82-AB82 -> 0 | AR82: =AM82-AC82 -> 0 | AS82: =AN82-AD82 -> 0 | AT82: =AR82+AS82 -> 0 | AY82: =AW82+AX82 -> 0 | BA82: =AV82-AL82 -> 0 | BB82: =AW82-AM82 -> 0 | BC82: =AX82-AN82 -> 0 | BD82: =BB82+BC82 -> 0 | BF82: =M82+W82+AG82+AQ82+BA82 -> 0 | BG82: =N82+X82+AH82+AR82+BB82 -> 0 | BH82: =O82+Y82+AI82+AS82+BC82 -> 0 | BI82: =P82+Z82+AJ82+AT82+BD82 -> 0
B83: <Enter Position Title> | F83: =D83+E83 -> 0 | J83: =I83*0.3 -> 0 | K83: =I83+J83 -> 0 | M83: =H83-C83 -> 0 | N83: =I83-D83 -> 0 | O83: =J83-E83 -> 0 | P83: =N83+O83 -> 0 | U83: =S83+T83 -> 0 | W83: =R83-H83 -> 0 | X83: =S83-I83 -> 0 | Y83: =T83-J83 -> 0 | Z83: =X83+Y83 -> 0 | AE83: =AC83+AD83 -> 0 | AG83: =AB83-R83 -> 0 | AH83: =AC83-S83 -> 0 | AI83: =AD83-T83 -> 0 | AJ83: =AH83+AI83 -> 0 | AO83: =AM83+AN83 -> 0 | AQ83: =AL83-AB83 -> 0 | AR83: =AM83-AC83 -> 0 | AS83: =AN83-AD83 -> 0 | AT83: =AR83+AS83 -> 0 | AY83: =AW83+AX83 -> 0 | BA83: =AV83-AL83 -> 0 | BB83: =AW83-AM83 -> 0 | BC83: =AX83-AN83 -> 0 | BD83: =BB83+BC83 -> 0 | BF83: =M83+W83+AG83+AQ83+BA83 -> 0 | BG83: =N83+X83+AH83+AR83+BB83 -> 0 | BH83: =O83+Y83+AI83+AS83+BC83 -> 0 | BI83: =P83+Z83+AJ83+AT83+BD83 -> 0
B84: <Enter Position Title> | F84: =D84+E84 -> 0 | J84: =I84*0.3 -> 0 | K84: =I84+J84 -> 0 | M84: =H84-C84 -> 0 | N84: =I84-D84 -> 0 | O84: =J84-E84 -> 0 | P84: =N84+O84 -> 0 | U84: =S84+T84 -> 0 | W84: =R84-H84 -> 0 | X84: =S84-I84 -> 0 | Y84: =T84-J84 -> 0 | Z84: =X84+Y84 -> 0 | AE84: =AC84+AD84 -> 0 | AG84: =AB84-R84 -> 0 | AH84: =AC84-S84 -> 0 | AI84: =AD84-T84 -> 0 | AJ84: =AH84+AI84 -> 0 | AO84: =AM84+AN84 -> 0 | AQ84: =AL84-AB84 -> 0 | AR84: =AM84-AC84 -> 0 | AS84: =AN84-AD84 -> 0 | AT84: =AR84+AS84 -> 0 | AY84: =AW84+AX84 -> 0 | BA84: =AV84-AL84 -> 0 | BB84: =AW84-AM84 -> 0 | BC84: =AX84-AN84 -> 0 | BD84: =BB84+BC84 -> 0 | BF84: =M84+W84+AG84+AQ84+BA84 -> 0 | BG84: =N84+X84+AH84+AR84+BB84 -> 0 | BH84: =O84+Y84+AI84+AS84+BC84 -> 0 | BI84: =P84+Z84+AJ84+AT84+BD84 -> 0
B85: <Enter Position Title> | F85: =D85+E85 -> 0 | J85: =I85*0.3 -> 0 | K85: =I85+J85 -> 0 | M85: =H85-C85 -> 0 | N85: =I85-D85 -> 0 | O85: =J85-E85 -> 0 | P85: =N85+O85 -> 0 | U85: =S85+T85 -> 0 | W85: =R85-H85 -> 0 | X85: =S85-I85 -> 0 | Y85: =T85-J85 -> 0 | Z85: =X85+Y85 -> 0 | AE85: =AC85+AD85 -> 0 | AG85: =AB85-R85 -> 0 | AH85: =AC85-S85 -> 0 | AI85: =AD85-T85 -> 0 | AJ85: =AH85+AI85 -> 0 | AO85: =AM85+AN85 -> 0 | AQ85: =AL85-AB85 -> 0 | AR85: =AM85-AC85 -> 0 | AS85: =AN85-AD85 -> 0 | AT85: =AR85+AS85 -> 0 | AY85: =AW85+AX85 -> 0 | BA85: =AV85-AL85 -> 0 | BB85: =AW85-AM85 -> 0 | BC85: =AX85-AN85 -> 0 | BD85: =BB85+BC85 -> 0 | BF85: =M85+W85+AG85+AQ85+BA85 -> 0 | BG85: =N85+X85+AH85+AR85+BB85 -> 0 | BH85: =O85+Y85+AI85+AS85+BC85 -> 0 | BI85: =P85+Z85+AJ85+AT85+BD85 -> 0
B86: <Enter Position Title> | F86: =D86+E86 -> 0 | J86: =I86*0.3 -> 0 | K86: =I86+J86 -> 0 | M86: =H86-C86 -> 0 | N86: =I86-D86 -> 0 | O86: =J86-E86 -> 0 | P86: =N86+O86 -> 0 | U86: =S86+T86 -> 0 | W86: =R86-H86 -> 0 | X86: =S86-I86 -> 0 | Y86: =T86-J86 -> 0 | Z86: =X86+Y86 -> 0 | AE86: =AC86+AD86 -> 0 | AG86: =AB86-R86 -> 0 | AH86: =AC86-S86 -> 0 | AI86: =AD86-T86 -> 0 | AJ86: =AH86+AI86 -> 0 | AO86: =AM86+AN86 -> 0 | AQ86: =AL86-AB86 -> 0 | AR86: =AM86-AC86 -> 0 | AS86: =AN86-AD86 -> 0 | AT86: =AR86+AS86 -> 0 | AY86: =AW86+AX86 -> 0 | BA86: =AV86-AL86 -> 0 | BB86: =AW86-AM86 -> 0 | BC86: =AX86-AN86 -> 0 | BD86: =BB86+BC86 -> 0 | BF86: =M86+W86+AG86+AQ86+BA86 -> 0 | BG86: =N86+X86+AH86+AR86+BB86 -> 0 | BH86: =O86+Y86+AI86+AS86+BC86 -> 0 | BI86: =P86+Z86+AJ86+AT86+BD86 -> 0
B87: <Enter Position Title> | F87: =D87+E87 -> 0 | J87: =I87*0.3 -> 0 | K87: =I87+J87 -> 0 | M87: =H87-C87 -> 0 | N87: =I87-D87 -> 0 | O87: =J87-E87 -> 0 | P87: =N87+O87 -> 0 | U87: =S87+T87 -> 0 | W87: =R87-H87 -> 0 | X87: =S87-I87 -> 0 | Y87: =T87-J87 -> 0 | Z87: =X87+Y87 -> 0 | AE87: =AC87+AD87 -> 0 | AG87: =AB87-R87 -> 0 | AH87: =AC87-S87 -> 0 | AI87: =AD87-T87 -> 0 | AJ87: =AH87+AI87 -> 0 | AO87: =AM87+AN87 -> 0 | AQ87: =AL87-AB87 -> 0 | AR87: =AM87-AC87 -> 0 | AS87: =AN87-AD87 -> 0 | AT87: =AR87+AS87 -> 0 | AY87: =AW87+AX87 -> 0 | BA87: =AV87-AL87 -> 0 | BB87: =AW87-AM87 -> 0 | BC87: =AX87-AN87 -> 0 | BD87: =BB87+BC87 -> 0 | BF87: =M87+W87+AG87+AQ87+BA87 -> 0 | BG87: =N87+X87+AH87+AR87+BB87 -> 0 | BH87: =O87+Y87+AI87+AS87+BC87 -> 0 | BI87: =P87+Z87+AJ87+AT87+BD87 -> 0
B88: <Enter Position Title> | F88: =D88+E88 -> 0 | J88: =I88*0.3 -> 0 | K88: =I88+J88 -> 0 | M88: =H88-C88 -> 0 | N88: =I88-D88 -> 0 | O88: =J88-E88 -> 0 | P88: =N88+O88 -> 0 | U88: =S88+T88 -> 0 | W88: =R88-H88 -> 0 | X88: =S88-I88 -> 0 | Y88: =T88-J88 -> 0 | Z88: =X88+Y88 -> 0 | AE88: =AC88+AD88 -> 0 | AG88: =AB88-R88 -> 0 | AH88: =AC88-S88 -> 0 | AI88: =AD88-T88 -> 0 | AJ88: =AH88+AI88 -> 0 | AO88: =AM88+AN88 -> 0 | AQ88: =AL88-AB88 -> 0 | AR88: =AM88-AC88 -> 0 | AS88: =AN88-AD88 -> 0 | AT88: =AR88+AS88 -> 0 | AY88: =AW88+AX88 -> 0 | BA88: =AV88-AL88 -> 0 | BB88: =AW88-AM88 -> 0 | BC88: =AX88-AN88 -> 0 | BD88: =BB88+BC88 -> 0 | BF88: =M88+W88+AG88+AQ88+BA88 -> 0 | BG88: =N88+X88+AH88+AR88+BB88 -> 0 | BH88: =O88+Y88+AI88+AS88+BC88 -> 0 | BI88: =P88+Z88+AJ88+AT88+BD88 -> 0
B89: <Enter Position Title> | F89: =D89+E89 -> 0 | J89: =I89*0.3 -> 0 | K89: =I89+J89 -> 0 | M89: =H89-C89 -> 0 | N89: =I89-D89 -> 0 | O89: =J89-E89 -> 0 | P89: =N89+O89 -> 0 | U89: =S89+T89 -> 0 | W89: =R89-H89 -> 0 | X89: =S89-I89 -> 0 | Y89: =T89-J89 -> 0 | Z89: =X89+Y89 -> 0 | AE89: =AC89+AD89 -> 0 | AG89: =AB89-R89 -> 0 | AH89: =AC89-S89 -> 0 | AI89: =AD89-T89 -> 0 | AJ89: =AH89+AI89 -> 0 | AO89: =AM89+AN89 -> 0 | AQ89: =AL89-AB89 -> 0 | AR89: =AM89-AC89 -> 0 | AS89: =AN89-AD89 -> 0 | AT89: =AR89+AS89 -> 0 | AY89: =AW89+AX89 -> 0 | BA89: =AV89-AL89 -> 0 | BB89: =AW89-AM89 -> 0 | BC89: =AX89-AN89 -> 0 | BD89: =BB89+BC89 -> 0 | BF89: =M89+W89+AG89+AQ89+BA89 -> 0 | BG89: =N89+X89+AH89+AR89+BB89 -> 0 | BH89: =O89+Y89+AI89+AS89+BC89 -> 0 | BI89: =P89+Z89+AJ89+AT89+BD89 -> 0
B90: <Enter Position Title> | F90: =D90+E90 -> 0 | J90: =I90*0.3 -> 0 | K90: =I90+J90 -> 0 | M90: =H90-C90 -> 0 | N90: =I90-D90 -> 0 | O90: =J90-E90 -> 0 | P90: =N90+O90 -> 0 | U90: =S90+T90 -> 0 | W90: =R90-H90 -> 0 | X90: =S90-I90 -> 0 | Y90: =T90-J90 -> 0 | Z90: =X90+Y90 -> 0 | AE90: =AC90+AD90 -> 0 | AG90: =AB90-R90 -> 0 | AH90: =AC90-S90 -> 0 | AI90: =AD90-T90 -> 0 | AJ90: =AH90+AI90 -> 0 | AO90: =AM90+AN90 -> 0 | AQ90: =AL90-AB90 -> 0 | AR90: =AM90-AC90 -> 0 | AS90: =AN90-AD90 -> 0 | AT90: =AR90+AS90 -> 0 | AY90: =AW90+AX90 -> 0 | BA90: =AV90-AL90 -> 0 | BB90: =AW90-AM90 -> 0 | BC90: =AX90-AN90 -> 0 | BD90: =BB90+BC90 -> 0 | BF90: =M90+W90+AG90+AQ90+BA90 -> 0 | BG90: =N90+X90+AH90+AR90+BB90 -> 0 | BH90: =O90+Y90+AI90+AS90+BC90 -> 0 | BI90: =P90+Z90+AJ90+AT90+BD90 -> 0
B91: <Enter Position Title> | F91: =D91+E91 -> 0 | J91: =I91*0.3 -> 0 | K91: =I91+J91 -> 0 | M91: =H91-C91 -> 0 | N91: =I91-D91 -> 0 | O91: =J91-E91 -> 0 | P91: =N91+O91 -> 0 | U91: =S91+T91 -> 0 | W91: =R91-H91 -> 0 | X91: =S91-I91 -> 0 | Y91: =T91-J91 -> 0 | Z91: =X91+Y91 -> 0 | AE91: =AC91+AD91 -> 0 | AG91: =AB91-R91 -> 0 | AH91: =AC91-S91 -> 0 | AI91: =AD91-T91 -> 0 | AJ91: =AH91+AI91 -> 0 | AO91: =AM91+AN91 -> 0 | AQ91: =AL91-AB91 -> 0 | AR91: =AM91-AC91 -> 0 | AS91: =AN91-AD91 -> 0 | AT91: =AR91+AS91 -> 0 | AY91: =AW91+AX91 -> 0 | BA91: =AV91-AL91 -> 0 | BB91: =AW91-AM91 -> 0 | BC91: =AX91-AN91 -> 0 | BD91: =BB91+BC91 -> 0 | BF91: =M91+W91+AG91+AQ91+BA91 -> 0 | BG91: =N91+X91+AH91+AR91+BB91 -> 0 | BH91: =O91+Y91+AI91+AS91+BC91 -> 0 | BI91: =P91+Z91+AJ91+AT91+BD91 -> 0
B92: <Enter Position Title> | F92: =D92+E92 -> 0 | J92: =I92*0.3 -> 0 | K92: =I92+J92 -> 0 | M92: =H92-C92 -> 0 | N92: =I92-D92 -> 0 | O92: =J92-E92 -> 0 | P92: =N92+O92 -> 0 | U92: =S92+T92 -> 0 | W92: =R92-H92 -> 0 | X92: =S92-I92 -> 0 | Y92: =T92-J92 -> 0 | Z92: =X92+Y92 -> 0 | AE92: =AC92+AD92 -> 0 | AG92: =AB92-R92 -> 0 | AH92: =AC92-S92 -> 0 | AI92: =AD92-T92 -> 0 | AJ92: =AH92+AI92 -> 0 | AO92: =AM92+AN92 -> 0 | AQ92: =AL92-AB92 -> 0 | AR92: =AM92-AC92 -> 0 | AS92: =AN92-AD92 -> 0 | AT92: =AR92+AS92 -> 0 | AY92: =AW92+AX92 -> 0 | BA92: =AV92-AL92 -> 0 | BB92: =AW92-AM92 -> 0 | BC92: =AX92-AN92 -> 0 | BD92: =BB92+BC92 -> 0 | BF92: =M92+W92+AG92+AQ92+BA92 -> 0 | BG92: =N92+X92+AH92+AR92+BB92 -> 0 | BH92: =O92+Y92+AI92+AS92+BC92 -> 0 | BI92: =P92+Z92+AJ92+AT92+BD92 -> 0
... B95: <Enter Position Title> | F95: =D95+E95 -> 0 | J95: =I95*0.3 -> 0 | K95: =I95+J95 -> 0 | M95: =H95-C95 -> 0 | N95: =I95-D95 -> 0 | O95: =J95-E95 -> 0 | P95: =N95+O95 -> 0 | U95: =S95+T95 -> 0 | W95: =R95-H95 -> 0 | X95: =S95-I95 -> 0 | Y95: =T95-J95 -> 0 | Z95: =X95+Y95 -> 0 | AE95: =AC95+AD95 -> 0 | AG95: =AB95-R95 -> 0 | AH95: =AC95-S95 -> 0 | AI95: =AD95-T95 -> 0 | AJ95: =AH95+AI95 -> 0 | AO95: =AM95+AN95 -> 0 | AQ95: =AL95-AB95 -> 0 | AR95: =AM95-AC95 -> 0 | AS95: =AN95-AD95 -> 0 | AT95: =AR95+AS95 -> 0 | AY95: =AW95+AX95 -> 0 | BA95: =AV95-AL95 -> 0 | BB95: =AW95-AM95 -> 0 | BC95: =AX95-AN95 -> 0 | BD95: =BB95+BC95 -> 0 | BF95: =M95+W95+AG95+AQ95+BA95 -> 0 | BG95: =N95+X95+AH95+AR95+BB95 -> 0 | BH95: =O95+Y95+AI95+AS95+BC95 -> 0 | BI95: =P95+Z95+AJ95+AT95+BD95 -> 0
B96: Total Supplemental Salary | C96: =SUM(C81:C95) -> 0 | D96: =SUM(D81:D95) -> 0 | E96: =SUM(E81:E95) -> 0 | F96: =SUM(F81:F95) -> 0 | H96: =SUM(H81:H95) -> 0 | I96: =SUM(I81:I95) -> 0 | J96: =SUM(J81:J95) -> 0 | K96: =SUM(K81:K95) -> 0 | M96: =SUM(M81:M95) -> 0 | N96: =SUM(N81:N95) -> 0 | O96: =SUM(O81:O95) -> 0 | P96: =SUM(P81:P95) -> 0 | R96: =SUM(R81:R95) -> 0 | S96: =SUM(S81:S95) -> 0 | T96: =SUM(T81:T95) -> 0 | U96: =SUM(U81:U95) -> 0 | W96: =SUM(W81:W95) -> 0 | X96: =SUM(X81:X95) -> 0 | Y96: =SUM(Y81:Y95) -> 0 | Z96: =SUM(Z81:Z95) -> 0 | AB96: =SUM(AB81:AB95) -> 0 | AC96: =SUM(AC81:AC95) -> 0 | AD96: =SUM(AD81:AD95) -> 0 | AE96: =SUM(AE81:AE95) -> 0 | AG96: =SUM(AG81:AG95) -> 0 | AH96: =SUM(AH81:AH95) -> 0 | AI96: =SUM(AI81:AI95) -> 0 | AJ96: =SUM(AJ81:AJ95) -> 0 | AL96: =SUM(AL81:AL95) -> 0 | AM96: =SUM(AM81:AM95) -> 0 | AN96: =SUM(AN81:AN95) -> 0 | AO96: =SUM(AO81:AO95) -> 0 | AQ96: =SUM(AQ81:AQ95) -> 0 | AR96: =SUM(AR81:AR95) -> 0 | AS96: =SUM(AS81:AS95) -> 0 | AT96: =SUM(AT81:AT95) -> 0 | AV96: =SUM(AV81:AV95) -> 0 | AW96: =SUM(AW81:AW95) -> 0 | AX96: =SUM(AX81:AX95) -> 0 | AY96: =SUM(AY81:AY95) -> 0 | BA96: =SUM(BA81:BA95) -> 0 | BB96: =SUM(BB81:BB95) -> 0 | BC96: =SUM(BC81:BC95) -> 0 | BD96: =SUM(BD81:BD95) -> 0 | BF96: =SUM(BF81:BF95) -> 0 | BG96: =SUM(BG81:BG95) -> 0 | BH96: =SUM(BH81:BH95) -> 0 | BI96: =SUM(BI81:BI95) -> 0
B98: Graduate Student Stipends
B99: <Enter Position Title> | F99: =D99+E99 -> 0 | J99: =I99*0.3 -> 0 | K99: =I99+J99 -> 0 | M99: =H99-C99 -> 0 | N99: =I99-D99 -> 0 | P99: =N99+O99 -> 0 | U99: =S99+T99 -> 0 | W99: =R99-H99 -> 0 | X99: =S99-I99 -> 0 | Z99: =X99+Y99 -> 0 | AE99: =AC99+AD99 -> 0 | AG99: =AB99-R99 -> 0 | AH99: =AC99-S99 -> 0 | AJ99: =AH99+AI99 -> 0 | AO99: =AM99+AN99 -> 0 | AQ99: =AL99-AB99 -> 0 | AR99: =AM99-AC99 -> 0 | AT99: =AR99+AS99 -> 0 | AY99: =AW99+AX99 -> 0 | BA99: =AV99-AL99 -> 0 | BB99: =AW99-AM99 -> 0 | BD99: =BB99+BC99 -> 0 | BF99: =M99+W99+AG99+AQ99+BA99 -> 0 | BG99: =N99+X99+AH99+AR99+BB99 -> 0 | BH99: =O99+Y99+AI99+AS99+BC99 -> 0 | BI99: =P99+Z99+AJ99+AT99+BD99 -> 0
B100: <Enter Position Title> | F100: =D100+E100 -> 0 | J100: =I100*0.3 -> 0 | K100: =I100+J100 -> 0 | M100: =H100-C100 -> 0 | N100: =I100-D100 -> 0 | P100: =N100+O100 -> 0 | U100: =S100+T100 -> 0 | W100: =R100-H100 -> 0 | X100: =S100-I100 -> 0 | Z100: =X100+Y100 -> 0 | AE100: =AC100+AD100 -> 0 | AG100: =AB100-R100 -> 0 | AH100: =AC100-S100 -> 0 | AJ100: =AH100+AI100 -> 0 | AO100: =AM100+AN100 -> 0 | AQ100: =AL100-AB100 -> 0 | AR100: =AM100-AC100 -> 0 | AT100: =AR100+AS100 -> 0 | AY100: =AW100+AX100 -> 0 | BA100: =AV100-AL100 -> 0 | BB100: =AW100-AM100 -> 0 | BD100: =BB100+BC100 -> 0 | BF100: =M100+W100+AG100+AQ100+BA100 -> 0 | BG100: =N100+X100+AH100+AR100+BB100 -> 0 | BH100: =O100+Y100+AI100+AS100+BC100 -> 0 | BI100: =P100+Z100+AJ100+AT100+BD100 -> 0
B101: <Enter Position Title> | F101: =D101+E101 -> 0 | J101: =I101*0.3 -> 0 | K101: =I101+J101 -> 0 | M101: =H101-C101 -> 0 | N101: =I101-D101 -> 0 | P101: =N101+O101 -> 0 | U101: =S101+T101 -> 0 | W101: =R101-H101 -> 0 | X101: =S101-I101 -> 0 | Z101: =X101+Y101 -> 0 | AE101: =AC101+AD101 -> 0 | AG101: =AB101-R101 -> 0 | AH101: =AC101-S101 -> 0 | AJ101: =AH101+AI101 -> 0 | AO101: =AM101+AN101 -> 0 | AQ101: =AL101-AB101 -> 0 | AR101: =AM101-AC101 -> 0 | AT101: =AR101+AS101 -> 0 | AY101: =AW101+AX101 -> 0 | BA101: =AV101-AL101 -> 0 | BB101: =AW101-AM101 -> 0 | BD101: =BB101+BC101 -> 0 | BF101: =M101+W101+AG101+AQ101+BA101 -> 0 | BG101: =N101+X101+AH101+AR101+BB101 -> 0 | BH101: =O101+Y101+AI101+AS101+BC101 -> 0 | BI101: =P101+Z101+AJ101+AT101+BD101 -> 0
B102: <Enter Position Title> | F102: =D102+E102 -> 0 | J102: =I102*0.3 -> 0 | K102: =I102+J102 -> 0 | M102: =H102-C102 -> 0 | N102: =I102-D102 -> 0 | P102: =N102+O102 -> 0 | U102: =S102+T102 -> 0 | W102: =R102-H102 -> 0 | X102: =S102-I102 -> 0 | Z102: =X102+Y102 -> 0 | AE102: =AC102+AD102 -> 0 | AG102: =AB102-R102 -> 0 | AH102: =AC102-S102 -> 0 | AJ102: =AH102+AI102 -> 0 | AO102: =AM102+AN102 -> 0 | AQ102: =AL102-AB102 -> 0 | AR102: =AM102-AC102 -> 0 | AT102: =AR102+AS102 -> 0 | AY102: =AW102+AX102 -> 0 | BA102: =AV102-AL102 -> 0 | BB102: =AW102-AM102 -> 0 | BD102: =BB102+BC102 -> 0 | BF102: =M102+W102+AG102+AQ102+BA102 -> 0 | BG102: =N102+X102+AH102+AR102+BB102 -> 0 | BH102: =O102+Y102+AI102+AS102+BC102 -> 0 | BI102: =P102+Z102+AJ102+AT102+BD102 -> 0
B103: <Enter Position Title> | F103: =D103+E103 -> 0 | J103: =I103*0.3 -> 0 | K103: =I103+J103 -> 0 | M103: =H103-C103 -> 0 | N103: =I103-D103 -> 0 | P103: =N103+O103 -> 0 | U103: =S103+T103 -> 0 | W103: =R103-H103 -> 0 | X103: =S103-I103 -> 0 | Z103: =X103+Y103 -> 0 | AE103: =AC103+AD103 -> 0 | AG103: =AB103-R103 -> 0 | AH103: =AC103-S103 -> 0 | AJ103: =AH103+AI103 -> 0 | AO103: =AM103+AN103 -> 0 | AQ103: =AL103-AB103 -> 0 | AR103: =AM103-AC103 -> 0 | AT103: =AR103+AS103 -> 0 | AY103: =AW103+AX103 -> 0 | BA103: =AV103-AL103 -> 0 | BB103: =AW103-AM103 -> 0 | BD103: =BB103+BC103 -> 0 | BF103: =M103+W103+AG103+AQ103+BA103 -> 0 | BG103: =N103+X103+AH103+AR103+BB103 -> 0 | BH103: =O103+Y103+AI103+AS103+BC103 -> 0 | BI103: =P103+Z103+AJ103+AT103+BD103 -> 0
B104: <Enter Position Title> | F104: =D104+E104 -> 0 | J104: =I104*0.3 -> 0 | K104: =I104+J104 -> 0 | M104: =H104-C104 -> 0 | N104: =I104-D104 -> 0 | P104: =N104+O104 -> 0 | U104: =S104+T104 -> 0 | W104: =R104-H104 -> 0 | X104: =S104-I104 -> 0 | Z104: =X104+Y104 -> 0 | AE104: =AC104+AD104 -> 0 | AG104: =AB104-R104 -> 0 | AH104: =AC104-S104 -> 0 | AJ104: =AH104+AI104 -> 0 | AO104: =AM104+AN104 -> 0 | AQ104: =AL104-AB104 -> 0 | AR104: =AM104-AC104 -> 0 | AT104: =AR104+AS104 -> 0 | AY104: =AW104+AX104 -> 0 | BA104: =AV104-AL104 -> 0 | BB104: =AW104-AM104 -> 0 | BD104: =BB104+BC104 -> 0 | BF104: =M104+W104+AG104+AQ104+BA104 -> 0 | BG104: =N104+X104+AH104+AR104+BB104 -> 0 | BH104: =O104+Y104+AI104+AS104+BC104 -> 0 | BI104: =P104+Z104+AJ104+AT104+BD104 -> 0
B105: <Enter Position Title> | F105: =D105+E105 -> 0 | J105: =I105*0.3 -> 0 | K105: =I105+J105 -> 0 | M105: =H105-C105 -> 0 | N105: =I105-D105 -> 0 | P105: =N105+O105 -> 0 | U105: =S105+T105 -> 0 | W105: =R105-H105 -> 0 | X105: =S105-I105 -> 0 | Z105: =X105+Y105 -> 0 | AE105: =AC105+AD105 -> 0 | AG105: =AB105-R105 -> 0 | AH105: =AC105-S105 -> 0 | AJ105: =AH105+AI105 -> 0 | AO105: =AM105+AN105 -> 0 | AQ105: =AL105-AB105 -> 0 | AR105: =AM105-AC105 -> 0 | AT105: =AR105+AS105 -> 0 | AY105: =AW105+AX105 -> 0 | BA105: =AV105-AL105 -> 0 | BB105: =AW105-AM105 -> 0 | BD105: =BB105+BC105 -> 0 | BF105: =M105+W105+AG105+AQ105+BA105 -> 0 | BG105: =N105+X105+AH105+AR105+BB105 -> 0 | BH105: =O105+Y105+AI105+AS105+BC105 -> 0 | BI105: =P105+Z105+AJ105+AT105+BD105 -> 0
B106: <Enter Position Title> | F106: =D106+E106 -> 0 | J106: =I106*0.3 -> 0 | K106: =I106+J106 -> 0 | M106: =H106-C106 -> 0 | N106: =I106-D106 -> 0 | P106: =N106+O106 -> 0 | U106: =S106+T106 -> 0 | W106: =R106-H106 -> 0 | X106: =S106-I106 -> 0 | Z106: =X106+Y106 -> 0 | AE106: =AC106+AD106 -> 0 | AG106: =AB106-R106 -> 0 | AH106: =AC106-S106 -> 0 | AJ106: =AH106+AI106 -> 0 | AO106: =AM106+AN106 -> 0 | AQ106: =AL106-AB106 -> 0 | AR106: =AM106-AC106 -> 0 | AT106: =AR106+AS106 -> 0 | AY106: =AW106+AX106 -> 0 | BA106: =AV106-AL106 -> 0 | BB106: =AW106-AM106 -> 0 | BD106: =BB106+BC106 -> 0 | BF106: =M106+W106+AG106+AQ106+BA106 -> 0 | BG106: =N106+X106+AH106+AR106+BB106 -> 0 | BH106: =O106+Y106+AI106+AS106+BC106 -> 0 | BI106: =P106+Z106+AJ106+AT106+BD106 -> 0
B107: <Enter Position Title> | F107: =D107+E107 -> 0 | J107: =I107*0.3 -> 0 | K107: =I107+J107 -> 0 | M107: =H107-C107 -> 0 | N107: =I107-D107 -> 0 | P107: =N107+O107 -> 0 | U107: =S107+T107 -> 0 | W107: =R107-H107 -> 0 | X107: =S107-I107 -> 0 | Z107: =X107+Y107 -> 0 | AE107: =AC107+AD107 -> 0 | AG107: =AB107-R107 -> 0 | AH107: =AC107-S107 -> 0 | AJ107: =AH107+AI107 -> 0 | AO107: =AM107+AN107 -> 0 | AQ107: =AL107-AB107 -> 0 | AR107: =AM107-AC107 -> 0 | AT107: =AR107+AS107 -> 0 | AY107: =AW107+AX107 -> 0 | BA107: =AV107-AL107 -> 0 | BB107: =AW107-AM107 -> 0 | BD107: =BB107+BC107 -> 0 | BF107: =M107+W107+AG107+AQ107+BA107 -> 0 | BG107: =N107+X107+AH107+AR107+BB107 -> 0 | BH107: =O107+Y107+AI107+AS107+BC107 -> 0 | BI107: =P107+Z107+AJ107+AT107+BD107 -> 0
B108: <Enter Position Title> | F108: =D108+E108 -> 0 | J108: =I108*0.3 -> 0 | K108: =I108+J108 -> 0 | M108: =H108-C108 -> 0 | N108: =I108-D108 -> 0 | P108: =N108+O108 -> 0 | U108: =S108+T108 -> 0 | W108: =R108-H108 -> 0 | X108: =S108-I108 -> 0 | Z108: =X108+Y108 -> 0 | AE108: =AC108+AD108 -> 0 | AG108: =AB108-R108 -> 0 | AH108: =AC108-S108 -> 0 | AJ108: =AH108+AI108 -> 0 | AO108: =AM108+AN108 -> 0 | AQ108: =AL108-AB108 -> 0 | AR108: =AM108-AC108 -> 0 | AT108: =AR108+AS108 -> 0 | AY108: =AW108+AX108 -> 0 | BA108: =AV108-AL108 -> 0 | BB108: =AW108-AM108 -> 0 | BD108: =BB108+BC108 -> 0 | BF108: =M108+W108+AG108+AQ108+BA108 -> 0 | BG108: =N108+X108+AH108+AR108+BB108 -> 0 | BH108: =O108+Y108+AI108+AS108+BC108 -> 0 | BI108: =P108+Z108+AJ108+AT108+BD108 -> 0
B109: <Enter Position Title> | F109: =D109+E109 -> 0 | J109: =I109*0.3 -> 0 | K109: =I109+J109 -> 0 | M109: =H109-C109 -> 0 | N109: =I109-D109 -> 0 | P109: =N109+O109 -> 0 | U109: =S109+T109 -> 0 | W109: =R109-H109 -> 0 | X109: =S109-I109 -> 0 | Z109: =X109+Y109 -> 0 | AE109: =AC109+AD109 -> 0 | AG109: =AB109-R109 -> 0 | AH109: =AC109-S109 -> 0 | AJ109: =AH109+AI109 -> 0 | AO109: =AM109+AN109 -> 0 | AQ109: =AL109-AB109 -> 0 | AR109: =AM109-AC109 -> 0 | AT109: =AR109+AS109 -> 0 | AY109: =AW109+AX109 -> 0 | BA109: =AV109-AL109 -> 0 | BB109: =AW109-AM109 -> 0 | BD109: =BB109+BC109 -> 0 | BF109: =M109+W109+AG109+AQ109+BA109 -> 0 | BG109: =N109+X109+AH109+AR109+BB109 -> 0 | BH109: =O109+Y109+AI109+AS109+BC109 -> 0 | BI109: =P109+Z109+AJ109+AT109+BD109 -> 0
B110: <Enter Position Title> | F110: =D110+E110 -> 0 | J110: =I110*0.3 -> 0 | K110: =I110+J110 -> 0 | M110: =H110-C110 -> 0 | N110: =I110-D110 -> 0 | P110: =N110+O110 -> 0 | U110: =S110+T110 -> 0 | W110: =R110-H110 -> 0 | X110: =S110-I110 -> 0 | Z110: =X110+Y110 -> 0 | AE110: =AC110+AD110 -> 0 | AG110: =AB110-R110 -> 0 | AH110: =AC110-S110 -> 0 | AJ110: =AH110+AI110 -> 0 | AO110: =AM110+AN110 -> 0 | AQ110: =AL110-AB110 -> 0 | AR110: =AM110-AC110 -> 0 | AT110: =AR110+AS110 -> 0 | AY110: =AW110+AX110 -> 0 | BA110: =AV110-AL110 -> 0 | BB110: =AW110-AM110 -> 0 | BD110: =BB110+BC110 -> 0 | BF110: =M110+W110+AG110+AQ110+BA110 -> 0 | BG110: =N110+X110+AH110+AR110+BB110 -> 0 | BH110: =O110+Y110+AI110+AS110+BC110 -> 0 | BI110: =P110+Z110+AJ110+AT110+BD110 -> 0
... B113: <Enter Position Title> | F113: =D113+E113 -> 0 | J113: =I113*0.3 -> 0 | K113: =I113+J113 -> 0 | M113: =H113-C113 -> 0 | N113: =I113-D113 -> 0 | P113: =N113+O113 -> 0 | U113: =S113+T113 -> 0 | W113: =R113-H113 -> 0 | X113: =S113-I113 -> 0 | Z113: =X113+Y113 -> 0 | AE113: =AC113+AD113 -> 0 | AG113: =AB113-R113 -> 0 | AH113: =AC113-S113 -> 0 | AJ113: =AH113+AI113 -> 0 | AO113: =AM113+AN113 -> 0 | AQ113: =AL113-AB113 -> 0 | AR113: =AM113-AC113 -> 0 | AT113: =AR113+AS113 -> 0 | AY113: =AW113+AX113 -> 0 | BA113: =AV113-AL113 -> 0 | BB113: =AW113-AM113 -> 0 | BD113: =BB113+BC113 -> 0 | BF113: =M113+W113+AG113+AQ113+BA113 -> 0 | BG113: =N113+X113+AH113+AR113+BB113 -> 0 | BH113: =O113+Y113+AI113+AS113+BC113 -> 0 | BI113: =P113+Z113+AJ113+AT113+BD113 -> 0
B114: Total Graduate Student Stipends | C114: =SUM(C99:C113) -> 0 | D114: =SUM(D99:D113) -> 0 | E114: =SUM(E99:E113) -> 0 | F114: =SUM(F99:F113) -> 0 | H114: =SUM(H99:H113) -> 0 | I114: =SUM(I99:I113) -> 0 | J114: =SUM(J99:J113) -> 0 | K114: =SUM(K99:K113) -> 0 | M114: =SUM(M99:M113) -> 0 | N114: =SUM(N99:N113) -> 0 | O114: =SUM(O99:O113) -> 0 | P114: =SUM(P99:P113) -> 0 | R114: =SUM(R99:R113) -> 0 | S114: =SUM(S99:S113) -> 0 | T114: =SUM(T99:T113) -> 0 | U114: =SUM(U99:U113) -> 0 | W114: =SUM(W99:W113) -> 0 | X114: =SUM(X99:X113) -> 0 | Y114: =SUM(Y99:Y113) -> 0 | Z114: =SUM(Z99:Z113) -> 0 | AB114: =SUM(AB99:AB113) -> 0 | AC114: =SUM(AC99:AC113) -> 0 | AD114: =SUM(AD99:AD113) -> 0 | AE114: =SUM(AE99:AE113) -> 0 | AG114: =SUM(AG99:AG113) -> 0 | AH114: =SUM(AH99:AH113) -> 0 | AI114: =SUM(AI99:AI113) -> 0 | AJ114: =SUM(AJ99:AJ113) -> 0 | AL114: =SUM(AL99:AL113) -> 0 | AM114: =SUM(AM99:AM113) -> 0 | AN114: =SUM(AN99:AN113) -> 0 | AO114: =SUM(AO99:AO113) -> 0 | AQ114: =SUM(AQ99:AQ113) -> 0 | AR114: =SUM(AR99:AR113) -> 0 | AS114: =SUM(AS99:AS113) -> 0 | AT114: =SUM(AT99:AT113) -> 0 | AV114: =SUM(AV99:AV113) -> 0 | AW114: =SUM(AW99:AW113) -> 0 | AX114: =SUM(AX99:AX113) -> 0 | AY114: =SUM(AY99:AY113) -> 0 | BA114: =SUM(BA99:BA113) -> 0 | BB114: =SUM(BB99:BB113) -> 0 | BC114: =SUM(BC99:BC113) -> 0 | BD114: =SUM(BD99:BD113) -> 0 | BF114: =SUM(BF99:BF113) -> 0 | BG114: =SUM(BG99:BG113) -> 0 | BH114: =SUM(BH99:BH113) -> 0 | BI114: =SUM(BI99:BI113) -> 0
...

Sheet Non-Salary Detail
B1: LOYOLA UNIVERSITY CHICAGO
B2: ACADEMIC AFFAIRS - PROGRAM DEVELOPMENT
B3: <Enter Program Name>
B4: Five Year Pro Forma Budget Development Revenue Detail - Template
B5: Please enter values in orange fields
C6: Current Fiscal Year | E6: FY1 | H6: FY2 | K6: FY3 | N6: FY4 | Q6: FY5
C7: Enter current budget amount that can be allocated toward this program. If none, start under FY1 column E. | E7: FY 1 | F7: FY 1 vs. Base Year Increase (Decrease) | H7: FY 2 | I7: FY 2 vs. FY 1 Increase (Decrease) | K7: FY 3 | L7: FY 3 vs. FY 2 Increase (Decrease) | N7: FY 4 | O7: FY 4 vs. FY 3 Increase (Decrease) | Q7: FY 5 | R7: FY 5 vs. FY 4 Increase (Decrease) | T7: Total Five Year Increase (Decrease)
C8: Non-Salary Expenses | E8: Non-Salary Expenses | F8: Incremental - Non-Salary Expenses | H8: Non-Salary Expenses | I8: Incremental - Non-Salary Expenses | K8: Non-Salary Expenses | L8: Incremental - Non-Salary Expenses | N8: Non-Salary Expenses | O8: Incremental - Non-Salary Expenses | Q8: Non-Salary Expenses | R8: Incremental - Non-Salary Expenses | T8: Incremental - Non-Salary Expenses
C9: enter amount in $USD | E9: enter amount in $USD | H9: enter amount in $USD | K9: enter amount in $USD | N9: enter amount in $USD | Q9: enter amount in $USD
B10: Non-Salary Expenses
B11: Professional & Consulting | F11: =E11-C11 -> 0 | I11: =H11-E11 -> 0 | L11: =K11-H11 -> 0 | O11: =N11-K11 -> 0 | R11: =Q11-N11 -> 0 | T11: =R11+O11+L11+I11+F11 -> 0
B12: Entertainment | F12: =E12-C12 -> 0 | I12: =H12-E12 -> 0 | L12: =K12-H12 -> 0 | O12: =N12-K12 -> 0 | R12: =Q12-N12 -> 0 | T12: =R12+O12+L12+I12+F12 -> 0
B13: Food Service/Catering | F13: =E13-C13 -> 0 | I13: =H13-E13 -> 0 | L13: =K13-H13 -> 0 | O13: =N13-K13 -> 0 | R13: =Q13-N13 -> 0 | T13: =R13+O13+L13+I13+F13 -> 0
B14: Marketing | F14: =E14-C14 -> 0 | I14: =H14-E14 -> 0 | L14: =K14-H14 -> 0 | O14: =N14-K14 -> 0 | R14: =Q14-N14 -> 0 | T14: =R14+O14+L14+I14+F14 -> 0
B15: Postage and Shipping | F15: =E15-C15 -> 0 | I15: =H15-E15 -> 0 | L15: =K15-H15 -> 0 | O15: =N15-K15 -> 0 | R15: =Q15-N15 -> 0 | T15: =R15+O15+L15+I15+F15 -> 0
B16: Printing | F16: =E16-C16 -> 0 | I16: =H16-E16 -> 0 | L16: =K16-H16 -> 0 | O16: =N16-K16 -> 0 | R16: =Q16-N16 -> 0 | T16: =R16+O16+L16+I16+F16 -> 0
B17: Recruiting Expenses | F17: =E17-C17 -> 0 | I17: =H17-E17 -> 0 | L17: =K17-H17 -> 0 | O17: =N17-K17 -> 0 | R17: =Q17-N17 -> 0 | T17: =R17+O17+L17+I17+F17 -> 0
B18: Supplies - Instr Program | F18: =E18-C18 -> 0 | I18: =H18-E18 -> 0 | L18: =K18-H18 -> 0 | O18: =N18-K18 -> 0 | R18: =Q18-N18 -> 0 | T18: =R18+O18+L18+I18+F18 -> 0
B19: Travel | F19: =E19-C19 -> 0 | I19: =H19-E19 -> 0 | L19: =K19-H19 -> 0 | O19: =N19-K19 -> 0 | R19: =Q19-N19 -> 0 | T19: =R19+O19+L19+I19+F19 -> 0
B20: Professional Development | F20: =E20-C20 -> 0 | I20: =H20-E20 -> 0 | L20: =K20-H20 -> 0 | O20: =N20-K20 -> 0 | R20: =Q20-N20 -> 0 | T20: =R20+O20+L20+I20+F20 -> 0
B21: Equipment | F21: =E21-C21 -> 0 | I21: =H21-E21 -> 0 | L21: =K21-H21 -> 0 | O21: =N21-K21 -> 0 | R21: =Q21-N21 -> 0 | T21: =R21+O21+L21+I21+F21 -> 0
B22: Other | F22: =E22-C22 -> 0 | I22: =H22-E22 -> 0 | L22: =K22-H22 -> 0 | O22: =N22-K22 -> 0 | R22: =Q22-N22 -> 0 | T22: =R22+O22+L22+I22+F22 -> 0
B23: Total Non-Salary Expenses | C23: =SUM(C11:C22) -> 0 | E23: =SUM(E11:E22) -> 0 | F23: =SUM(F11:F22) -> 0 | H23: =SUM(H11:H22) -> 0 | I23: =SUM(I11:I22) -> 0 | K23: =SUM(K11:K22) -> 0 | L23: =SUM(L11:L22) -> 0 | N23: =SUM(N11:N22) -> 0 | O23: =SUM(O11:O22) -> 0 | Q23: =SUM(Q11:Q22) -> 0 | R23: =SUM(R11:R22) -> 0 | T23: =SUM(T11:T22) -> 0

Sheet Capital Requests 
B1: LOYOLA UNIVERSITY CHICAGO
B2: ACADEMIC AFFAIRS - PROGRAM DEVELOPMENT
B3: <Enter Program Name>
B4: Five Year Pro Forma Budget Development Revenue Detail - Template
